Workbook

Sheet Systematic review
A1: Supplementary Information (SI2) to the paper: Soil organic carbon models need independent time-series validation for reliable prediction
A2: By: Le Noë, J., Manzoni, S., Abramoff, R.Z., Bölscher, T., Bruni, E., Cardinael, R., Ciais, P., Chenu, C., Clivot, H., Derrien, D., Ferchaud, F., Garnier, P., Goll, D., Lashermes, G., Martin, M.P., Rasse, D., Rees, F., Sainte-Marie, J., Salmon, E., Schiedung, M., Schimel, J., Wieder, W.R., Abiven, S., Barré, P., Cécillon, L., Guenet, B.
F3: SOIL 1 | G3: LUMPED 1 | H3: MICRO 1 | I3: HOUR 1 | J3: ZERO 1 | K3: 0
F4: ECOS 2 | G4: VERT DISCR 2 | H4: CORE 2 | I4: DAY 2 | J4: LIN 2 | K4: RM 1
F5: CULT 6 | H5: FIELD 3 | I5: MONTH 3 | J5: NL3 | K5: PHYS 2
F6: GLOB 7 | H6: LAND 4 | I6: YEAR 4
H7: REG 5 | I7: DECAD 5
H8: 0
C11: Model | F11: Model Features | M11: Scope of the model | AC11: Evaluation against obsevation data (Yes/No) | AE11: If yes then what type of evaluation
F12: LEVEL | G12: SPACE | H12: spatial scale of interest | I12: temporal scale of interpr. | J12: Microbial Dynamics - Organic | K12: Is the model affected by environmental modifiers ? | AU12: Descriptive | AV12: Descriptive
B13: New model | C13: Model | D13: Year | E13: Reference | L13: Notes | M13: Hypothesis-testing (Understanding) | N13: Diagnostic models used to get information from a dataset, e.g., estimate microbial traits from time series data or model used to understand empirical observation | O13: Prediction/ prognostic | P13: Only hypthesis testing | Q13: Only data-set diagnosis | R13: Only prediction | S13: Prediction and hypothesis testing | T13: Prediction and diagnosis | U13: Hypothesis testing and diagnosis | V13: All aims | W13: Multi-objective including prediction | X13: Multi-objective excluding prediction | Y13: Prediction | Z13: Not prediction | AB13: Other, specify ?/ comments on the scope | AC13: Yes | AD13: No | AE13: Space for time evaluation of SOC stocks | AF13: Space for time evaluation of SOC fluxes | AG13: Diachronic evaluation of SOC stocks | AH13: Diachronic evaluation of several SOC compartments | AI13: Diachronic evaluation of SOC fluxes | AJ13: One point in time evaluation of SOC stocks | AK13: One point in time evaluation of C fluxes | AL13: One point in time evaluation of several SOC compartments | AM13: Independant validation (sites used for validation are different from the sites used for calibration) | AN13: NO Independant validation(sites used for validation are the same or partly the same as the sites used for calibration) | AO13: Accounting model describing C fluxes/stocks in Soil (fitting data/ calibration) | AP13: Partially independant: Split-sample (the sample (=time series) is split into two parts, one for calibration and one for validation) | AQ13: Evaluation in laboratory experiment | AR13: Evaluation in field experiement/ observation | AS13: Evaluation at the territorial/national level (based on network measurement) | AT13: Evaluation against reconstructed dataset | AU13: Specify pedoclimatic conditions of models evaluation (e.g., boreal Canada; Mediterranean France; temperate China) | AV13: Specify land-use type use for model evaluation (e.g., cropland) | AW13: Other (specify) | AX13: Comments on type of evaluation
B14: 1 | D14: 1933 | E14: Salter and Green | F14: 1 | G14: 1 | H14: 3 | I14: 4 | J14: 2 | K14: 1 | L14: Organic C and N loss under different agricultural practices | M14: 0 | N14: 1 | O14: 1 | P14: =IF(AND(M14=1,N14=0,O14=0),1,0) -> 0 | Q14: =IF(AND(N14=1,M14=0,O14=0),1,0) -> 0 | R14: =IF(AND(O14=1,N14=0,M14=0),1,0) -> 0 | S14: =IF(AND(O14=1,N14=0,M14=1),1,0) -> 0 | T14: =IF(AND(O14=1,N14=1,M14=0),1,0) -> 1 | U14: =IF(AND(M14=1,N14=1,O14=0),1,0) -> 0 | V14: =IF(AND(M14=1,N14=1,O14=1),1,0) -> 0 | W14: =IF(OR(AND(O14=1,M14=1,N14=0),AND(M14=0,O14=1,N14=1)),1,0) -> 1 | X14: =IF(AND(O14=0,N14=1,M14=1),1,0) -> 0 | Y14: =IF(OR(V14=1,T14=1,S14=1,R14=1),1,0) -> 1 | Z14: =IF(OR(Q14=1,P14=1,U14=1),1,0) -> 0 | AA14: =Y14+Z14 -> 1 | AC14: 1 | AD14: 0 | AE14: 0 | AF14: 0 | AG14: 1 | AH14: 0 | AI14: 0 | AJ14: 0 | AK14: 0 | AL14: 0 | AM14: 0 | AN14: 1 | AO14: 1 | AP14: 0 | AQ14: 0 | AR14: 1 | AS14: 0 | AT14: 0 | AU14: temperate climate (Ohio, USA) | AV14: cropland | AX14: calibration on organic C data, visual (qualitative) validation with organic N data
B15: 1 | D15: 1936 | E15: Nikiforoff | F15: 1 | G15: 1 | H15: 3 | I15: 4 | J15: 2 | K15: 0 | L15: Humus accumulation; first to discuss the role of climate on the decomposition rate | M15: 0 | N15: 1 | O15: 0 | P15: =IF(AND(M15=1,N15=0,O15=0),1,0) -> 0 | Q15: =IF(AND(N15=1,M15=0,O15=0),1,0) -> 1 | R15: =IF(AND(O15=1,N15=0,M15=0),1,0) -> 0 | S15: =IF(AND(O15=1,N15=0,M15=1),1,0) -> 0 | T15: =IF(AND(O15=1,N15=1,M15=0),1,0) -> 0 | U15: =IF(AND(M15=1,N15=1,O15=0),1,0) -> 0 | V15: =IF(AND(M15=1,N15=1,O15=1),1,0) -> 0 | W15: =IF(OR(AND(O15=1,M15=1,N15=0),AND(M15=0,O15=1,N15=1)),1,0) -> 0 | X15: =IF(AND(O15=0,N15=1,M15=1),1,0) -> 0 | Y15: =IF(OR(V15=1,T15=1,S15=1,R15=1),1,0) -> 0 | Z15: =IF(OR(Q15=1,P15=1,U15=1),1,0) -> 1 | AA15: =Y15+Z15 -> 1 | AC15: 0 | AD15: 1 | AE15: 0 | AF15: 0 | AG15: 0 | AH15: 0 | AI15: 0 | AJ15: 0 | AK15: 0 | AL15: 0 | AM15: 0 | AN15: 0 | AO15: 0 | AP15: 0 | AQ15: 0 | AR15: 0 | AS15: 0 | AT15: 0 | AU15: temperate climate (Russia) | AV15: cropland
A16: 1930's | B16: =SUM(B14:B15) -> 2 | P16: =SUM(P14:P15) -> 0 | Q16: =SUM(Q14:Q15) -> 1 | R16: =SUM(R14:R15) -> 0 | V16: =IF(AND(M16=1,N16=1,O16=1),1,0) -> 0 | AA16: =Y16+Z16 -> 0
B17: 1 | D17: 1945 | E17: Henin and Dupuis | F17: 1 | G17: 1 | H17: 3 | I17: 3 | J17: 2 | K17: 0 | M17: 1 | N17: 0 | O17: 1 | P17: =IF(AND(M17=1,N17=0,O17=0),1,0) -> 0 | Q17: =IF(AND(N17=1,M17=0,O17=0),1,0) -> 0 | R17: =IF(AND(O17=1,N17=0,M17=0),1,0) -> 0 | S17: =IF(AND(O17=1,N17=0,M17=1),1,0) -> 1 | T17: =IF(AND(O17=1,N17=1,M17=0),1,0) -> 0 | U17: =IF(AND(M17=1,N17=1,O17=0),1,0) -> 0 | V17: =IF(AND(M17=1,N17=1,O17=1),1,0) -> 0 | W17: =IF(OR(AND(O17=1,M17=1,N17=0),AND(M17=0,O17=1,N17=1)),1,0) -> 1 | X17: =IF(AND(O17=0,N17=1,M17=1),1,0) -> 0 | Y17: =IF(OR(V17=1,T17=1,S17=1,R17=1),1,0) -> 1 | Z17: =IF(OR(Q17=1,P17=1,U17=1),1,0) -> 0 | AA17: =Y17+Z17 -> 1 | AC17: 1 | AD17: 0 | AE17: 0 | AF17: 0 | AG17: 0 | AH17: 0 | AI17: 0 | AJ17: 1 | AK17: 1 | AL17: 0 | AM17: 1 | AN17: 0 | AO17: 0 | AP17: 0 | AQ17: 0 | AR17: 1 | AS17: 0 | AT17: 0 | AU17: Northern France | AV17: cropland | AX17: The evaluation consist in checking that the order of magnitudee of C content/ fluxes estimated by the model are approximatiely consistent with data/ observations reported in the litterature. One of the conclusion of the paper is that long-term field experiment are needed to better assess SOM dynamic
A18: 1940's | B18: =SUM(B17:B17) -> 1 | P18: =SUM(P17) -> 0 | Q18: =SUM(Q17) -> 0 | R18: =SUM(R17) -> 0 | V18: =IF(AND(M18=1,N18=1,O18=1),1,0) -> 0 | AA18: =Y18+Z18 -> 0
B19: 1 | D19: 1956 | E19: Eriksson and Welander | F19: 7 | G19: 1 | H19: 5 | I19: 5 | J19: 3 | K19: 0 | M19: 1 | N19: 0 | O19: 0 | P19: =IF(AND(M19=1,N19=0,O19=0),1,0) -> 1 | Q19: =IF(AND(N19=1,M19=0,O19=0),1,0) -> 0 | R19: =IF(AND(O19=1,N19=0,M19=0),1,0) -> 0 | S19: =IF(AND(O19=1,N19=0,M19=1),1,0) -> 0 | T19: =IF(AND(O19=1,N19=1,M19=0),1,0) -> 0 | U19: =IF(AND(M19=1,N19=1,O19=0),1,0) -> 0 | V19: =IF(AND(M19=1,N19=1,O19=1),1,0) -> 0 | W19: =IF(OR(AND(O19=1,M19=1,N19=0),AND(M19=0,O19=1,N19=1)),1,0) -> 0 | X19: =IF(AND(O19=0,N19=1,M19=1),1,0) -> 0 | Y19: =IF(OR(V19=1,T19=1,S19=1,R19=1),1,0) -> 0 | Z19: =IF(OR(Q19=1,P19=1,U19=1),1,0) -> 1 | AA19: =Y19+Z19 -> 1 | AC19: 0 | AD19: 1 | AE19: 0 | AF19: 0 | AG19: 0 | AH19: 0 | AI19: 0 | AJ19: 0 | AK19: 0 | AL19: 0 | AM19: 0 | AN19: 0 | AO19: 0 | AP19: 0 | AQ19: 0 | AR19: 0 | AS19: 0 | AT19: 0 | AU19: spatially lumped model for global C stocks | AV19: global terrestrial biomes
B20: 1 | D20: 1957 | E20: Craig | F20: 7 | G20: 1 | H20: 5 | I20: 5 | J20: 2 | K20: 0 | L20: Global scale isotopic C model | M20: 0 | N20: 1 | O20: 0 | P20: =IF(AND(M20=1,N20=0,O20=0),1,0) -> 0 | Q20: =IF(AND(N20=1,M20=0,O20=0),1,0) -> 1 | R20: =IF(AND(O20=1,N20=0,M20=0),1,0) -> 0 | S20: =IF(AND(O20=1,N20=0,M20=1),1,0) -> 0 | T20: =IF(AND(O20=1,N20=1,M20=0),1,0) -> 0 | U20: =IF(AND(M20=1,N20=1,O20=0),1,0) -> 0 | V20: =IF(AND(M20=1,N20=1,O20=1),1,0) -> 0 | W20: =IF(OR(AND(O20=1,M20=1,N20=0),AND(M20=0,O20=1,N20=1)),1,0) -> 0 | X20: =IF(AND(O20=0,N20=1,M20=1),1,0) -> 0 | Y20: =IF(OR(V20=1,T20=1,S20=1,R20=1),1,0) -> 0 | Z20: =IF(OR(Q20=1,P20=1,U20=1),1,0) -> 1 | AA20: =Y20+Z20 -> 1 | AC20: 0 | AD20: 1 | AE20: 0 | AF20: 0 | AG20: 0 | AH20: 0 | AI20: 0 | AJ20: 0 | AK20: 0 | AL20: 0 | AM20: 0 | AN20: 0 | AO20: 0 | AP20: 0 | AQ20: 0 | AR20: 0 | AS20: 0 | AT20: 0 | AU20: spatially lumped model for global C stocks | AV20: global terrestrial biomes
A21: 1950's | B21: =SUM(B19:B20) -> 2 | P21: =SUM(P19:P20) -> 1 | Q21: =SUM(Q19:Q20) -> 1 | R21: =SUM(R19:R20) -> 0 | V21: =IF(AND(M21=1,N21=1,O21=1),1,0) -> 0 | AA21: =Y21+Z21 -> 0
B22: 1 | D22: 1964 | E22: Russell | F22: 1 | G22: 1 | H22: 3 | I22: 3 | J22: 2 | K22: 1 | L22: Time-changing input and decomposition rates | M22: 1 | N22: 0 | O22: 0 | P22: =IF(AND(M22=1,N22=0,O22=0),1,0) -> 1 | Q22: =IF(AND(N22=1,M22=0,O22=0),1,0) -> 0 | R22: =IF(AND(O22=1,N22=0,M22=0),1,0) -> 0 | S22: =IF(AND(O22=1,N22=0,M22=1),1,0) -> 0 | T22: =IF(AND(O22=1,N22=1,M22=0),1,0) -> 0 | U22: =IF(AND(M22=1,N22=1,O22=0),1,0) -> 0 | V22: =IF(AND(M22=1,N22=1,O22=1),1,0) -> 0 | W22: =IF(OR(AND(O22=1,M22=1,N22=0),AND(M22=0,O22=1,N22=1)),1,0) -> 0 | X22: =IF(AND(O22=0,N22=1,M22=1),1,0) -> 0 | Y22: =IF(OR(V22=1,T22=1,S22=1,R22=1),1,0) -> 0 | Z22: =IF(OR(Q22=1,P22=1,U22=1),1,0) -> 1 | AA22: =Y22+Z22 -> 1 | AC22: 0 | AD22: 1 | AE22: 0 | AF22: 0 | AG22: 0 | AH22: 0 | AI22: 0 | AJ22: 0 | AK22: 0 | AL22: 0 | AM22: 0 | AN22: 0 | AO22: 0 | AP22: 0 | AQ22: 0 | AR22: 0 | AS22: 0 | AT22: 0 | AU22: generic | AV22: generic | AX22: theoretical work without evaluation
A23: 1960's | B23: =SUM(B22:B22) -> 1 | P23: =SUM(P22) -> 1 | Q23: =SUM(Q22) -> 0 | R23: =SUM(R22) -> 0 | V23: =IF(AND(M23=1,N23=1,O23=1),1,0) -> 0 | AA23: =Y23+Z23 -> 0
B24: 1 | C24: PWNEE | D24: 1972 | E24: Patten | F24: 2 | G24: 1 | H24: 3 | I24: 3 | J24: 2 | K24: 1 | L24: Complex food web model included | M24: 1 | N24: 0 | O24: 0 | P24: =IF(AND(M24=1,N24=0,O24=0),1,0) -> 1 | Q24: =IF(AND(N24=1,M24=0,O24=0),1,0) -> 0 | R24: =IF(AND(O24=1,N24=0,M24=0),1,0) -> 0 | S24: =IF(AND(O24=1,N24=0,M24=1),1,0) -> 0 | T24: =IF(AND(O24=1,N24=1,M24=0),1,0) -> 0 | U24: =IF(AND(M24=1,N24=1,O24=0),1,0) -> 0 | V24: =IF(AND(M24=1,N24=1,O24=1),1,0) -> 0 | W24: =IF(OR(AND(O24=1,M24=1,N24=0),AND(M24=0,O24=1,N24=1)),1,0) -> 0 | X24: =IF(AND(O24=0,N24=1,M24=1),1,0) -> 0 | Y24: =IF(OR(V24=1,T24=1,S24=1,R24=1),1,0) -> 0 | Z24: =IF(OR(Q24=1,P24=1,U24=1),1,0) -> 1 | AA24: =Y24+Z24 -> 1 | AC24: 0 | AD24: 1 | AE24: 0 | AF24: 0 | AG24: 0 | AH24: 0 | AI24: 0 | AJ24: 0 | AK24: 0 | AL24: 0 | AM24: 0 | AN24: 0 | AO24: 0 | AP24: 0 | AQ24: 0 | AR24: 0 | AS24: 0 | AT24: 0 | AU24: temperate climate | AV24: grassland | AX24: calibration of some parameters using available data for producers and consumers; tuning of remaining parameters by trial and error
B25: 1 | C25: ABISKO | D25: 1974 | E25: Bunnell and Dowling | F25: 2 | G25: 1 | H25: 3 | I25: 2 | J25: 2 | K25: 1 | L25: C-only | M25: 1 | N25: 0 | O25: 0 | P25: =IF(AND(M25=1,N25=0,O25=0),1,0) -> 1 | Q25: =IF(AND(N25=1,M25=0,O25=0),1,0) -> 0 | R25: =IF(AND(O25=1,N25=0,M25=0),1,0) -> 0 | S25: =IF(AND(O25=1,N25=0,M25=1),1,0) -> 0 | T25: =IF(AND(O25=1,N25=1,M25=0),1,0) -> 0 | U25: =IF(AND(M25=1,N25=1,O25=0),1,0) -> 0 | V25: =IF(AND(M25=1,N25=1,O25=1),1,0) -> 0 | W25: =IF(OR(AND(O25=1,M25=1,N25=0),AND(M25=0,O25=1,N25=1)),1,0) -> 0 | X25: =IF(AND(O25=0,N25=1,M25=1),1,0) -> 0 | Y25: =IF(OR(V25=1,T25=1,S25=1,R25=1),1,0) -> 0 | Z25: =IF(OR(Q25=1,P25=1,U25=1),1,0) -> 1 | AA25: =Y25+Z25 -> 1 | AC25: 0 | AD25: 1 | AE25: 0 | AF25: 0 | AG25: 0 | AH25: 0 | AI25: 0 | AJ25: 0 | AK25: 0 | AL25: 0 | AM25: 0 | AN25: 0 | AO25: 0 | AP25: 0 | AQ25: 0 | AR25: 0 | AS25: 0 | AT25: 0 | AU25: arctic | AV25: tundra | AX25: only model presentation; no simulations
B26: 1 | C26: ABISKO II | D26: 1975 | E26: Bunnell and Scoullar | F26: 2 | G26: 1 | H26: 3 | I26: 2 | J26: 2 | K26: 1 | L26: C-only; age classes of litter are considered | M26: 1 | N26: 0 | O26: 1 | P26: =IF(AND(M26=1,N26=0,O26=0),1,0) -> 0 | Q26: =IF(AND(N26=1,M26=0,O26=0),1,0) -> 0 | R26: =IF(AND(O26=1,N26=0,M26=0),1,0) -> 0 | S26: =IF(AND(O26=1,N26=0,M26=1),1,0) -> 1 | T26: =IF(AND(O26=1,N26=1,M26=0),1,0) -> 0 | U26: =IF(AND(M26=1,N26=1,O26=0),1,0) -> 0 | V26: =IF(AND(M26=1,N26=1,O26=1),1,0) -> 0 | W26: =IF(OR(AND(O26=1,M26=1,N26=0),AND(M26=0,O26=1,N26=1)),1,0) -> 1 | X26: =IF(AND(O26=0,N26=1,M26=1),1,0) -> 0 | Y26: =IF(OR(V26=1,T26=1,S26=1,R26=1),1,0) -> 1 | Z26: =IF(OR(Q26=1,P26=1,U26=1),1,0) -> 0 | AA26: =Y26+Z26 -> 1 | AC26: 1 | AD26: 0 | AE26: 0 | AF26: 0 | AG26: 0 | AH26: 0 | AI26: 1 | AJ26: 0 | AK26: 0 | AL26: 0 | AM26: 0 | AN26: 1 | AO26: 0 | AP26: 0 | AQ26: 0 | AR26: 1 | AS26: 0 | AT26: 0 | AU26: arctic | AV26: tundra | AX26: parameters estimated partly to allow reasonable fitting of respiration time series
B27: 1 | D27: 1975 | E27: Harte and Levy | F27: 7 | G27: 1 | H27: 5 | I27: 5 | J27: 3 | K27: 0 | L27: C model only | M27: 1 | N27: 0 | O27: 0 | P27: =IF(AND(M27=1,N27=0,O27=0),1,0) -> 1 | Q27: =IF(AND(N27=1,M27=0,O27=0),1,0) -> 0 | R27: =IF(AND(O27=1,N27=0,M27=0),1,0) -> 0 | S27: =IF(AND(O27=1,N27=0,M27=1),1,0) -> 0 | T27: =IF(AND(O27=1,N27=1,M27=0),1,0) -> 0 | U27: =IF(AND(M27=1,N27=1,O27=0),1,0) -> 0 | V27: =IF(AND(M27=1,N27=1,O27=1),1,0) -> 0 | W27: =IF(OR(AND(O27=1,M27=1,N27=0),AND(M27=0,O27=1,N27=1)),1,0) -> 0 | X27: =IF(AND(O27=0,N27=1,M27=1),1,0) -> 0 | Y27: =IF(OR(V27=1,T27=1,S27=1,R27=1),1,0) -> 0 | Z27: =IF(OR(Q27=1,P27=1,U27=1),1,0) -> 1 | AA27: =Y27+Z27 -> 1 | AC27: 0 | AD27: 1 | AE27: 0 | AF27: 0 | AG27: 0 | AH27: 0 | AI27: 0 | AJ27: 0 | AK27: 0 | AL27: 0 | AM27: 0 | AN27: 0 | AO27: 0 | AP27: 0 | AQ27: 0 | AR27: 0 | AS27: 0 | AT27: 0 | AU27: generic | AV27: generic | AX27: theoretical work without evaluation
B28: 1 | D28: 1975 | E28: Parnas | F28: 1 | G28: 1 | H28: 2 | I28: 2 | J28: 3 | K28: 0 | L28: Mineral N control of DEC (Eq. (9)); constant microbial biomass | M28: 1 | N28: 0 | O28: 0 | P28: =IF(AND(M28=1,N28=0,O28=0),1,0) -> 1 | Q28: =IF(AND(N28=1,M28=0,O28=0),1,0) -> 0 | R28: =IF(AND(O28=1,N28=0,M28=0),1,0) -> 0 | S28: =IF(AND(O28=1,N28=0,M28=1),1,0) -> 0 | T28: =IF(AND(O28=1,N28=1,M28=0),1,0) -> 0 | U28: =IF(AND(M28=1,N28=1,O28=0),1,0) -> 0 | V28: =IF(AND(M28=1,N28=1,O28=1),1,0) -> 0 | W28: =IF(OR(AND(O28=1,M28=1,N28=0),AND(M28=0,O28=1,N28=1)),1,0) -> 0 | X28: =IF(AND(O28=0,N28=1,M28=1),1,0) -> 0 | Y28: =IF(OR(V28=1,T28=1,S28=1,R28=1),1,0) -> 0 | Z28: =IF(OR(Q28=1,P28=1,U28=1),1,0) -> 1 | AA28: =Y28+Z28 -> 1 | AC28: 0 | AD28: 1 | AE28: 0 | AF28: 0 | AG28: 0 | AH28: 0 | AI28: 0 | AJ28: 0 | AK28: 0 | AL28: 0 | AM28: 0 | AN28: 0 | AO28: 0 | AP28: 0 | AQ28: 0 | AR28: 0 | AS28: 0 | AT28: 0 | AU28: generic | AV28: generic | AX28: theoretical work without evaluation
B29: 1 | D29: 1975 | E29: Russell | F29: 2 | G29: 1 | H29: 3 | I29: 3 | J29: 2 | K29: 1 | L29: Time-changing input and decomposition rates; includes a feedback from plant biomass; N only | M29: 0 | N29: 0 | O29: 1 | P29: =IF(AND(M29=1,N29=0,O29=0),1,0) -> 0 | Q29: =IF(AND(N29=1,M29=0,O29=0),1,0) -> 0 | R29: =IF(AND(O29=1,N29=0,M29=0),1,0) -> 1 | S29: =IF(AND(O29=1,N29=0,M29=1),1,0) -> 0 | T29: =IF(AND(O29=1,N29=1,M29=0),1,0) -> 0 | U29: =IF(AND(M29=1,N29=1,O29=0),1,0) -> 0 | V29: =IF(AND(M29=1,N29=1,O29=1),1,0) -> 0 | W29: =IF(OR(AND(O29=1,M29=1,N29=0),AND(M29=0,O29=1,N29=1)),1,0) -> 0 | X29: =IF(AND(O29=0,N29=1,M29=1),1,0) -> 0 | Y29: =IF(OR(V29=1,T29=1,S29=1,R29=1),1,0) -> 1 | Z29: =IF(OR(Q29=1,P29=1,U29=1),1,0) -> 0 | AA29: =Y29+Z29 -> 1 | AC29: 1 | AD29: 0 | AE29: 0 | AF29: 0 | AG29: 1 | AH29: 0 | AI29: 0 | AJ29: 0 | AK29: 0 | AL29: 0 | AM29: 0 | AN29: 1 | AO29: 0 | AP29: 0 | AQ29: 0 | AR29: 1 | AS29: 0 | AT29: 0 | AU29: temperate climate (Illinois and Missouri, USA) | AV29: cropland | AX29: model constructed for soil N or C, but tested on organic N data
B30: 1 | D30: 1976 | E30: Parnas | F30: 6 | G30: 1 | H30: 1 | I30: 1 | J30: 3 | K30: 0 | M30: 1 | N30: 1 | O30: 0 | P30: =IF(AND(M30=1,N30=0,O30=0),1,0) -> 0 | Q30: =IF(AND(N30=1,M30=0,O30=0),1,0) -> 0 | R30: =IF(AND(O30=1,N30=0,M30=0),1,0) -> 0 | S30: =IF(AND(O30=1,N30=0,M30=1),1,0) -> 0 | T30: =IF(AND(O30=1,N30=1,M30=0),1,0) -> 0 | U30: =IF(AND(M30=1,N30=1,O30=0),1,0) -> 1 | V30: =IF(AND(M30=1,N30=1,O30=1),1,0) -> 0 | W30: =IF(OR(AND(O30=1,M30=1,N30=0),AND(M30=0,O30=1,N30=1)),1,0) -> 0 | X30: =IF(AND(O30=0,N30=1,M30=1),1,0) -> 1 | Y30: =IF(OR(V30=1,T30=1,S30=1,R30=1),1,0) -> 0 | Z30: =IF(OR(Q30=1,P30=1,U30=1),1,0) -> 1 | AA30: =Y30+Z30 -> 1 | AC30: 0 | AD30: 1 | AE30: 0 | AF30: 0 | AG30: 0 | AH30: 0 | AI30: 0 | AJ30: 0 | AK30: 0 | AL30: 0 | AM30: 0 | AN30: 0 | AO30: 0 | AP30: 0 | AQ30: 0 | AR30: 0 | AS30: 0 | AT30: 0 | AU30: generic | AV30: incubation of microbial isolate | AX30: theoretical work used to formulate hypotheses; proof-of-concept empirical evidence presented and interpreted with the model (diagnostic)
B31: 1 | C31: ELM | D31: 1977 | E31: Hunt; Reuss and Innis | F31: 2 | G31: 1 | H31: 3 | I31: 2 | J31: 2 | K31: 1 | M31: 1 | N31: 0 | O31: 1 | P31: =IF(AND(M31=1,N31=0,O31=0),1,0) -> 0 | Q31: =IF(AND(N31=1,M31=0,O31=0),1,0) -> 0 | R31: =IF(AND(O31=1,N31=0,M31=0),1,0) -> 0 | S31: =IF(AND(O31=1,N31=0,M31=1),1,0) -> 1 | T31: =IF(AND(O31=1,N31=1,M31=0),1,0) -> 0 | U31: =IF(AND(M31=1,N31=1,O31=0),1,0) -> 0 | V31: =IF(AND(M31=1,N31=1,O31=1),1,0) -> 0 | W31: =IF(OR(AND(O31=1,M31=1,N31=0),AND(M31=0,O31=1,N31=1)),1,0) -> 1 | X31: =IF(AND(O31=0,N31=1,M31=1),1,0) -> 0 | Y31: =IF(OR(V31=1,T31=1,S31=1,R31=1),1,0) -> 1 | Z31: =IF(OR(Q31=1,P31=1,U31=1),1,0) -> 0 | AA31: =Y31+Z31 -> 1 | AC31: 1 | AD31: 0 | AE31: 0 | AF31: 0 | AG31: 1 | AH31: 1 | AI31: 1 | AJ31: 0 | AK31: 0 | AL31: 0 | AM31: 1 | AN31: 0 | AO31: 0 | AP31: 0 | AQ31: 0 | AR31: 1 | AS31: 0 | AT31: 0 | AU31: temperate climate | AV31: grassland | AX31: (qualitative) validation using litter mass data, ATP data (proxy for biomass; poor fit), respiration rates; calibration by tuning parameters to reasonably fit literature data
B32: 1 | C32: Rothamsted | D32: 1977 | E32: Jenkinson | F32: 1 | G32: 1 | H32: 3 | I32: 4 | J32: 2 | K32: 1 | L32: C only model | M32: 0 | N32: 1 | O32: 1 | P32: =IF(AND(M32=1,N32=0,O32=0),1,0) -> 0 | Q32: =IF(AND(N32=1,M32=0,O32=0),1,0) -> 0 | R32: =IF(AND(O32=1,N32=0,M32=0),1,0) -> 0 | S32: =IF(AND(O32=1,N32=0,M32=1),1,0) -> 0 | T32: =IF(AND(O32=1,N32=1,M32=0),1,0) -> 1 | U32: =IF(AND(M32=1,N32=1,O32=0),1,0) -> 0 | V32: =IF(AND(M32=1,N32=1,O32=1),1,0) -> 0 | W32: =IF(OR(AND(O32=1,M32=1,N32=0),AND(M32=0,O32=1,N32=1)),1,0) -> 1 | X32: =IF(AND(O32=0,N32=1,M32=1),1,0) -> 0 | Y32: =IF(OR(V32=1,T32=1,S32=1,R32=1),1,0) -> 1 | Z32: =IF(OR(Q32=1,P32=1,U32=1),1,0) -> 0 | AA32: =Y32+Z32 -> 1 | AC32: 1 | AD32: 0 | AE32: 0 | AF32: 0 | AG32: 1 | AH32: 0 | AI32: 0 | AJ32: 0 | AK32: 0 | AL32: 0 | AM32: 1 | AN32: 0 | AO32: 0 | AP32: 0 | AQ32: 0 | AR32: 1 | AS32: 0 | AT32: 0 | AU32: temperate climate | AV32: cropland | AX32: (qualitative) validation using organic C data; calibration using decomposition data; comparisons with non independent radiocarbon and organic C and N data (P304, bottom left column)
B33: 1 | D33: 1978 | E33: Holland | F33: 7 | G33: 1 | H33: 5 | I33: 4 | J33: 2 | K33: 0 | M33: 1 | N33: 0 | O33: 0 | P33: =IF(AND(M33=1,N33=0,O33=0),1,0) -> 1 | Q33: =IF(AND(N33=1,M33=0,O33=0),1,0) -> 0 | R33: =IF(AND(O33=1,N33=0,M33=0),1,0) -> 0 | S33: =IF(AND(O33=1,N33=0,M33=1),1,0) -> 0 | T33: =IF(AND(O33=1,N33=1,M33=0),1,0) -> 0 | U33: =IF(AND(M33=1,N33=1,O33=0),1,0) -> 0 | V33: =IF(AND(M33=1,N33=1,O33=1),1,0) -> 0 | W33: =IF(OR(AND(O33=1,M33=1,N33=0),AND(M33=0,O33=1,N33=1)),1,0) -> 0 | X33: =IF(AND(O33=0,N33=1,M33=1),1,0) -> 0 | Y33: =IF(OR(V33=1,T33=1,S33=1,R33=1),1,0) -> 0 | Z33: =IF(OR(Q33=1,P33=1,U33=1),1,0) -> 1 | AA33: =Y33+Z33 -> 1 | AC33: 0 | AD33: 1 | AE33: 0 | AF33: 0 | AG33: 0 | AH33: 0 | AI33: 0 | AJ33: 0 | AK33: 0 | AL33: 0 | AM33: 0 | AN33: 0 | AO33: 0 | AP33: 0 | AQ33: 0 | AR33: 0 | AS33: 0 | AT33: 0 | AU33: spatially lumped model for global C stocks | AV33: global terrestrial biomes | AX33: exploration of scenarios for CO2 emissions and consequences on global C cycling
B34: 1 | D34: 1978 | E34: O'Brien and Stout | F34: 1 | G34: 2 | H34: 3 | I34: 4 | J34: 2 | K34: 0 | L34: C model only; C tracer study | M34: 0 | N34: 1 | O34: 0 | P34: =IF(AND(M34=1,N34=0,O34=0),1,0) -> 0 | Q34: =IF(AND(N34=1,M34=0,O34=0),1,0) -> 1 | R34: =IF(AND(O34=1,N34=0,M34=0),1,0) -> 0 | S34: =IF(AND(O34=1,N34=0,M34=1),1,0) -> 0 | T34: =IF(AND(O34=1,N34=1,M34=0),1,0) -> 0 | U34: =IF(AND(M34=1,N34=1,O34=0),1,0) -> 0 | V34: =IF(AND(M34=1,N34=1,O34=1),1,0) -> 0 | W34: =IF(OR(AND(O34=1,M34=1,N34=0),AND(M34=0,O34=1,N34=1)),1,0) -> 0 | X34: =IF(AND(O34=0,N34=1,M34=1),1,0) -> 0 | Y34: =IF(OR(V34=1,T34=1,S34=1,R34=1),1,0) -> 0 | Z34: =IF(OR(Q34=1,P34=1,U34=1),1,0) -> 1 | AA34: =Y34+Z34 -> 1 | AC34: 1 | AD34: 0 | AE34: 0 | AF34: 0 | AG34: 0 | AH34: 0 | AI34: 0 | AJ34: 1 | AK34: 0 | AL34: 0 | AM34: 0 | AN34: 1 | AO34: 0 | AP34: 0 | AQ34: 0 | AR34: 0 | AS34: 0 | AT34: 0 | AU34: temperate climate | AV34: pasture | AX34: trial and error calibration against C isotope data (conceptually C stock?), no validation with independent data
B35: 1 | D35: 1979 | E35: Smith | F35: 2 | G35: 1 | H35: 3 | I35: 3 | J35: 3 | K35: 1 | L35: Focus on dynamics of polysaccharides; includes P, K, N | M35: 1 | N35: 0 | O35: 0 | P35: =IF(AND(M35=1,N35=0,O35=0),1,0) -> 1 | Q35: =IF(AND(N35=1,M35=0,O35=0),1,0) -> 0 | R35: =IF(AND(O35=1,N35=0,M35=0),1,0) -> 0 | S35: =IF(AND(O35=1,N35=0,M35=1),1,0) -> 0 | T35: =IF(AND(O35=1,N35=1,M35=0),1,0) -> 0 | U35: =IF(AND(M35=1,N35=1,O35=0),1,0) -> 0 | V35: =IF(AND(M35=1,N35=1,O35=1),1,0) -> 0 | W35: =IF(OR(AND(O35=1,M35=1,N35=0),AND(M35=0,O35=1,N35=1)),1,0) -> 0 | X35: =IF(AND(O35=0,N35=1,M35=1),1,0) -> 0 | Y35: =IF(OR(V35=1,T35=1,S35=1,R35=1),1,0) -> 0 | Z35: =IF(OR(Q35=1,P35=1,U35=1),1,0) -> 1 | AA35: =Y35+Z35 -> 1 | AC35: 0 | AD35: 1 | AE35: 0 | AF35: 0 | AG35: 0 | AH35: 0 | AI35: 0 | AJ35: 0 | AK35: 0 | AL35: 0 | AM35: 0 | AN35: 0 | AO35: 0 | AP35: 0 | AQ35: 0 | AR35: 0 | AS35: 0 | AT35: 0 | AU35: generic | AV35: generic | AX35: model evaluation not in the paper where the model is presented (shall I dig into that?)
A36: 1970's | B36: =SUM(B24:B35) -> 12 | P36: =SUM(P24:P35) -> 6 | Q36: =SUM(Q24:Q35) -> 1 | R36: =SUM(R24:R35) -> 1 | V36: =IF(AND(M36=1,N36=1,O36=1),1,0) -> 0 | Y36: =IF(OR(V36=1,T36=1,S36=1,R36=1),1,0) -> 1 | AA36: =Y36+Z36 -> 1
B37: 1 | D37: 1981 | E37: Bolin | F37: 7 | G37: 1 | H37: 5 | I37: 4 | J37: 2 | K37: 0 | L37: 13C model | M37: 1 | N37: 0 | O37: 0 | P37: =IF(AND(M37=1,N37=0,O37=0),1,0) -> 1 | Q37: =IF(AND(N37=1,M37=0,O37=0),1,0) -> 0 | R37: =IF(AND(O37=1,N37=0,M37=0),1,0) -> 0 | S37: =IF(AND(O37=1,N37=0,M37=1),1,0) -> 0 | T37: =IF(AND(O37=1,N37=1,M37=0),1,0) -> 0 | U37: =IF(AND(M37=1,N37=1,O37=0),1,0) -> 0 | V37: =IF(AND(M37=1,N37=1,O37=1),1,0) -> 0 | W37: =IF(OR(AND(O37=1,M37=1,N37=0),AND(M37=0,O37=1,N37=1)),1,0) -> 0 | X37: =IF(AND(O37=0,N37=1,M37=1),1,0) -> 0 | Y37: =IF(OR(V37=1,T37=1,S37=1,R37=1),1,0) -> 0 | Z37: =IF(OR(Q37=1,P37=1,U37=1),1,0) -> 1 | AA37: =Y37+Z37 -> 1 | AC37: 0 | AD37: 1 | AE37: 0 | AF37: 0 | AG37: 0 | AH37: 0 | AI37: 0 | AJ37: 0 | AK37: 0 | AL37: 0 | AM37: 0 | AN37: 0 | AO37: 0 | AP37: 0 | AQ37: 0 | AR37: 0 | AS37: 0 | AT37: 0 | AU37: spatially lumped model for global C stocks | AV37: global terrestrial biomes
B38: 1 | D38: 1981 | E38: Carpenter | F38: 1 | G38: 1 | H38: 2 | I38: 3 | J38: 2 | K38: 0 | L38: Continuum quality model | M38: 1 | N38: 1 | O38: 0 | P38: =IF(AND(M38=1,N38=0,O38=0),1,0) -> 0 | Q38: =IF(AND(N38=1,M38=0,O38=0),1,0) -> 0 | R38: =IF(AND(O38=1,N38=0,M38=0),1,0) -> 0 | S38: =IF(AND(O38=1,N38=0,M38=1),1,0) -> 0 | T38: =IF(AND(O38=1,N38=1,M38=0),1,0) -> 0 | U38: =IF(AND(M38=1,N38=1,O38=0),1,0) -> 1 | V38: =IF(AND(M38=1,N38=1,O38=1),1,0) -> 0 | W38: =IF(OR(AND(O38=1,M38=1,N38=0),AND(M38=0,O38=1,N38=1)),1,0) -> 0 | X38: =IF(AND(O38=0,N38=1,M38=1),1,0) -> 1 | Y38: =IF(OR(V38=1,T38=1,S38=1,R38=1),1,0) -> 0 | Z38: =IF(OR(Q38=1,P38=1,U38=1),1,0) -> 1 | AA38: =Y38+Z38 -> 1 | AC38: 1 | AD38: 0 | AE38: 0 | AF38: 0 | AG38: 1 | AH38: 0 | AI38: 0 | AJ38: 0 | AK38: 0 | AL38: 0 | AM38: 0 | AN38: 1 | AO38: 0 | AP38: 0 | AQ38: 1 | AR38: 0 | AS38: 0 | AT38: 0 | AU38: generic | AV38: generic | AW38: decomposition model for soil organic matter in both soil and sediments | AX38: calibration of model parameters with litter decomposition data; calibrated parameters used to discuss general model properties, not for prediction
B39: 1 | D39: 1981 | E39: Emanuel | F39: 7 | G39: 1 | H39: 5 | I39: 4 | J39: 2 | K39: 0 | L39: C-only | M39: 1 | N39: 0 | O39: 0 | P39: =IF(AND(M39=1,N39=0,O39=0),1,0) -> 1 | Q39: =IF(AND(N39=1,M39=0,O39=0),1,0) -> 0 | R39: =IF(AND(O39=1,N39=0,M39=0),1,0) -> 0 | S39: =IF(AND(O39=1,N39=0,M39=1),1,0) -> 0 | T39: =IF(AND(O39=1,N39=1,M39=0),1,0) -> 0 | U39: =IF(AND(M39=1,N39=1,O39=0),1,0) -> 0 | V39: =IF(AND(M39=1,N39=1,O39=1),1,0) -> 0 | W39: =IF(OR(AND(O39=1,M39=1,N39=0),AND(M39=0,O39=1,N39=1)),1,0) -> 0 | X39: =IF(AND(O39=0,N39=1,M39=1),1,0) -> 0 | Y39: =IF(OR(V39=1,T39=1,S39=1,R39=1),1,0) -> 0 | Z39: =IF(OR(Q39=1,P39=1,U39=1),1,0) -> 1 | AA39: =Y39+Z39 -> 1 | AC39: 0 | AD39: 1 | AE39: 0 | AF39: 0 | AG39: 0 | AH39: 0 | AI39: 0 | AJ39: 0 | AK39: 0 | AL39: 0 | AM39: 0 | AN39: 0 | AO39: 0 | AP39: 0 | AQ39: 0 | AR39: 0 | AS39: 0 | AT39: 0 | AU39: spatially lumped model for global C stocks | AV39: global terrestrial biomes
B40: 1 | C40: PHOENIX | D40: 1981 | E40: McGill | F40: 2 | G40: 1 | H40: 3 | I40: 2 | J40: 3 | K40: 1 | L40: DEC changes with substrate type | M40: 1 | N40: 0 | O40: 1 | P40: =IF(AND(M40=1,N40=0,O40=0),1,0) -> 0 | Q40: =IF(AND(N40=1,M40=0,O40=0),1,0) -> 0 | R40: =IF(AND(O40=1,N40=0,M40=0),1,0) -> 0 | S40: =IF(AND(O40=1,N40=0,M40=1),1,0) -> 1 | T40: =IF(AND(O40=1,N40=1,M40=0),1,0) -> 0 | U40: =IF(AND(M40=1,N40=1,O40=0),1,0) -> 0 | V40: =IF(AND(M40=1,N40=1,O40=1),1,0) -> 0 | W40: =IF(OR(AND(O40=1,M40=1,N40=0),AND(M40=0,O40=1,N40=1)),1,0) -> 1 | X40: =IF(AND(O40=0,N40=1,M40=1),1,0) -> 0 | Y40: =IF(OR(V40=1,T40=1,S40=1,R40=1),1,0) -> 1 | Z40: =IF(OR(Q40=1,P40=1,U40=1),1,0) -> 0 | AA40: =Y40+Z40 -> 1 | AC40: 1 | AD40: 0 | AE40: 0 | AF40: 0 | AG40: 0 | AH40: 0 | AI40: 0 | AJ40: 0 | AK40: 1 | AL40: 0 | AM40: 1 | AN40: 0 | AO40: 0 | AP40: 0 | AQ40: 0 | AR40: 1 | AS40: 0 | AT40: 0 | AU40: temperate climate | AV40: grassland | AX40: Qualitative evaluation against literature data on respiration rate, inorganic N, various plant processes; measurements generally not in the same year of simulations, but qualitative agreement is presented as validation; perturbation experiments also show consistency with evidence from the literature
B41: 1 | C41: PAPRAN | D41: 1981 | E41: Seligman and van Keulen | F41: 2 | G41: 2 | H41: 3 | I41: 2 | J41: 3 | K41: 1 | L41: C+N model | M41: 1 | N41: 0 | O41: 1 | P41: =IF(AND(M41=1,N41=0,O41=0),1,0) -> 0 | Q41: =IF(AND(N41=1,M41=0,O41=0),1,0) -> 0 | R41: =IF(AND(O41=1,N41=0,M41=0),1,0) -> 0 | S41: =IF(AND(O41=1,N41=0,M41=1),1,0) -> 1 | T41: =IF(AND(O41=1,N41=1,M41=0),1,0) -> 0 | U41: =IF(AND(M41=1,N41=1,O41=0),1,0) -> 0 | V41: =IF(AND(M41=1,N41=1,O41=1),1,0) -> 0 | W41: =IF(OR(AND(O41=1,M41=1,N41=0),AND(M41=0,O41=1,N41=1)),1,0) -> 1 | X41: =IF(AND(O41=0,N41=1,M41=1),1,0) -> 0 | Y41: =IF(OR(V41=1,T41=1,S41=1,R41=1),1,0) -> 1 | Z41: =IF(OR(Q41=1,P41=1,U41=1),1,0) -> 0 | AA41: =Y41+Z41 -> 1 | AC41: 1 | AD41: 0 | AE41: 0 | AF41: 0 | AG41: 0 | AH41: 0 | AI41: 0 | AJ41: 0 | AK41: 0 | AL41: 0 | AM41: 1 | AN41: 0 | AO41: 0 | AP41: 0 | AQ41: 0 | AR41: 1 | AS41: 0 | AT41: 0 | AU41: temperate climate | AV41: cropland | AX41: Evaluation of crop yield and N uptake; no evaluation of soil compartments
B42: 1 | D42: 1981 | E42: Svirezhev | F42: 7 | G42: 1 | H42: 5 | I42: 5 | J42: 2 | K42: 1 | L42: C-only | M42: 1 | N42: 0 | O42: 0 | P42: =IF(AND(M42=1,N42=0,O42=0),1,0) -> 1 | Q42: =IF(AND(N42=1,M42=0,O42=0),1,0) -> 0 | R42: =IF(AND(O42=1,N42=0,M42=0),1,0) -> 0 | S42: =IF(AND(O42=1,N42=0,M42=1),1,0) -> 0 | T42: =IF(AND(O42=1,N42=1,M42=0),1,0) -> 0 | U42: =IF(AND(M42=1,N42=1,O42=0),1,0) -> 0 | V42: =IF(AND(M42=1,N42=1,O42=1),1,0) -> 0 | W42: =IF(OR(AND(O42=1,M42=1,N42=0),AND(M42=0,O42=1,N42=1)),1,0) -> 0 | X42: =IF(AND(O42=0,N42=1,M42=1),1,0) -> 0 | Y42: =IF(OR(V42=1,T42=1,S42=1,R42=1),1,0) -> 0 | Z42: =IF(OR(Q42=1,P42=1,U42=1),1,0) -> 1 | AA42: =Y42+Z42 -> 1 | AC42: 0 | AD42: 1 | AE42: 0 | AF42: 0 | AG42: 0 | AH42: 0 | AI42: 0 | AJ42: 0 | AK42: 0 | AL42: 0 | AM42: 0 | AN42: 0 | AO42: 0 | AP42: 0 | AQ42: 0 | AR42: 0 | AS42: 0 | AT42: 0 | AU42: spatially lumped model for global C stocks | AV42: grassland and forest
B43: 1 | D43: 1981 | E43: Van Veen and Paul | F43: 1 | G43: 1 | H43: 2 | I43: 2 | J43: 2 | K43: 1 | L43: Decomposition of physically protected substrates; C only model | M43: 1 | N43: 0 | O43: 0 | P43: =IF(AND(M43=1,N43=0,O43=0),1,0) -> 1 | Q43: =IF(AND(N43=1,M43=0,O43=0),1,0) -> 0 | R43: =IF(AND(O43=1,N43=0,M43=0),1,0) -> 0 | S43: =IF(AND(O43=1,N43=0,M43=1),1,0) -> 0 | T43: =IF(AND(O43=1,N43=1,M43=0),1,0) -> 0 | U43: =IF(AND(M43=1,N43=1,O43=0),1,0) -> 0 | V43: =IF(AND(M43=1,N43=1,O43=1),1,0) -> 0 | W43: =IF(OR(AND(O43=1,M43=1,N43=0),AND(M43=0,O43=1,N43=1)),1,0) -> 0 | X43: =IF(AND(O43=0,N43=1,M43=1),1,0) -> 0 | Y43: =IF(OR(V43=1,T43=1,S43=1,R43=1),1,0) -> 0 | Z43: =IF(OR(Q43=1,P43=1,U43=1),1,0) -> 1 | AA43: =Y43+Z43 -> 1 | AC43: 1 | AD43: 0 | AE43: 0 | AF43: 0 | AG43: 1 | AH43: 0 | AI43: 0 | AJ43: 0 | AK43: 0 | AL43: 0 | AM43: 0 | AN43: 1 | AO43: 0 | AP43: 0 | AQ43: 1 | AR43: 0 | AS43: 0 | AT43: 0 | AU43: lab incubation | AV43: grassland and cropland | AX43: Trial and error calibration against laboratory data of stabilized aminoacids
B44: 0 | D44: 1981 | E44: Van Veen and Paul | F44: 1 | G44: 2 | H44: 2 | I44: 4 | J44: 2 | K44: 1 | L44: Long term C turnover; C only model | M44: 1 | N44: 0 | O44: 0 | P44: =IF(AND(M44=1,N44=0,O44=0),1,0) -> 1 | Q44: =IF(AND(N44=1,M44=0,O44=0),1,0) -> 0 | R44: =IF(AND(O44=1,N44=0,M44=0),1,0) -> 0 | S44: =IF(AND(O44=1,N44=0,M44=1),1,0) -> 0 | T44: =IF(AND(O44=1,N44=1,M44=0),1,0) -> 0 | U44: =IF(AND(M44=1,N44=1,O44=0),1,0) -> 0 | V44: =IF(AND(M44=1,N44=1,O44=1),1,0) -> 0 | W44: =IF(OR(AND(O44=1,M44=1,N44=0),AND(M44=0,O44=1,N44=1)),1,0) -> 0 | X44: =IF(AND(O44=0,N44=1,M44=1),1,0) -> 0 | Y44: =IF(OR(V44=1,T44=1,S44=1,R44=1),1,0) -> 0 | Z44: =IF(OR(Q44=1,P44=1,U44=1),1,0) -> 1 | AA44: =Y44+Z44 -> 1 | AC44: 0 | AD44: 1 | AE44: 0 | AF44: 0 | AG44: 0 | AH44: 0 | AI44: 0 | AJ44: 0 | AK44: 0 | AL44: 0 | AM44: 0 | AN44: 0 | AO44: 0 | AP44: 0 | AQ44: 0 | AR44: 0 | AS44: 0 | AT44: 0 | AU44: temperate climate | AV44: grassland and cropland | AX44: only discussion of how reasonable predicted trends in soil organic C are
B45: 1 | D45: 1983 | E45: Knapp | F45: 1 | G45: 1 | H45: 2 | I45: 1 | J45: 3 | K45: 0 | L45: C and N storage explicitly modeled | M45: 1 | N45: 0 | O45: 0 | P45: =IF(AND(M45=1,N45=0,O45=0),1,0) -> 1 | Q45: =IF(AND(N45=1,M45=0,O45=0),1,0) -> 0 | R45: =IF(AND(O45=1,N45=0,M45=0),1,0) -> 0 | S45: =IF(AND(O45=1,N45=0,M45=1),1,0) -> 0 | T45: =IF(AND(O45=1,N45=1,M45=0),1,0) -> 0 | U45: =IF(AND(M45=1,N45=1,O45=0),1,0) -> 0 | V45: =IF(AND(M45=1,N45=1,O45=1),1,0) -> 0 | W45: =IF(OR(AND(O45=1,M45=1,N45=0),AND(M45=0,O45=1,N45=1)),1,0) -> 0 | X45: =IF(AND(O45=0,N45=1,M45=1),1,0) -> 0 | Y45: =IF(OR(V45=1,T45=1,S45=1,R45=1),1,0) -> 0 | Z45: =IF(OR(Q45=1,P45=1,U45=1),1,0) -> 1 | AA45: =Y45+Z45 -> 1 | AC45: 1 | AD45: 0 | AE45: 0 | AF45: 0 | AG45: 0 | AH45: 1 | AI45: 1 | AJ45: 0 | AK45: 0 | AL45: 0 | AM45: 0 | AN45: 1 | AO45: 1 | AP45: 0 | AQ45: 1 | AR45: 0 | AS45: 0 | AT45: 0 | AU45: Incubation study | AV45: NA
B46: 1 | C46: NCSOIL | D46: 1983 | E46: Molina | F46: 1 | G46: 1 | H46: 2 | I46: 2 | J46: 2 | K46: 0 | L46: Nonsymbiontic N fixation contrast N limitation + RF | M46: 1 | N46: 0 | O46: 1 | P46: =IF(AND(M46=1,N46=0,O46=0),1,0) -> 0 | Q46: =IF(AND(N46=1,M46=0,O46=0),1,0) -> 0 | R46: =IF(AND(O46=1,N46=0,M46=0),1,0) -> 0 | S46: =IF(AND(O46=1,N46=0,M46=1),1,0) -> 1 | T46: =IF(AND(O46=1,N46=1,M46=0),1,0) -> 0 | U46: =IF(AND(M46=1,N46=1,O46=0),1,0) -> 0 | V46: =IF(AND(M46=1,N46=1,O46=1),1,0) -> 0 | W46: =IF(OR(AND(O46=1,M46=1,N46=0),AND(M46=0,O46=1,N46=1)),1,0) -> 1 | X46: =IF(AND(O46=0,N46=1,M46=1),1,0) -> 0 | Y46: =IF(OR(V46=1,T46=1,S46=1,R46=1),1,0) -> 1 | Z46: =IF(OR(Q46=1,P46=1,U46=1),1,0) -> 0 | AA46: =Y46+Z46 -> 1 | AC46: 1 | AD46: 0 | AE46: 0 | AF46: 0 | AG46: 0 | AH46: 0 | AI46: 1 | AJ46: 0 | AK46: 0 | AL46: 0 | AM46: 0 | AN46: 1 | AO46: 1 | AP46: 0 | AQ46: 1 | AR46: 0 | AS46: 0 | AT46: 0 | AU46: Incubation study | AV46: NA
B47: 1 | D47: 1984 | E47: Bosatta and Berendse | F47: 1 | G47: 1 | H47: 2 | I47: 3 | J47: 3 | K47: 0 | L47: Mineral N never limiting; organic N control | M47: 1 | N47: 0 | O47: 0 | P47: =IF(AND(M47=1,N47=0,O47=0),1,0) -> 1 | Q47: =IF(AND(N47=1,M47=0,O47=0),1,0) -> 0 | R47: =IF(AND(O47=1,N47=0,M47=0),1,0) -> 0 | S47: =IF(AND(O47=1,N47=0,M47=1),1,0) -> 0 | T47: =IF(AND(O47=1,N47=1,M47=0),1,0) -> 0 | U47: =IF(AND(M47=1,N47=1,O47=0),1,0) -> 0 | V47: =IF(AND(M47=1,N47=1,O47=1),1,0) -> 0 | W47: =IF(OR(AND(O47=1,M47=1,N47=0),AND(M47=0,O47=1,N47=1)),1,0) -> 0 | X47: =IF(AND(O47=0,N47=1,M47=1),1,0) -> 0 | Y47: =IF(OR(V47=1,T47=1,S47=1,R47=1),1,0) -> 0 | Z47: =IF(OR(Q47=1,P47=1,U47=1),1,0) -> 1 | AA47: =Y47+Z47 -> 1 | AC47: 0 | AD47: 1 | AE47: 0 | AF47: 0 | AG47: 0 | AH47: 0 | AI47: 0 | AJ47: 0 | AK47: 0 | AL47: 0 | AM47: 0 | AN47: 0 | AO47: 0 | AP47: 0 | AQ47: 0 | AR47: 0 | AS47: 0 | AT47: 0 | AU47: NA | AV47: NA
B48: 1 | D48: 1984 | E48: Van Veen | F48: 1 | G48: 1 | H48: 2 | I48: 2 | J48: 2 | K48: 1 | L48: MB decay depends on clay content | M48: 1 | N48: 0 | O48: 0 | P48: =IF(AND(M48=1,N48=0,O48=0),1,0) -> 1 | Q48: =IF(AND(N48=1,M48=0,O48=0),1,0) -> 0 | R48: =IF(AND(O48=1,N48=0,M48=0),1,0) -> 0 | S48: =IF(AND(O48=1,N48=0,M48=1),1,0) -> 0 | T48: =IF(AND(O48=1,N48=1,M48=0),1,0) -> 0 | U48: =IF(AND(M48=1,N48=1,O48=0),1,0) -> 0 | V48: =IF(AND(M48=1,N48=1,O48=1),1,0) -> 0 | W48: =IF(OR(AND(O48=1,M48=1,N48=0),AND(M48=0,O48=1,N48=1)),1,0) -> 0 | X48: =IF(AND(O48=0,N48=1,M48=1),1,0) -> 0 | Y48: =IF(OR(V48=1,T48=1,S48=1,R48=1),1,0) -> 0 | Z48: =IF(OR(Q48=1,P48=1,U48=1),1,0) -> 1 | AA48: =Y48+Z48 -> 1 | AC48: 1 | AD48: 0 | AE48: 0 | AF48: 0 | AG48: 0 | AH48: 1 | AI48: 1 | AJ48: 0 | AK48: 0 | AL48: 0 | AM48: 0 | AN48: 1 | AO48: 1 | AP48: 0 | AQ48: 1 | AR48: 0 | AS48: 0 | AT48: 0 | AU48: Incubation experiments | AV48: NA
B49: 1 | C49: Q-Model | D49: 1985 | E49: Bosatta and Agren | F49: 1 | G49: 1 | H49: 3 | I49: 4 | J49: 2 | K49: 0 | L49: Continuum quality model; single cohort | M49: 1 | N49: 1 | O49: 1 | P49: =IF(AND(M49=1,N49=0,O49=0),1,0) -> 0 | Q49: =IF(AND(N49=1,M49=0,O49=0),1,0) -> 0 | R49: =IF(AND(O49=1,N49=0,M49=0),1,0) -> 0 | S49: =IF(AND(O49=1,N49=0,M49=1),1,0) -> 0 | T49: =IF(AND(O49=1,N49=1,M49=0),1,0) -> 0 | U49: =IF(AND(M49=1,N49=1,O49=0),1,0) -> 0 | V49: =IF(AND(M49=1,N49=1,O49=1),1,0) -> 1 | W49: =IF(OR(AND(O49=1,M49=1,N49=0),AND(M49=0,O49=1,N49=1)),1,0) -> 0 | X49: =IF(AND(O49=0,N49=1,M49=1),1,0) -> 0 | Y49: =IF(OR(V49=1,T49=1,S49=1,R49=1),1,0) -> 1 | Z49: =IF(OR(Q49=1,P49=1,U49=1),1,0) -> 0 | AA49: =Y49+Z49 -> 1 | AC49: 1 | AD49: 0 | AE49: 0 | AF49: 0 | AG49: 0 | AH49: 0 | AI49: 0 | AJ49: 0 | AK49: 0 | AL49: 0 | AM49: 1 | AN49: 0 | AQ49: 1 | AR49: 0 | AS49: 0 | AT49: 0 | AX49: Not directly evaluated on SOC but on other soil related variables.
B50: 1 | D50: 1986 | E50: Chapman and Gray | F50: 6 | G50: 1 | H50: 2 | I50: 3 | J50: 3 | K50: 0 | L50: C only model | M50: 1 | N50: 0 | O50: 0 | P50: =IF(AND(M50=1,N50=0,O50=0),1,0) -> 1 | Q50: =IF(AND(N50=1,M50=0,O50=0),1,0) -> 0 | R50: =IF(AND(O50=1,N50=0,M50=0),1,0) -> 0 | S50: =IF(AND(O50=1,N50=0,M50=1),1,0) -> 0 | T50: =IF(AND(O50=1,N50=1,M50=0),1,0) -> 0 | U50: =IF(AND(M50=1,N50=1,O50=0),1,0) -> 0 | V50: =IF(AND(M50=1,N50=1,O50=1),1,0) -> 0 | W50: =IF(OR(AND(O50=1,M50=1,N50=0),AND(M50=0,O50=1,N50=1)),1,0) -> 0 | X50: =IF(AND(O50=0,N50=1,M50=1),1,0) -> 0 | Y50: =IF(OR(V50=1,T50=1,S50=1,R50=1),1,0) -> 0 | Z50: =IF(OR(Q50=1,P50=1,U50=1),1,0) -> 1 | AA50: =Y50+Z50 -> 1 | AC50: 0 | AD50: 1 | AE50: 0 | AF50: 0 | AG50: 0 | AH50: 0 | AI50: 0 | AJ50: 0 | AK50: 0 | AL50: 0 | AM50: 0 | AN50: 0 | AO50: 0 | AP50: 0 | AQ50: 0 | AR50: 0 | AS50: 0 | AT50: 0 | AU50: 0 | AV50: 0 | AW50: 0
B51: 1 | C51: JABOWA | D51: 1986 | E51: Pastor and Post | F51: 2 | G51: 1 | H51: 4 | I51: 4 | J51: 2 | K51: 1 | L51: Cohort model. N mineralization/immobilization controlled by regression equations | M51: 1 | N51: 1 | O51: 1 | P51: =IF(AND(M51=1,N51=0,O51=0),1,0) -> 0 | Q51: =IF(AND(N51=1,M51=0,O51=0),1,0) -> 0 | R51: =IF(AND(O51=1,N51=0,M51=0),1,0) -> 0 | S51: =IF(AND(O51=1,N51=0,M51=1),1,0) -> 0 | T51: =IF(AND(O51=1,N51=1,M51=0),1,0) -> 0 | U51: =IF(AND(M51=1,N51=1,O51=0),1,0) -> 0 | V51: =IF(AND(M51=1,N51=1,O51=1),1,0) -> 1 | W51: =IF(OR(AND(O51=1,M51=1,N51=0),AND(M51=0,O51=1,N51=1)),1,0) -> 0 | X51: =IF(AND(O51=0,N51=1,M51=1),1,0) -> 0 | Y51: =IF(OR(V51=1,T51=1,S51=1,R51=1),1,0) -> 1 | Z51: =IF(OR(Q51=1,P51=1,U51=1),1,0) -> 0 | AA51: =Y51+Z51 -> 1 | AC51: 1 | AD51: 0 | AE51: 0 | AF51: 0 | AG51: 0 | AH51: 0 | AI51: 0 | AJ51: 0 | AK51: 0 | AL51: 0 | AM51: 1 | AN51: 0 | AQ51: 0 | AR51: 1 | AS51: 0 | AT51: 0 | AX51: This paper is able to give SOC dynamic but it is more an ecosystem model and it is evaluated against other variables (leaf litter, N availability). Moreover I put that the evaluation was independent. I am not 100% sure since some of the parameters values are not clearly associated with a reference.
B52: 1 | D52: 1986 | E52: Smith | F52: 1 | G52: 1 | H52: 2 | I52: 2 | J52: 3 | K52: 1 | M52: 1 | N52: 0 | O52: 0 | P52: =IF(AND(M52=1,N52=0,O52=0),1,0) -> 1 | Q52: =IF(AND(N52=1,M52=0,O52=0),1,0) -> 0 | R52: =IF(AND(O52=1,N52=0,M52=0),1,0) -> 0 | S52: =IF(AND(O52=1,N52=0,M52=1),1,0) -> 0 | T52: =IF(AND(O52=1,N52=1,M52=0),1,0) -> 0 | U52: =IF(AND(M52=1,N52=1,O52=0),1,0) -> 0 | V52: =IF(AND(M52=1,N52=1,O52=1),1,0) -> 0 | W52: =IF(OR(AND(O52=1,M52=1,N52=0),AND(M52=0,O52=1,N52=1)),1,0) -> 0 | X52: =IF(AND(O52=0,N52=1,M52=1),1,0) -> 0 | Y52: =IF(OR(V52=1,T52=1,S52=1,R52=1),1,0) -> 0 | Z52: =IF(OR(Q52=1,P52=1,U52=1),1,0) -> 1 | AA52: =Y52+Z52 -> 1 | AC52: 1 | AD52: 0 | AE52: 0 | AF52: 0 | AG52: 0 | AH52: 0 | AI52: 0 | AJ52: 0 | AK52: 0 | AL52: 0 | AM52: 0 | AN52: 1 | AO52: 0 | AQ52: 1 | AR52: 0 | AS52: 0 | AT52: 0 | AX52: In this paper they evaluate against some parameters of the model like the N mineralization rate. Not fully a C model.
B53: 0 | D53: 1987 | E53: Balesdent | F53: 1 | G53: 1 | H53: 3 | I53: 4 | J53: 2 | K53: 0 | L53: 14C model | M53: 0 | N53: 0 | O53: 1 | P53: =IF(AND(M53=1,N53=0,O53=0),1,0) -> 0 | Q53: =IF(AND(N53=1,M53=0,O53=0),1,0) -> 0 | R53: =IF(AND(O53=1,N53=0,M53=0),1,0) -> 1 | S53: =IF(AND(O53=1,N53=0,M53=1),1,0) -> 0 | T53: =IF(AND(O53=1,N53=1,M53=0),1,0) -> 0 | U53: =IF(AND(M53=1,N53=1,O53=0),1,0) -> 0 | V53: =IF(AND(M53=1,N53=1,O53=1),1,0) -> 0 | W53: =IF(OR(AND(O53=1,M53=1,N53=0),AND(M53=0,O53=1,N53=1)),1,0) -> 0 | X53: =IF(AND(O53=0,N53=1,M53=1),1,0) -> 0 | Y53: =IF(OR(V53=1,T53=1,S53=1,R53=1),1,0) -> 1 | Z53: =IF(OR(Q53=1,P53=1,U53=1),1,0) -> 0 | AA53: =Y53+Z53 -> 1 | AC53: 1 | AD53: 0 | AE53: 0 | AF53: 0 | AG53: 0 | AH53: 0 | AI53: 0 | AJ53: 1 | AK53: 0 | AL53: 0 | AM53: 1 | AN53: 0 | AO53: 0 | AP53: 0 | AQ53: 0 | AR53: 1 | AS53: 0 | AT53: 0
B54: 1 | C54: CENTURY | D54: 1987 | E54: Parton | F54: 1 | G54: 1 | H54: 4 | I54: 3 | J54: 2 | K54: 1 | M54: 0 | N54: 0 | O54: 1 | P54: =IF(AND(M54=1,N54=0,O54=0),1,0) -> 0 | Q54: =IF(AND(N54=1,M54=0,O54=0),1,0) -> 0 | R54: =IF(AND(O54=1,N54=0,M54=0),1,0) -> 1 | S54: =IF(AND(O54=1,N54=0,M54=1),1,0) -> 0 | T54: =IF(AND(O54=1,N54=1,M54=0),1,0) -> 0 | U54: =IF(AND(M54=1,N54=1,O54=0),1,0) -> 0 | V54: =IF(AND(M54=1,N54=1,O54=1),1,0) -> 0 | W54: =IF(OR(AND(O54=1,M54=1,N54=0),AND(M54=0,O54=1,N54=1)),1,0) -> 0 | X54: =IF(AND(O54=0,N54=1,M54=1),1,0) -> 0 | Y54: =IF(OR(V54=1,T54=1,S54=1,R54=1),1,0) -> 1 | Z54: =IF(OR(Q54=1,P54=1,U54=1),1,0) -> 0 | AA54: =Y54+Z54 -> 1 | AB54: 0 | AC54: 1 | AD54: 0 | AE54: 0 | AF54: 0 | AG54: 0 | AH54: 0 | AI54: 0 | AJ54: 1 | AK54: 0 | AL54: 0 | AM54: 1 | AN54: 0 | AO54: 0 | AP54: 0 | AQ54: 1 | AR54: 1 | AS54: 0 | AT54: 0 | AU54: 24 sites great plains | AV54: Cropland
B55: 1 | C55: Hurley | D55: 1989 | E55: Thornley and Verberne | F55: 2 | G55: 1 | H55: 3 | I55: 3 | J55: 3 | K55: 1 | M55: 1 | N55: 0 | O55: 0 | P55: =IF(AND(M55=1,N55=0,O55=0),1,0) -> 1 | Q55: =IF(AND(N55=1,M55=0,O55=0),1,0) -> 0 | R55: =IF(AND(O55=1,N55=0,M55=0),1,0) -> 0 | S55: =IF(AND(O55=1,N55=0,M55=1),1,0) -> 0 | T55: =IF(AND(O55=1,N55=1,M55=0),1,0) -> 0 | U55: =IF(AND(M55=1,N55=1,O55=0),1,0) -> 0 | V55: =IF(AND(M55=1,N55=1,O55=1),1,0) -> 0 | W55: =IF(OR(AND(O55=1,M55=1,N55=0),AND(M55=0,O55=1,N55=1)),1,0) -> 0 | X55: =IF(AND(O55=0,N55=1,M55=1),1,0) -> 0 | Y55: =IF(OR(V55=1,T55=1,S55=1,R55=1),1,0) -> 0 | Z55: =IF(OR(Q55=1,P55=1,U55=1),1,0) -> 1 | AA55: =Y55+Z55 -> 1 | AB55: 0 | AC55: 0 | AD55: 1 | AE55: 0 | AF55: 0 | AG55: 0 | AH55: 0 | AI55: 0 | AJ55: 0 | AK55: 0 | AL55: 0 | AM55: 0 | AN55: 0 | AO55: 0 | AP55: 0 | AQ55: 0 | AR55: 0 | AS55: 0 | AT55: 0 | AU55: 0 | AV55: 0 | AW55: 0 | AX55: Only theoretical
A56: 1980's | B56: =SUM(B37:B55) -> 17 | P56: =SUM(P38:P55) -> 10 | Q56: =SUM(Q38:Q55) -> 0 | R56: =SUM(R38:R55) -> 2 | V56: =IF(AND(M56=1,N56=1,O56=1),1,0) -> 0 | AA56: =Y56+Z56 -> 0
B57: 1 | C57: Rothamsted | D57: 1990 | E57: Jenkinson | F57: 1 | G57: 1 | H57: 3 | I57: 3 | J57: 2 | K57: 1 | L57: C only model | M57: 0 | N57: 0 | O57: 1 | P57: =IF(AND(M57=1,N57=0,O57=0),1,0) -> 0 | Q57: =IF(AND(N57=1,M57=0,O57=0),1,0) -> 0 | R57: =IF(AND(O57=1,N57=0,M57=0),1,0) -> 1 | S57: =IF(AND(O57=1,N57=0,M57=1),1,0) -> 0 | T57: =IF(AND(O57=1,N57=1,M57=0),1,0) -> 0 | U57: =IF(AND(M57=1,N57=1,O57=0),1,0) -> 0 | V57: =IF(AND(M57=1,N57=1,O57=1),1,0) -> 0 | W57: =IF(OR(AND(O57=1,M57=1,N57=0),AND(M57=0,O57=1,N57=1)),1,0) -> 0 | X57: =IF(AND(O57=0,N57=1,M57=1),1,0) -> 0 | Y57: =IF(OR(V57=1,T57=1,S57=1,R57=1),1,0) -> 1 | Z57: =IF(OR(Q57=1,P57=1,U57=1),1,0) -> 0 | AA57: =Y57+Z57 -> 1 | AC57: 1 | AD57: 0 | AE57: 0 | AG57: 1 | AH57: 1 | AI57: 0 | AJ57: 0 | AK57: 0 | AL57: 0 | AM57: 0 | AN57: 0 | AO57: 0 | AP57: 1 | AQ57: 0 | AR57: 1 | AS57: 0 | AT57: 0 | AU57: UK Rothamsted | AV57: Arable, different fertilisation
B58: 1 | C58: Verberne | D58: 1990 | E58: Verberne | F58: 1 | G58: 1 | H58: 3 | I58: 2 | J58: 2 | K58: 1 | L58: Explicit effect of physical protection by clyey soils | M58: 1 | N58: 0 | O58: 1 | P58: =IF(AND(M58=1,N58=0,O58=0),1,0) -> 0 | Q58: =IF(AND(N58=1,M58=0,O58=0),1,0) -> 0 | R58: =IF(AND(O58=1,N58=0,M58=0),1,0) -> 0 | S58: =IF(AND(O58=1,N58=0,M58=1),1,0) -> 1 | T58: =IF(AND(O58=1,N58=1,M58=0),1,0) -> 0 | U58: =IF(AND(M58=1,N58=1,O58=0),1,0) -> 0 | V58: =IF(AND(M58=1,N58=1,O58=1),1,0) -> 0 | W58: =IF(OR(AND(O58=1,M58=1,N58=0),AND(M58=0,O58=1,N58=1)),1,0) -> 1 | X58: =IF(AND(O58=0,N58=1,M58=1),1,0) -> 0 | Y58: =IF(OR(V58=1,T58=1,S58=1,R58=1),1,0) -> 1 | Z58: =IF(OR(Q58=1,P58=1,U58=1),1,0) -> 0 | AA58: =Y58+Z58 -> 1 | AC58: 1 | AD58: 0 | AE58: 0 | AF58: 0 | AG58: 0 | AH58: 0 | AI58: 0 | AJ58: 1 | AK58: 0 | AL58: 0 | AM58: 0 | AN58: 1 | AO58: 0 | AP58: 0 | AQ58: 0 | AR58: 0 | AS58: 0 | AT58: 1 | AU58: Temperate | AV58: Grassland, arable, forest | AX58: Very broad comparison to few points in literature (6?)
B59: 1 | C59: MBL-GEM | D59: 1991 | E59: Rastetter | F59: 2 | G59: 1 | H59: 3 | I59: 4 | J59: 2 | K59: 1 | M59: 1 | N59: 0 | O59: 1 | P59: =IF(AND(M59=1,N59=0,O59=0),1,0) -> 0 | Q59: =IF(AND(N59=1,M59=0,O59=0),1,0) -> 0 | R59: =IF(AND(O59=1,N59=0,M59=0),1,0) -> 0 | S59: =IF(AND(O59=1,N59=0,M59=1),1,0) -> 1 | T59: =IF(AND(O59=1,N59=1,M59=0),1,0) -> 0 | U59: =IF(AND(M59=1,N59=1,O59=0),1,0) -> 0 | V59: =IF(AND(M59=1,N59=1,O59=1),1,0) -> 0 | W59: =IF(OR(AND(O59=1,M59=1,N59=0),AND(M59=0,O59=1,N59=1)),1,0) -> 1 | X59: =IF(AND(O59=0,N59=1,M59=1),1,0) -> 0 | Y59: =IF(OR(V59=1,T59=1,S59=1,R59=1),1,0) -> 1 | Z59: =IF(OR(Q59=1,P59=1,U59=1),1,0) -> 0 | AA59: =Y59+Z59 -> 1 | AC59: 1 | AD59: 0 | AE59: 0 | AF59: 0 | AG59: 0 | AH59: 0 | AI59: 1 | AJ59: 1 | AK59: 0 | AL59: 0 | AM59: 0 | AN59: 1 | AO59: 1 | AP59: 0 | AQ59: 0 | AR59: 1 | AS59: 0 | AT59: 0 | AU59: Boreal and Temperate (US) | AV59: Forest
B60: 1 | C60: DNDC | D60: 1992 | E60: Li | F60: 1 | G60: 2 | H60: 3 | I60: 1 | J60: 2 | K60: 1 | L60: Decomposition submodel (aerobic conditions) | M60: 0 | N60: 0 | O60: 1 | P60: =IF(AND(M60=1,N60=0,O60=0),1,0) -> 0 | Q60: =IF(AND(N60=1,M60=0,O60=0),1,0) -> 0 | R60: =IF(AND(O60=1,N60=0,M60=0),1,0) -> 1 | S60: =IF(AND(O60=1,N60=0,M60=1),1,0) -> 0 | T60: =IF(AND(O60=1,N60=1,M60=0),1,0) -> 0 | U60: =IF(AND(M60=1,N60=1,O60=0),1,0) -> 0 | V60: =IF(AND(M60=1,N60=1,O60=1),1,0) -> 0 | W60: =IF(OR(AND(O60=1,M60=1,N60=0),AND(M60=0,O60=1,N60=1)),1,0) -> 0 | X60: =IF(AND(O60=0,N60=1,M60=1),1,0) -> 0 | Y60: =IF(OR(V60=1,T60=1,S60=1,R60=1),1,0) -> 1 | Z60: =IF(OR(Q60=1,P60=1,U60=1),1,0) -> 0 | AA60: =Y60+Z60 -> 1 | AC60: 1 | AD60: 0 | AE60: 0 | AF60: 0 | AG60: 0 | AH60: 0 | AI60: 0 | AJ60: 0 | AK60: 1 | AL60: 0 | AM60: 1 | AN60: 0 | AO60: 0 | AP60: 0 | AQ60: 0 | AR60: 1 | AS60: 0 | AT60: 0 | AU60: Loamy soil, Iowa | AV60: Arable | AX60: Mainly N
B61: 1 | C61: SUNDIAL | D61: 1993 | E61: Bradbury | F61: 1 | G61: 2 | H61: 3 | I61: 3 | J61: 2 | K61: 1 | M61: 0 | N61: 0 | O61: 1 | P61: =IF(AND(M61=1,N61=0,O61=0),1,0) -> 0 | Q61: =IF(AND(N61=1,M61=0,O61=0),1,0) -> 0 | R61: =IF(AND(O61=1,N61=0,M61=0),1,0) -> 1 | S61: =IF(AND(O61=1,N61=0,M61=1),1,0) -> 0 | T61: =IF(AND(O61=1,N61=1,M61=0),1,0) -> 0 | U61: =IF(AND(M61=1,N61=1,O61=0),1,0) -> 0 | V61: =IF(AND(M61=1,N61=1,O61=1),1,0) -> 0 | W61: =IF(OR(AND(O61=1,M61=1,N61=0),AND(M61=0,O61=1,N61=1)),1,0) -> 0 | X61: =IF(AND(O61=0,N61=1,M61=1),1,0) -> 0 | Y61: =IF(OR(V61=1,T61=1,S61=1,R61=1),1,0) -> 1 | Z61: =IF(OR(Q61=1,P61=1,U61=1),1,0) -> 0 | AA61: =Y61+Z61 -> 1 | AC61: 1 | AD61: 0 | AE61: 0 | AF61: 0 | AG61: 0 | AH61: 0 | AI61: 0 | AJ61: 1 | AK61: 0 | AL61: 1 | AM61: 0 | AN61: 1 | AO61: 0 | AP61: 0 | AQ61: 0 | AR61: 1 | AS61: 0 | AT61: 0 | AU61: Rothamsted | AV61: wheat
B62: 1 | C62: G'DAY | D62: 1993 | E62: Comins and McMurtrie | F62: 2 | G62: 1 | H62: 3 | I62: 4 | J62: 2 | K62: 0 | L62: Modified CENTURY decomposition submodel | M62: 0 | N62: 0 | O62: 1 | P62: =IF(AND(M62=1,N62=0,O62=0),1,0) -> 0 | Q62: =IF(AND(N62=1,M62=0,O62=0),1,0) -> 0 | R62: =IF(AND(O62=1,N62=0,M62=0),1,0) -> 1 | S62: =IF(AND(O62=1,N62=0,M62=1),1,0) -> 0 | T62: =IF(AND(O62=1,N62=1,M62=0),1,0) -> 0 | U62: =IF(AND(M62=1,N62=1,O62=0),1,0) -> 0 | V62: =IF(AND(M62=1,N62=1,O62=1),1,0) -> 0 | W62: =IF(OR(AND(O62=1,M62=1,N62=0),AND(M62=0,O62=1,N62=1)),1,0) -> 0 | X62: =IF(AND(O62=0,N62=1,M62=1),1,0) -> 0 | Y62: =IF(OR(V62=1,T62=1,S62=1,R62=1),1,0) -> 1 | Z62: =IF(OR(Q62=1,P62=1,U62=1),1,0) -> 0 | AA62: =Y62+Z62 -> 1 | AC62: 0 | AD62: 1 | AE62: 0 | AF62: 0 | AG62: 0 | AH62: 0 | AI62: 0 | AJ62: 0 | AK62: 0 | AL62: 0 | AM62: 0 | AN62: 0 | AO62: 0 | AP62: 0 | AQ62: 0 | AR62: 0 | AS62: 0 | AT62: 0 | AX62: limited nutrient systems, CO2 increase effect
B63: 1 | D63: 1993 | E63: De Ruiter | F63: 1 | G63: 1 | H63: 3 | I63: 4 | J63: 3 | K63: 1 | L63: food web model | M63: 1 | N63: 0 | O63: 1 | P63: =IF(AND(M63=1,N63=0,O63=0),1,0) -> 0 | Q63: =IF(AND(N63=1,M63=0,O63=0),1,0) -> 0 | R63: =IF(AND(O63=1,N63=0,M63=0),1,0) -> 0 | S63: =IF(AND(O63=1,N63=0,M63=1),1,0) -> 1 | T63: =IF(AND(O63=1,N63=1,M63=0),1,0) -> 0 | U63: =IF(AND(M63=1,N63=1,O63=0),1,0) -> 0 | V63: =IF(AND(M63=1,N63=1,O63=1),1,0) -> 0 | W63: =IF(OR(AND(O63=1,M63=1,N63=0),AND(M63=0,O63=1,N63=1)),1,0) -> 1 | X63: =IF(AND(O63=0,N63=1,M63=1),1,0) -> 0 | Y63: =IF(OR(V63=1,T63=1,S63=1,R63=1),1,0) -> 1 | Z63: =IF(OR(Q63=1,P63=1,U63=1),1,0) -> 0 | AA63: =Y63+Z63 -> 1 | AC63: 1 | AD63: 0 | AE63: 0 | AF63: 0 | AG63: 0 | AH63: 0 | AI63: 0 | AJ63: 0 | AK63: 1 | AL63: 0 | AM63: 0 | AN63: 1 | AO63: 1 | AP63: 0 | AQ63: 0 | AR63: 0 | AS63: 0 | AT63: 0 | AU63: US, Netherlands, Sweden | AV63: arable | AX63: food webs
B64: 1 | C64: ecosys | D64: 1993 | E64: Grant | F64: 1 | G64: 1 | H64: 2 | I64: 1 | J64: 3 | K64: 1 | L64: later embedded in ecosys | M64: 1 | N64: 0 | O64: 1 | P64: =IF(AND(M64=1,N64=0,O64=0),1,0) -> 0 | Q64: =IF(AND(N64=1,M64=0,O64=0),1,0) -> 0 | R64: =IF(AND(O64=1,N64=0,M64=0),1,0) -> 0 | S64: =IF(AND(O64=1,N64=0,M64=1),1,0) -> 1 | T64: =IF(AND(O64=1,N64=1,M64=0),1,0) -> 0 | U64: =IF(AND(M64=1,N64=1,O64=0),1,0) -> 0 | V64: =IF(AND(M64=1,N64=1,O64=1),1,0) -> 0 | W64: =IF(OR(AND(O64=1,M64=1,N64=0),AND(M64=0,O64=1,N64=1)),1,0) -> 1 | X64: =IF(AND(O64=0,N64=1,M64=1),1,0) -> 0 | Y64: =IF(OR(V64=1,T64=1,S64=1,R64=1),1,0) -> 1 | Z64: =IF(OR(Q64=1,P64=1,U64=1),1,0) -> 0 | AA64: =Y64+Z64 -> 1 | AC64: 1 | AD64: 0 | AE64: 0 | AF64: 0 | AG64: 0 | AH64: 0 | AI64: 1 | AJ64: 0 | AK64: 0 | AL64: 0 | AM64: 0 | AN64: 1 | AO64: 0 | AP64: 0 | AQ64: 1 | AR64: 0 | AS64: 0 | AT64: 0 | AU64: 8 soils fron US and Europe | AV64: Arable | AX64: Presented as validation but rather calibration ? At least I cant see the calibration
B65: 1 | C65: FBM | D65: 1993 | E65: Kindermann | F65: 7 | G65: 1 | H65: 5 | I65: 2 | J65: 2 | K65: 1 | L65: C-only | M65: 1 | N65: 0 | O65: 1 | P65: =IF(AND(M65=1,N65=0,O65=0),1,0) -> 0 | Q65: =IF(AND(N65=1,M65=0,O65=0),1,0) -> 0 | R65: =IF(AND(O65=1,N65=0,M65=0),1,0) -> 0 | S65: =IF(AND(O65=1,N65=0,M65=1),1,0) -> 1 | T65: =IF(AND(O65=1,N65=1,M65=0),1,0) -> 0 | U65: =IF(AND(M65=1,N65=1,O65=0),1,0) -> 0 | V65: =IF(AND(M65=1,N65=1,O65=1),1,0) -> 0 | W65: =IF(OR(AND(O65=1,M65=1,N65=0),AND(M65=0,O65=1,N65=1)),1,0) -> 1 | X65: =IF(AND(O65=0,N65=1,M65=1),1,0) -> 0 | Y65: =IF(OR(V65=1,T65=1,S65=1,R65=1),1,0) -> 1 | Z65: =IF(OR(Q65=1,P65=1,U65=1),1,0) -> 0 | AA65: =Y65+Z65 -> 1 | AC65: 1 | AD65: 0 | AE65: 0 | AF65: 0 | AG65: 0 | AH65: 0 | AI65: 1 | AJ65: 0 | AK65: 0 | AL65: 0 | AM65: 0 | AN65: 1 | AO65: 0 | AP65: 0 | AQ65: 0 | AR65: 0 | AS65: 0 | AT65: 1 | AU65: Cold temperate | AV65: Forest | AX65: Aims to go global, but shown only for 1 ecosystem
B66: 1 | C66: CENTURY (v2) | D66: 1993 | E66: Parton | F66: 2 | G66: 1 | H66: 4 | I66: 3 | J66: 2 | K66: 1 | L66: Evolution from Parton 1987; the article only describes C and N equations, although also P and S are modeled | M66: 1 | N66: 0 | O66: 1 | P66: =IF(AND(M66=1,N66=0,O66=0),1,0) -> 0 | Q66: =IF(AND(N66=1,M66=0,O66=0),1,0) -> 0 | R66: =IF(AND(O66=1,N66=0,M66=0),1,0) -> 0 | S66: =IF(AND(O66=1,N66=0,M66=1),1,0) -> 1 | T66: =IF(AND(O66=1,N66=1,M66=0),1,0) -> 0 | U66: =IF(AND(M66=1,N66=1,O66=0),1,0) -> 0 | V66: =IF(AND(M66=1,N66=1,O66=1),1,0) -> 0 | W66: =IF(OR(AND(O66=1,M66=1,N66=0),AND(M66=0,O66=1,N66=1)),1,0) -> 1 | X66: =IF(AND(O66=0,N66=1,M66=1),1,0) -> 0 | Y66: =IF(OR(V66=1,T66=1,S66=1,R66=1),1,0) -> 1 | Z66: =IF(OR(Q66=1,P66=1,U66=1),1,0) -> 0 | AA66: =Y66+Z66 -> 1 | AC66: 1 | AD66: 0 | AE66: 0 | AF66: 0 | AG66: 0 | AH66: 0 | AI66: 0 | AJ66: 1 | AK66: 0 | AL66: 0 | AM66: 0 | AN66: 1 | AO66: 0 | AP66: 0 | AQ66: 0 | AR66: 1 | AS66: 0 | AT66: 0 | AU66: Large range of conditons (temperate, tropical, "artic"), well described, 11 locations | AV66: Grassland
B67: 1 | C67: CASA | D67: 1993 | E67: Potter | F67: 7 | G67: 1 | H67: 5 | I67: 3 | J67: 2 | K67: 1 | L67: SOM submodel derived from CENTURY | M67: 1 | N67: 0 | O67: 0 | P67: =IF(AND(M67=1,N67=0,O67=0),1,0) -> 1 | Q67: =IF(AND(N67=1,M67=0,O67=0),1,0) -> 0 | R67: =IF(AND(O67=1,N67=0,M67=0),1,0) -> 0 | S67: =IF(AND(O67=1,N67=0,M67=1),1,0) -> 0 | T67: =IF(AND(O67=1,N67=1,M67=0),1,0) -> 0 | U67: =IF(AND(M67=1,N67=1,O67=0),1,0) -> 0 | V67: =IF(AND(M67=1,N67=1,O67=1),1,0) -> 0 | W67: =IF(OR(AND(O67=1,M67=1,N67=0),AND(M67=0,O67=1,N67=1)),1,0) -> 0 | X67: =IF(AND(O67=0,N67=1,M67=1),1,0) -> 0 | Y67: =IF(OR(V67=1,T67=1,S67=1,R67=1),1,0) -> 0 | Z67: =IF(OR(Q67=1,P67=1,U67=1),1,0) -> 1 | AA67: =Y67+Z67 -> 1 | AC67: 1 | AD67: 0 | AE67: 0 | AF67: 0 | AG67: 0 | AH67: 0 | AI67: 1 | AJ67: 1 | AK67: 0 | AL67: 0 | AM67: 0 | AN67: 1 | AO67: 1 | AP67: 0 | AQ67: 0 | AR67: 1 | AS67: 1 | AT67: 0 | AU67: US, Europe, Africa (11 sites) | AV67: Desert, Grassland, Forest | AX67: Not sure about the calibration / validation procedure
B68: 1 | D68: 1993 | E68: Ryzhova | F68: 2 | G68: 1 | H68: 3 | I68: 4 | J68: 2 | K68: 0 | L68: C only model | M68: 1 | N68: 0 | O68: 0 | P68: =IF(AND(M68=1,N68=0,O68=0),1,0) -> 1 | Q68: =IF(AND(N68=1,M68=0,O68=0),1,0) -> 0 | R68: =IF(AND(O68=1,N68=0,M68=0),1,0) -> 0 | S68: =IF(AND(O68=1,N68=0,M68=1),1,0) -> 0 | T68: =IF(AND(O68=1,N68=1,M68=0),1,0) -> 0 | U68: =IF(AND(M68=1,N68=1,O68=0),1,0) -> 0 | V68: =IF(AND(M68=1,N68=1,O68=1),1,0) -> 0 | W68: =IF(OR(AND(O68=1,M68=1,N68=0),AND(M68=0,O68=1,N68=1)),1,0) -> 0 | X68: =IF(AND(O68=0,N68=1,M68=1),1,0) -> 0 | Y68: =IF(OR(V68=1,T68=1,S68=1,R68=1),1,0) -> 0 | Z68: =IF(OR(Q68=1,P68=1,U68=1),1,0) -> 1 | AA68: =Y68+Z68 -> 1 | AC68: 1 | AD68: 0 | AE68: 0 | AF68: 0 | AG68: 0 | AH68: 0 | AI68: 0 | AJ68: 1 | AK68: 0 | AL68: 0 | AM68: 0 | AN68: 1 | AO68: 0 | AP68: 0 | AQ68: 0 | AR68: 1 | AS68: 0 | AT68: 0 | AU68: Russian plain | AV68: Grassland
B69: 1 | C69: Q-Model | D69: 1994 | E69: Bosatta and Agren | F69: 1 | G69: 1 | H69: 3 | I69: 4 | J69: 2 | K69: 0 | L69: Continuum quality model; cohort formalism; C only model | M69: 1 | N69: 0 | O69: 0 | P69: =IF(AND(M69=1,N69=0,O69=0),1,0) -> 1 | Q69: =IF(AND(N69=1,M69=0,O69=0),1,0) -> 0 | R69: =IF(AND(O69=1,N69=0,M69=0),1,0) -> 0 | S69: =IF(AND(O69=1,N69=0,M69=1),1,0) -> 0 | T69: =IF(AND(O69=1,N69=1,M69=0),1,0) -> 0 | U69: =IF(AND(M69=1,N69=1,O69=0),1,0) -> 0 | V69: =IF(AND(M69=1,N69=1,O69=1),1,0) -> 0 | W69: =IF(OR(AND(O69=1,M69=1,N69=0),AND(M69=0,O69=1,N69=1)),1,0) -> 0 | X69: =IF(AND(O69=0,N69=1,M69=1),1,0) -> 0 | Y69: =IF(OR(V69=1,T69=1,S69=1,R69=1),1,0) -> 0 | Z69: =IF(OR(Q69=1,P69=1,U69=1),1,0) -> 1 | AA69: =Y69+Z69 -> 1 | AC69: 1 | AD69: 0 | AE69: 0 | AF69: 0 | AG69: 0 | AH69: 0 | AI69: 0 | AJ69: 1 | AK69: 0 | AL69: 0 | AM69: 1 | AN69: 0 | AO69: 0 | AP69: 0 | AQ69: 1 | AR69: 0 | AS69: 0 | AT69: 1 | AU69: Temperate | AV69: Forest, arable | AX69: Only reported as fraction of C biomass
B70: 1 | D70: 1994 | E70: Kersebaum and Richter | F70: 1 | G70: 1 | H70: 2 | I70: 2 | J70: 3 | K70: 0 | M70: 1 | N70: 0 | O70: 0 | P70: =IF(AND(M70=1,N70=0,O70=0),1,0) -> 1 | Q70: =IF(AND(N70=1,M70=0,O70=0),1,0) -> 0 | R70: =IF(AND(O70=1,N70=0,M70=0),1,0) -> 0 | S70: =IF(AND(O70=1,N70=0,M70=1),1,0) -> 0 | T70: =IF(AND(O70=1,N70=1,M70=0),1,0) -> 0 | U70: =IF(AND(M70=1,N70=1,O70=0),1,0) -> 0 | V70: =IF(AND(M70=1,N70=1,O70=1),1,0) -> 0 | W70: =IF(OR(AND(O70=1,M70=1,N70=0),AND(M70=0,O70=1,N70=1)),1,0) -> 0 | X70: =IF(AND(O70=0,N70=1,M70=1),1,0) -> 0 | Y70: =IF(OR(V70=1,T70=1,S70=1,R70=1),1,0) -> 0 | Z70: =IF(OR(Q70=1,P70=1,U70=1),1,0) -> 1 | AA70: =Y70+Z70 -> 1 | AC70: 1 | AD70: 0 | AE70: 0 | AF70: 0 | AG70: 0 | AH70: 1 | AI70: 0 | AJ70: 0 | AK70: 0 | AL70: 0 | AM70: 1 | AN70: 0 | AO70: 0 | AP70: 0 | AQ70: 1 | AR70: 0 | AS70: 0 | AT70: 0 | AU70: Temperate | AV70: Arable
B71: 1 | D71: 1995 | E71: Elzein and Balesdent | F71: 1 | G71: 2 | H71: 3 | I71: 4 | J71: 2 | K71: 0 | L71: C only model (Generalized Compact Model) | M71: 1 | N71: 0 | O71: 0 | P71: =IF(AND(M71=1,N71=0,O71=0),1,0) -> 1 | Q71: =IF(AND(N71=1,M71=0,O71=0),1,0) -> 0 | R71: =IF(AND(O71=1,N71=0,M71=0),1,0) -> 0 | S71: =IF(AND(O71=1,N71=0,M71=1),1,0) -> 0 | T71: =IF(AND(O71=1,N71=1,M71=0),1,0) -> 0 | U71: =IF(AND(M71=1,N71=1,O71=0),1,0) -> 0 | V71: =IF(AND(M71=1,N71=1,O71=1),1,0) -> 0 | W71: =IF(OR(AND(O71=1,M71=1,N71=0),AND(M71=0,O71=1,N71=1)),1,0) -> 0 | X71: =IF(AND(O71=0,N71=1,M71=1),1,0) -> 0 | Y71: =IF(OR(V71=1,T71=1,S71=1,R71=1),1,0) -> 0 | Z71: =IF(OR(Q71=1,P71=1,U71=1),1,0) -> 1 | AA71: =Y71+Z71 -> 1 | AC71: 1 | AD71: 0 | AE71: 0 | AF71: 0 | AG71: 0 | AH71: 0 | AI71: 0 | AJ71: 1 | AK71: 0 | AL71: 0 | AM71: 1 | AN71: 0 | AO71: 0 | AP71: 0 | AQ71: 0 | AR71: 1 | AS71: 0 | AT71: 0 | AU71: Temperate, Tropical | AV71: forest
B72: 1 | C72: DEMETER | D72: 1995 | E72: Foley | F72: 7 | G72: 1 | H72: 5 | I72: 5 | J72: 2 | K72: 1 | L72: C model only | M72: 0 | N72: 0 | O72: 1 | P72: =IF(AND(M72=1,N72=0,O72=0),1,0) -> 0 | Q72: =IF(AND(N72=1,M72=0,O72=0),1,0) -> 0 | R72: =IF(AND(O72=1,N72=0,M72=0),1,0) -> 1 | S72: =IF(AND(O72=1,N72=0,M72=1),1,0) -> 0 | T72: =IF(AND(O72=1,N72=1,M72=0),1,0) -> 0 | U72: =IF(AND(M72=1,N72=1,O72=0),1,0) -> 0 | V72: =IF(AND(M72=1,N72=1,O72=1),1,0) -> 0 | W72: =IF(OR(AND(O72=1,M72=1,N72=0),AND(M72=0,O72=1,N72=1)),1,0) -> 0 | X72: =IF(AND(O72=0,N72=1,M72=1),1,0) -> 0 | Y72: =IF(OR(V72=1,T72=1,S72=1,R72=1),1,0) -> 1 | Z72: =IF(OR(Q72=1,P72=1,U72=1),1,0) -> 0 | AA72: =Y72+Z72 -> 1 | AC72: 1 | AD72: 0 | AE72: 0 | AF72: 0 | AG72: 0 | AH72: 0 | AI72: 0 | AJ72: 1 | AK72: 1 | AL72: 0 | AM72: 1 | AN72: 0 | AO72: 0 | AP72: 0 | AQ72: 0 | AR72: 0 | AS72: 1 | AT72: 1 | AU72: Global | AV72: Global, natural
B73: 1 | D73: 1995 | E73: Thornley | F73: 2 | G73: 1 | H73: 3 | I73: 4 | J73: 2 | K73: 0 | L73: Mineralization as pipe delay process | M73: 1 | N73: 1 | O73: 0 | P73: =IF(AND(M73=1,N73=0,O73=0),1,0) -> 0 | Q73: =IF(AND(N73=1,M73=0,O73=0),1,0) -> 0 | R73: =IF(AND(O73=1,N73=0,M73=0),1,0) -> 0 | S73: =IF(AND(O73=1,N73=0,M73=1),1,0) -> 0 | T73: =IF(AND(O73=1,N73=1,M73=0),1,0) -> 0 | U73: =IF(AND(M73=1,N73=1,O73=0),1,0) -> 1 | V73: =IF(AND(M73=1,N73=1,O73=1),1,0) -> 0 | W73: =IF(OR(AND(O73=1,M73=1,N73=0),AND(M73=0,O73=1,N73=1)),1,0) -> 0 | X73: =IF(AND(O73=0,N73=1,M73=1),1,0) -> 1 | Y73: =IF(OR(V73=1,T73=1,S73=1,R73=1),1,0) -> 0 | Z73: =IF(OR(Q73=1,P73=1,U73=1),1,0) -> 1 | AA73: =Y73+Z73 -> 1 | AC73: 0 | AD73: 1 | AE73: Na | AF73: Na | AG73: Na | AH73: Na | AI73: Na | AJ73: Na | AK73: Na | AL73: Na | AM73: Na | AN73: Na | AO73: 0 | AP73: Na | AQ73: Na | AR73: Na | AS73: Na | AU73: Na | AV73: Na
B74: 1 | D74: 1996 | E74: Agren and Bosatta | F74: 2 | G74: 1 | H74: 3 | I74: 5 | J74: 2 | K74: 0 | M74: 1 | N74: 0 | O74: 0 | P74: =IF(AND(M74=1,N74=0,O74=0),1,0) -> 1 | Q74: =IF(AND(N74=1,M74=0,O74=0),1,0) -> 0 | R74: =IF(AND(O74=1,N74=0,M74=0),1,0) -> 0 | S74: =IF(AND(O74=1,N74=0,M74=1),1,0) -> 0 | T74: =IF(AND(O74=1,N74=1,M74=0),1,0) -> 0 | U74: =IF(AND(M74=1,N74=1,O74=0),1,0) -> 0 | V74: =IF(AND(M74=1,N74=1,O74=1),1,0) -> 0 | W74: =IF(OR(AND(O74=1,M74=1,N74=0),AND(M74=0,O74=1,N74=1)),1,0) -> 0 | X74: =IF(AND(O74=0,N74=1,M74=1),1,0) -> 0 | Y74: =IF(OR(V74=1,T74=1,S74=1,R74=1),1,0) -> 0 | Z74: =IF(OR(Q74=1,P74=1,U74=1),1,0) -> 1 | AA74: =Y74+Z74 -> 1 | AC74: 1 | AD74: 0 | AE74: 0 | AF74: 0 | AG74: 1 | AH74: 0 | AI74: 0 | AJ74: 0 | AK74: 0 | AL74: 0 | AM74: 0 | AN74: 1 | AO74: 1 | AP74: 0 | AQ74: 0 | AR74: 1 | AS74: 0 | AU74: Temperate | AV74: Cropland | AW74: Forests (only oaks and only qualitative evaluation) | AX74: Diachronic evaluation of C content and delta C13. Calibration of one parameter only, such that curve passes through C content at one year. Then, fitting of a delta C13 series with no more adjustments
B75: 1 | C75: Q-Model | D75: 1996 | E75: Bosatta and Agren | F75: 1 | G75: 2 | H75: 3 | I75: 4 | J75: 2 | K75: 0 | L75: Explicit dynamics of SOM C, N, P and S along the soil profile | M75: 1 | N75: 0 | O75: 0 | P75: =IF(AND(M75=1,N75=0,O75=0),1,0) -> 1 | Q75: =IF(AND(N75=1,M75=0,O75=0),1,0) -> 0 | R75: =IF(AND(O75=1,N75=0,M75=0),1,0) -> 0 | S75: =IF(AND(O75=1,N75=0,M75=1),1,0) -> 0 | T75: =IF(AND(O75=1,N75=1,M75=0),1,0) -> 0 | U75: =IF(AND(M75=1,N75=1,O75=0),1,0) -> 0 | V75: =IF(AND(M75=1,N75=1,O75=1),1,0) -> 0 | W75: =IF(OR(AND(O75=1,M75=1,N75=0),AND(M75=0,O75=1,N75=1)),1,0) -> 0 | X75: =IF(AND(O75=0,N75=1,M75=1),1,0) -> 0 | Y75: =IF(OR(V75=1,T75=1,S75=1,R75=1),1,0) -> 0 | Z75: =IF(OR(Q75=1,P75=1,U75=1),1,0) -> 1 | AA75: =Y75+Z75 -> 1 | AC75: 1 | AD75: 0 | AE75: 0 | AF75: 0 | AG75: 0 | AH75: 0 | AI75: 0 | AJ75: 0 | AK75: 1 | AL75: 0 | AM75: 0 | AN75: 1 | AO75: 1 | AP75: 0 | AQ75: 0 | AR75: 1 | AS75: 0 | AU75: Humid Subtropical (Australia) and humid continental (Iowa) | AV75: Cropland and Forests | AX75: *at different soil depths, for N, S and P too
B76: 1 | C76: SCM | D76: 1996 | E76: Panikov and Sizova | F76: 1 | G76: 1 | H76: 2 | I76: 1 | J76: 3 | K76: 0 | L76: General kinetic model for MB characteristic assessment | M76: 1 | N76: 0 | O76: 0 | P76: =IF(AND(M76=1,N76=0,O76=0),1,0) -> 1 | Q76: =IF(AND(N76=1,M76=0,O76=0),1,0) -> 0 | R76: =IF(AND(O76=1,N76=0,M76=0),1,0) -> 0 | S76: =IF(AND(O76=1,N76=0,M76=1),1,0) -> 0 | T76: =IF(AND(O76=1,N76=1,M76=0),1,0) -> 0 | U76: =IF(AND(M76=1,N76=1,O76=0),1,0) -> 0 | V76: =IF(AND(M76=1,N76=1,O76=1),1,0) -> 0 | W76: =IF(OR(AND(O76=1,M76=1,N76=0),AND(M76=0,O76=1,N76=1)),1,0) -> 0 | X76: =IF(AND(O76=0,N76=1,M76=1),1,0) -> 0 | Y76: =IF(OR(V76=1,T76=1,S76=1,R76=1),1,0) -> 0 | Z76: =IF(OR(Q76=1,P76=1,U76=1),1,0) -> 1 | AA76: =Y76+Z76 -> 1 | AC76: 1 | AD76: 0 | AE76: 0 | AF76: 0 | AG76: 0 | AH76: 0 | AI76: 1 | AJ76: 0 | AK76: 0 | AL76: 0 | AM76: 0 | AN76: 1 | AO76: 1 | AP76: 0 | AQ76: 1 | AR76: 0 | AS76: 0 | AU76: Laboratory | AV76: Na | AW76: Amdended soils | AX76: *time scale: hours
B77: 1 | D77: 1996 | E77: Saggar | F77: 1 | G77: 1 | H77: 3 | I77: 4 | J77: 2 | K77: 0 | L77: 14C model | M77: 1 | N77: 1 | O77: 0 | P77: =IF(AND(M77=1,N77=0,O77=0),1,0) -> 0 | Q77: =IF(AND(N77=1,M77=0,O77=0),1,0) -> 0 | R77: =IF(AND(O77=1,N77=0,M77=0),1,0) -> 0 | S77: =IF(AND(O77=1,N77=0,M77=1),1,0) -> 0 | T77: =IF(AND(O77=1,N77=1,M77=0),1,0) -> 0 | U77: =IF(AND(M77=1,N77=1,O77=0),1,0) -> 1 | V77: =IF(AND(M77=1,N77=1,O77=1),1,0) -> 0 | W77: =IF(OR(AND(O77=1,M77=1,N77=0),AND(M77=0,O77=1,N77=1)),1,0) -> 0 | X77: =IF(AND(O77=0,N77=1,M77=1),1,0) -> 1 | Y77: =IF(OR(V77=1,T77=1,S77=1,R77=1),1,0) -> 0 | Z77: =IF(OR(Q77=1,P77=1,U77=1),1,0) -> 1 | AA77: =Y77+Z77 -> 1 | AC77: 0 | AD77: 1 | AE77: Na | AF77: Na | AG77: Na | AH77: Na | AI77: Na | AJ77: Na | AK77: Na | AL77: Na | AM77: Na | AN77: Na | AO77: 0 | AP77: Na | AQ77: Na | AR77: Na | AS77: Na | AU77: Na | AV77: Na
B78: 1 | C78: 8SV | D78: 1996 | E78: Schwinning and Parsons | F78: 2 | G78: 1 | H78: 3 | I78: 4 | J78: 2 | K78: 0 | L78: Simplified version of Thornley 1995 model | M78: 1 | N78: 1 | O78: 0 | P78: =IF(AND(M78=1,N78=0,O78=0),1,0) -> 0 | Q78: =IF(AND(N78=1,M78=0,O78=0),1,0) -> 0 | R78: =IF(AND(O78=1,N78=0,M78=0),1,0) -> 0 | S78: =IF(AND(O78=1,N78=0,M78=1),1,0) -> 0 | T78: =IF(AND(O78=1,N78=1,M78=0),1,0) -> 0 | U78: =IF(AND(M78=1,N78=1,O78=0),1,0) -> 1 | V78: =IF(AND(M78=1,N78=1,O78=1),1,0) -> 0 | W78: =IF(OR(AND(O78=1,M78=1,N78=0),AND(M78=0,O78=1,N78=1)),1,0) -> 0 | X78: =IF(AND(O78=0,N78=1,M78=1),1,0) -> 1 | Y78: =IF(OR(V78=1,T78=1,S78=1,R78=1),1,0) -> 0 | Z78: =IF(OR(Q78=1,P78=1,U78=1),1,0) -> 1 | AA78: =Y78+Z78 -> 1 | AC78: 0 | AD78: 1 | AE78: Na | AF78: Na | AG78: Na | AH78: Na | AI78: Na | AJ78: Na | AK78: Na | AL78: Na | AM78: Na | AN78: Na | AO78: 0 | AP78: Na | AQ78: Na | AR78: Na | AS78: Na | AU78: Na | AV78: Na
B79: 1 | D79: 1996 | E79: Whitmore | F79: 1 | G79: 1 | H79: 2 | I79: 3 | J79: 3 | K79: 0 | L79: C only model | M79: 1 | N79: 1 | O79: 0 | P79: =IF(AND(M79=1,N79=0,O79=0),1,0) -> 0 | Q79: =IF(AND(N79=1,M79=0,O79=0),1,0) -> 0 | R79: =IF(AND(O79=1,N79=0,M79=0),1,0) -> 0 | S79: =IF(AND(O79=1,N79=0,M79=1),1,0) -> 0 | T79: =IF(AND(O79=1,N79=1,M79=0),1,0) -> 0 | U79: =IF(AND(M79=1,N79=1,O79=0),1,0) -> 1 | V79: =IF(AND(M79=1,N79=1,O79=1),1,0) -> 0 | W79: =IF(OR(AND(O79=1,M79=1,N79=0),AND(M79=0,O79=1,N79=1)),1,0) -> 0 | X79: =IF(AND(O79=0,N79=1,M79=1),1,0) -> 1 | Y79: =IF(OR(V79=1,T79=1,S79=1,R79=1),1,0) -> 0 | Z79: =IF(OR(Q79=1,P79=1,U79=1),1,0) -> 1 | AA79: =Y79+Z79 -> 1 | AC79: 1 | AD79: 0 | AE79: 0 | AF79: 0 | AG79: 0 | AH79: 0 | AI79: 1 | AJ79: 0 | AK79: 0 | AL79: 0 | AM79: 0 | AN79: 1 | AO79: 0 | AP79: 0 | AQ79: 1 | AR79: 0 | AS79: 0 | AU79: Lab soils: sand, silty clay loam and caly soils | AV79: crop residues | AX79: *time scale: 1 year
B80: 1 | D80: 1996 | E80: Whitmore | F80: 1 | G80: 1 | H80: 2 | I80: 3 | J80: 2 | K80: 0 | L80: Model for a generic microbial mass | M80: 1 | N80: 0 | O80: 0 | P80: =IF(AND(M80=1,N80=0,O80=0),1,0) -> 1 | Q80: =IF(AND(N80=1,M80=0,O80=0),1,0) -> 0 | R80: =IF(AND(O80=1,N80=0,M80=0),1,0) -> 0 | S80: =IF(AND(O80=1,N80=0,M80=1),1,0) -> 0 | T80: =IF(AND(O80=1,N80=1,M80=0),1,0) -> 0 | U80: =IF(AND(M80=1,N80=1,O80=0),1,0) -> 0 | V80: =IF(AND(M80=1,N80=1,O80=1),1,0) -> 0 | W80: =IF(OR(AND(O80=1,M80=1,N80=0),AND(M80=0,O80=1,N80=1)),1,0) -> 0 | X80: =IF(AND(O80=0,N80=1,M80=1),1,0) -> 0 | Y80: =IF(OR(V80=1,T80=1,S80=1,R80=1),1,0) -> 0 | Z80: =IF(OR(Q80=1,P80=1,U80=1),1,0) -> 1 | AA80: =Y80+Z80 -> 1 | AC80: 1 | AD80: 0 | AE80: 0 | AF80: 0 | AG80: 1 | AH80: 0 | AI80: 0 | AJ80: 0 | AK80: 0 | AL80: 0 | AM80: 0 | AN80: 1 | AO80: 1 | AP80: 0 | AQ80: 1 | AR80: 0 | AS80: 0 | AU80: Na | AV80: sugaribeet residues | AX80: Diachronic evalutation of C and N content (48 weeks time-scale)
B81: 1 | C81: ICBM | D81: 1997 | E81: Andren and Katterer | F81: 1 | G81: 1 | H81: 3 | I81: 4 | J81: 2 | K81: 0 | L81: C model only | M81: 0 | N81: 1 | O81: 1 | P81: =IF(AND(M81=1,N81=0,O81=0),1,0) -> 0 | Q81: =IF(AND(N81=1,M81=0,O81=0),1,0) -> 0 | R81: =IF(AND(O81=1,N81=0,M81=0),1,0) -> 0 | S81: =IF(AND(O81=1,N81=0,M81=1),1,0) -> 0 | T81: =IF(AND(O81=1,N81=1,M81=0),1,0) -> 1 | U81: =IF(AND(M81=1,N81=1,O81=0),1,0) -> 0 | V81: =IF(AND(M81=1,N81=1,O81=1),1,0) -> 0 | W81: =IF(OR(AND(O81=1,M81=1,N81=0),AND(M81=0,O81=1,N81=1)),1,0) -> 1 | X81: =IF(AND(O81=0,N81=1,M81=1),1,0) -> 0 | Y81: =IF(OR(V81=1,T81=1,S81=1,R81=1),1,0) -> 1 | Z81: =IF(OR(Q81=1,P81=1,U81=1),1,0) -> 0 | AA81: =Y81+Z81 -> 1 | AC81: 1 | AD81: 0 | AE81: 0 | AF81: 0 | AG81: 1 | AH81: 0 | AI81: 0 | AJ81: 0 | AK81: 0 | AL81: 0 | AM81: 0 | AN81: 1 | AO81: 1 | AP81: 0 | AQ81: 0 | AR81: 1 | AS81: 0 | AU81: Cold temperate and semi-humid (Sweden), clay soil | AV81: Cropland | AX81: *short-term predictions (30 years)
B82: 1 | C82: SOMM | D82: 1997 | E82: Chertov | F82: 1 | G82: 1 | H82: 2 | I82: 3 | J82: 2 | K82: 1 | L82: Includes P, K, Mg, Ca | M82: 0 | N82: 1 | O82: 1 | P82: =IF(AND(M82=1,N82=0,O82=0),1,0) -> 0 | Q82: =IF(AND(N82=1,M82=0,O82=0),1,0) -> 0 | R82: =IF(AND(O82=1,N82=0,M82=0),1,0) -> 0 | S82: =IF(AND(O82=1,N82=0,M82=1),1,0) -> 0 | T82: =IF(AND(O82=1,N82=1,M82=0),1,0) -> 1 | U82: =IF(AND(M82=1,N82=1,O82=0),1,0) -> 0 | V82: =IF(AND(M82=1,N82=1,O82=1),1,0) -> 0 | W82: =IF(OR(AND(O82=1,M82=1,N82=0),AND(M82=0,O82=1,N82=1)),1,0) -> 1 | X82: =IF(AND(O82=0,N82=1,M82=1),1,0) -> 0 | Y82: =IF(OR(V82=1,T82=1,S82=1,R82=1),1,0) -> 1 | Z82: =IF(OR(Q82=1,P82=1,U82=1),1,0) -> 0 | AA82: =Y82+Z82 -> 1 | AC82: 1 | AD82: 0 | AE82: 0 | AF82: 0 | AG82: 1 | AH82: 0 | AI82: 0 | AJ82: 0 | AK82: 0 | AL82: 0 | AM82: 1 | AN82: 0 | AO82: 0 | AP82: 0 | AQ82: 1 | AR82: 0 | AS82: 1 | AU82: Parametrization on lab soils (forest and agricultural soils from cold temperate Russia), evaluation at large scale (different pedo-climatic conditions) | AV82: Natural ecosystems | AX82: *Parametrization on short-term laboratory experiments and evaluation through large scale simulations of humus formation for many soil types in different natural zones
B83: 1 | C83: DocMod | D83: 1997 | E83: Currie and Aber | F83: 1 | G83: 1 | H83: 4 | I83: 3 | J83: 2 | K83: 1 | M83: 0 | N83: 1 | O83: 0 | P83: =IF(AND(M83=1,N83=0,O83=0),1,0) -> 0 | Q83: =IF(AND(N83=1,M83=0,O83=0),1,0) -> 1 | R83: =IF(AND(O83=1,N83=0,M83=0),1,0) -> 0 | S83: =IF(AND(O83=1,N83=0,M83=1),1,0) -> 0 | T83: =IF(AND(O83=1,N83=1,M83=0),1,0) -> 0 | U83: =IF(AND(M83=1,N83=1,O83=0),1,0) -> 0 | V83: =IF(AND(M83=1,N83=1,O83=1),1,0) -> 0 | W83: =IF(OR(AND(O83=1,M83=1,N83=0),AND(M83=0,O83=1,N83=1)),1,0) -> 0 | X83: =IF(AND(O83=0,N83=1,M83=1),1,0) -> 0 | Y83: =IF(OR(V83=1,T83=1,S83=1,R83=1),1,0) -> 0 | Z83: =IF(OR(Q83=1,P83=1,U83=1),1,0) -> 1 | AA83: =Y83+Z83 -> 1 | AC83: 1 | AD83: 0 | AE83: 0 | AF83: 0 | AG83: 0 | AH83: 0 | AI83: 0 | AJ83: 0 | AK83: 1 | AL83: 0 | AM83: 1 | AN83: 0 | AO83: 0 | AP83: 0 | AQ83: 0 | AR83: 0 | AS83: 1 | AU83: Cold temperate of the White Mountains Region (USA) | AV83: Forests | AX83: *Landscape-scale effects of gradients in forest cover type, litter chemistry, rates of litter inputs, T˚ and W on forest-floor pools and I/O fluxes of C and N (applied at an experimental forest measurment network)
B84: 1 | C84: Hybrid | D84: 1997 | E84: Friend | F84: 7 | G84: 1 | H84: 3 | I84: 2 | J84: 2 | K84: 1 | L84: Derived from CENTURY (Parton 1993) | M84: 0 | N84: 1 | O84: 1 | P84: =IF(AND(M84=1,N84=0,O84=0),1,0) -> 0 | Q84: =IF(AND(N84=1,M84=0,O84=0),1,0) -> 0 | R84: =IF(AND(O84=1,N84=0,M84=0),1,0) -> 0 | S84: =IF(AND(O84=1,N84=0,M84=1),1,0) -> 0 | T84: =IF(AND(O84=1,N84=1,M84=0),1,0) -> 1 | U84: =IF(AND(M84=1,N84=1,O84=0),1,0) -> 0 | V84: =IF(AND(M84=1,N84=1,O84=1),1,0) -> 0 | W84: =IF(OR(AND(O84=1,M84=1,N84=0),AND(M84=0,O84=1,N84=1)),1,0) -> 1 | X84: =IF(AND(O84=0,N84=1,M84=1),1,0) -> 0 | Y84: =IF(OR(V84=1,T84=1,S84=1,R84=1),1,0) -> 1 | Z84: =IF(OR(Q84=1,P84=1,U84=1),1,0) -> 0 | AA84: =Y84+Z84 -> 1 | AC84: 0 | AD84: 1 | AE84: 0 | AF84: 0 | AG84: 0 | AH84: 0 | AI84: 0 | AJ84: 0 | AK84: 0 | AL84: 0 | AM84: 0 | AN84: 0 | AO84: 0 | AP84: 0 | AQ84: 0 | AR84: 0 | AS84: 0 | AU84: Na | AV84: Na | AX84: The authors say they will test the model, but without altering the internal parameterization. i.e. they will test and improve the model performance without fitting data
B85: 1 | D85: 1997 | E85: Hassink | F85: 1 | G85: 1 | H85: 2 | I85: 4 | J85: 2 | K85: 0 | L85: Nonlinear adsorption kinetics, C-only | M85: 1 | N85: 1 | O85: 0 | P85: =IF(AND(M85=1,N85=0,O85=0),1,0) -> 0 | Q85: =IF(AND(N85=1,M85=0,O85=0),1,0) -> 0 | R85: =IF(AND(O85=1,N85=0,M85=0),1,0) -> 0 | S85: =IF(AND(O85=1,N85=0,M85=1),1,0) -> 0 | T85: =IF(AND(O85=1,N85=1,M85=0),1,0) -> 0 | U85: =IF(AND(M85=1,N85=1,O85=0),1,0) -> 1 | V85: =IF(AND(M85=1,N85=1,O85=1),1,0) -> 0 | W85: =IF(OR(AND(O85=1,M85=1,N85=0),AND(M85=0,O85=1,N85=1)),1,0) -> 0 | X85: =IF(AND(O85=0,N85=1,M85=1),1,0) -> 1 | Y85: =IF(OR(V85=1,T85=1,S85=1,R85=1),1,0) -> 0 | Z85: =IF(OR(Q85=1,P85=1,U85=1),1,0) -> 1 | AA85: =Y85+Z85 -> 1 | AC85: 1 | AD85: 0 | AE85: 0 | AF85: 0 | AG85: 1 | AH85: 0 | AI85: 0 | AJ85: 0 | AK85: 0 | AL85: 0 | AM85: 0 | AN85: 1 | AO85: 1 | AP85: 0 | AQ85: 1 | AR85: 0 | AS85: 0 | AU85: Laboratory, soils taken from temperate Netherlands | AV85: Arable (9 sites) and grassland (1 site) | AX85: * Diachronic evaluation of SOC content for 20 years (either no addition of OM all along, or 10 yrs addition of grass residues, then 10 yrs without any OM addition)
B86: 1 | D86: 1997 | E86: Tateno and Chapin | F86: 2 | G86: 1 | H86: 3 | I86: 4 | J86: 2 | K86: 0 | M86: 1 | N86: 1 | O86: 0 | P86: =IF(AND(M86=1,N86=0,O86=0),1,0) -> 0 | Q86: =IF(AND(N86=1,M86=0,O86=0),1,0) -> 0 | R86: =IF(AND(O86=1,N86=0,M86=0),1,0) -> 0 | S86: =IF(AND(O86=1,N86=0,M86=1),1,0) -> 0 | T86: =IF(AND(O86=1,N86=1,M86=0),1,0) -> 0 | U86: =IF(AND(M86=1,N86=1,O86=0),1,0) -> 1 | V86: =IF(AND(M86=1,N86=1,O86=1),1,0) -> 0 | W86: =IF(OR(AND(O86=1,M86=1,N86=0),AND(M86=0,O86=1,N86=1)),1,0) -> 0 | X86: =IF(AND(O86=0,N86=1,M86=1),1,0) -> 1 | Y86: =IF(OR(V86=1,T86=1,S86=1,R86=1),1,0) -> 0 | Z86: =IF(OR(Q86=1,P86=1,U86=1),1,0) -> 1 | AA86: =Y86+Z86 -> 1 | AC86: 1 | AD86: 0 | AE86: 0 | AF86: 0 | AG86: 0 | AH86: 0 | AI86: 0 | AJ86: 0 | AK86: 0 | AL86: 1 | AM86: 1 | AN86: 0 | AO86: 0 | AP86: 0 | AQ86: 0 | AR86: 0 | AS86: 0 | AU86: Data from Vitousek et al (1982) | AV86: Forests | AX86: *Qualitative analysis (against data in the literature) of the litter C and litter N relationship with different N supplies at steady state
B87: 1 | D87: 1997 | E87: van Wensen | F87: 1 | G87: 1 | H87: 2 | I87: 2 | J87: 3 | K87: 0 | M87: 1 | N87: 1 | O87: 0 | P87: =IF(AND(M87=1,N87=0,O87=0),1,0) -> 0 | Q87: =IF(AND(N87=1,M87=0,O87=0),1,0) -> 0 | R87: =IF(AND(O87=1,N87=0,M87=0),1,0) -> 0 | S87: =IF(AND(O87=1,N87=0,M87=1),1,0) -> 0 | T87: =IF(AND(O87=1,N87=1,M87=0),1,0) -> 0 | U87: =IF(AND(M87=1,N87=1,O87=0),1,0) -> 1 | V87: =IF(AND(M87=1,N87=1,O87=1),1,0) -> 0 | W87: =IF(OR(AND(O87=1,M87=1,N87=0),AND(M87=0,O87=1,N87=1)),1,0) -> 0 | X87: =IF(AND(O87=0,N87=1,M87=1),1,0) -> 1 | Y87: =IF(OR(V87=1,T87=1,S87=1,R87=1),1,0) -> 0 | Z87: =IF(OR(Q87=1,P87=1,U87=1),1,0) -> 1 | AA87: =Y87+Z87 -> 1 | AC87: 1 | AD87: 0 | AE87: 0 | AF87: 0 | AG87: 1 | AH87: 1 | AI87: 1 | AJ87: 0 | AK87: 0 | AL87: 0 | AM87: 1 | AN87: 0 | AO87: 0 | AP87: 0 | AQ87: 1 | AR87: 0 | AS87: 0 | AU87: Data from: Van Wensem et al., 1991; Van Wensem et al., 1992; Van Wensem et al., 1993) and Van Wensem and Adema (1991) | AV87: poplar litter | AX87: *Qualitative evaluation (the only possible one) of : the available N pool, total mineral N; the available C pool and dissolved OC; the amount of respired C and the total CO2 production of the system (minus isopod respiration).
B88: 1 | D88: 1997 | E88: Zheng | F88: 1 | G88: 1 | H88: 3 | I88: 5 | J88: 2 | K88: 0 | L88: Soil food web C-only model | M88: 1 | N88: 1 | O88: 0 | P88: =IF(AND(M88=1,N88=0,O88=0),1,0) -> 0 | Q88: =IF(AND(N88=1,M88=0,O88=0),1,0) -> 0 | R88: =IF(AND(O88=1,N88=0,M88=0),1,0) -> 0 | S88: =IF(AND(O88=1,N88=0,M88=1),1,0) -> 0 | T88: =IF(AND(O88=1,N88=1,M88=0),1,0) -> 0 | U88: =IF(AND(M88=1,N88=1,O88=0),1,0) -> 1 | V88: =IF(AND(M88=1,N88=1,O88=1),1,0) -> 0 | W88: =IF(OR(AND(O88=1,M88=1,N88=0),AND(M88=0,O88=1,N88=1)),1,0) -> 0 | X88: =IF(AND(O88=0,N88=1,M88=1),1,0) -> 1 | Y88: =IF(OR(V88=1,T88=1,S88=1,R88=1),1,0) -> 0 | Z88: =IF(OR(Q88=1,P88=1,U88=1),1,0) -> 1 | AA88: =Y88+Z88 -> 1 | AB88: Show how populations and food web structure affect decomposition | AC88: 0 | AD88: 1 | AE88: 0 | AF88: 0 | AG88: 0 | AH88: 0 | AI88: 0 | AJ88: 0 | AK88: 0 | AL88: 0 | AM88: 0 | AN88: 0 | AO88: 0 | AP88: 0 | AQ88: 0 | AR88: 0 | AS88: 0 | AU88: Na | AV88: Na | AX88: *They discuss their results in relation to the literature, but no empirical work available to evaluate the model
B89: 0 | D89: 1997 | E89: Zheng | F89: 1 | G89: 1 | H89: 3 | I89: 5 | J89: 3 | K89: 0 | L89: Soil food web C-only Lotka-Volterra model | M89: 1 | N89: 1 | O89: 0 | P89: =IF(AND(M89=1,N89=0,O89=0),1,0) -> 0 | Q89: =IF(AND(N89=1,M89=0,O89=0),1,0) -> 0 | R89: =IF(AND(O89=1,N89=0,M89=0),1,0) -> 0 | S89: =IF(AND(O89=1,N89=0,M89=1),1,0) -> 0 | T89: =IF(AND(O89=1,N89=1,M89=0),1,0) -> 0 | U89: =IF(AND(M89=1,N89=1,O89=0),1,0) -> 1 | V89: =IF(AND(M89=1,N89=1,O89=1),1,0) -> 0 | W89: =IF(OR(AND(O89=1,M89=1,N89=0),AND(M89=0,O89=1,N89=1)),1,0) -> 0 | X89: =IF(AND(O89=0,N89=1,M89=1),1,0) -> 1 | Y89: =IF(OR(V89=1,T89=1,S89=1,R89=1),1,0) -> 0 | Z89: =IF(OR(Q89=1,P89=1,U89=1),1,0) -> 1 | AA89: =Y89+Z89 -> 1 | AB89: Show how populations and food web structure affect decomposition | AC89: 0 | AD89: 1 | AE89: 0 | AF89: 0 | AG89: 0 | AH89: 0 | AI89: 0 | AJ89: 0 | AK89: 0 | AL89: 0 | AM89: 0 | AN89: 0 | AO89: 0 | AP89: 0 | AQ89: 0 | AR89: 0 | AS89: 0 | AT89: 0 | AU89: Na | AV89: Na | AX89: *They discuss their results in relation to the literature, but no empirical work available to evaluate the model
B90: 1 | C90: NICA | D90: 1998 | E90: Blagodatsky and Richter | F90: 1 | G90: 1 | H90: 2 | I90: 1 | J90: 3 | K90: 0 | L90: Includes a variable for the physiological state; includes a variable for the physiological state | M90: 1 | N90: 0 | O90: 0 | P90: =IF(AND(M90=1,N90=0,O90=0),1,0) -> 1 | Q90: =IF(AND(N90=1,M90=0,O90=0),1,0) -> 0 | R90: =IF(AND(O90=1,N90=0,M90=0),1,0) -> 0 | S90: =IF(AND(O90=1,N90=0,M90=1),1,0) -> 0 | T90: =IF(AND(O90=1,N90=1,M90=0),1,0) -> 0 | U90: =IF(AND(M90=1,N90=1,O90=0),1,0) -> 0 | V90: =IF(AND(M90=1,N90=1,O90=1),1,0) -> 0 | W90: =IF(OR(AND(O90=1,M90=1,N90=0),AND(M90=0,O90=1,N90=1)),1,0) -> 0 | X90: =IF(AND(O90=0,N90=1,M90=1),1,0) -> 0 | Y90: =IF(OR(V90=1,T90=1,S90=1,R90=1),1,0) -> 0 | Z90: =IF(OR(Q90=1,P90=1,U90=1),1,0) -> 1 | AA90: =Y90+Z90 -> 1 | AB90: Presentation of the Nica model theoritacal ground, equations and behavior. | AC90: 0 | AD90: 1 | AE90: 0 | AF90: 0 | AG90: 0 | AH90: 0 | AI90: 0 | AJ90: 0 | AK90: 0 | AL90: 0 | AM90: 0 | AN90: 0 | AO90: 0 | AP90: 0 | AQ90: 0 | AR90: 0 | AS90: 0 | AT90: 0 | AU90: NA | AV90: NA | AW90: NA
B91: 0 | D91: 1998 | E91: Blagodatsky et al. | F91: 1 | G91: 1 | H91: 2 | I91: 1 | J91: 3 | K91: 0 | M91: 1 | N91: 0 | O91: 0 | P91: =IF(AND(M91=1,N91=0,O91=0),1,0) -> 1 | Q91: =IF(AND(N91=1,M91=0,O91=0),1,0) -> 0 | R91: =IF(AND(O91=1,N91=0,M91=0),1,0) -> 0 | S91: =IF(AND(O91=1,N91=0,M91=1),1,0) -> 0 | T91: =IF(AND(O91=1,N91=1,M91=0),1,0) -> 0 | U91: =IF(AND(M91=1,N91=1,O91=0),1,0) -> 0 | V91: =IF(AND(M91=1,N91=1,O91=1),1,0) -> 0 | W91: =IF(OR(AND(O91=1,M91=1,N91=0),AND(M91=0,O91=1,N91=1)),1,0) -> 0 | X91: =IF(AND(O91=0,N91=1,M91=1),1,0) -> 0 | Y91: =IF(OR(V91=1,T91=1,S91=1,R91=1),1,0) -> 0 | Z91: =IF(OR(Q91=1,P91=1,U91=1),1,0) -> 1 | AA91: =Y91+Z91 -> 1 | AB91: Calibration of the Nica model | AC91: 1 | AD91: 0 | AE91: 0 | AF91: 0 | AG91: 1 | AH91: 1 | AI91: 1 | AJ91: 0 | AK91: 0 | AL91: 0 | AM91: 0 | AN91: 1 | AO91: 1 | AP91: 0 | AQ91: 1 | AR91: 0 | AS91: 0 | AT91: 0 | AU91: NA | AV91: An arable Light-Gray Forest silty loam soil (Luvisol) from an experimental plot of the Institute of Soil Science and Photosynthesis (Pushchino, Moscow region) was used in the incubation experiment | AX91: Calibration is based on observation of various SOC pools: soluble C, CO2 production, microbial biomass C. Evaluation is only a calibration of model parameter so that simulation best reproduces observation data from laboratory soil incubation experiment
B92: 1 | C92: NCSOIL | D92: 1998 | E92: Hadas | F92: 1 | G92: 1 | H92: 2 | I92: 2 | J92: 3 | K92: 0 | L92: CO with polysaccharides | M92: 1 | N92: 0 | O92: 0 | P92: =IF(AND(M92=1,N92=0,O92=0),1,0) -> 1 | Q92: =IF(AND(N92=1,M92=0,O92=0),1,0) -> 0 | R92: =IF(AND(O92=1,N92=0,M92=0),1,0) -> 0 | S92: =IF(AND(O92=1,N92=0,M92=1),1,0) -> 0 | T92: =IF(AND(O92=1,N92=1,M92=0),1,0) -> 0 | U92: =IF(AND(M92=1,N92=1,O92=0),1,0) -> 0 | V92: =IF(AND(M92=1,N92=1,O92=1),1,0) -> 0 | W92: =IF(OR(AND(O92=1,M92=1,N92=0),AND(M92=0,O92=1,N92=1)),1,0) -> 0 | X92: =IF(AND(O92=0,N92=1,M92=1),1,0) -> 0 | Y92: =IF(OR(V92=1,T92=1,S92=1,R92=1),1,0) -> 0 | Z92: =IF(OR(Q92=1,P92=1,U92=1),1,0) -> 1 | AA92: =Y92+Z92 -> 1 | AB92: NCSOIL is modified in order to account for the effect of N limitation on CO2 release. To do so, a polysaccharide pool is added and the effect of the decomposer biomass variation is considered by the inclusion of a Monod-type equation. The pools and parameters of the model are initialized and calibrated against observation data. the fact that mode better reproduce observation fluxes is also a way to test hypothesis. | AC92: 1 | AD92: 0 | AE92: 0 | AF92: 0 | AG92: 0 | AH92: 0 | AI92: 1 | AJ92: 0 | AK92: 0 | AL92: 0 | AM92: 0 | AN92: 1 | AO92: 1 | AP92: 0 | AQ92: 1 | AR92: 0 | AS92: 0 | AT92: 0 | AU92: NA (laboratory experiment) | AV92: Tall-grass prairie soil never cultivated. Laboratory experiment assess the effect of various wheat straw inputs. | AX92: The calibration serves as an evaluation of the inclusion of two hypotheses. Yes but evaluation is only a calibration
B93: 1 | D93: 1999 | E93: Henriksen | F93: 1 | G93: 1 | H93: 2 | I93: 2 | J93: 2 | K93: 0 | M93: 1 | N93: 0 | O93: 0 | P93: =IF(AND(M93=1,N93=0,O93=0),1,0) -> 1 | Q93: =IF(AND(N93=1,M93=0,O93=0),1,0) -> 0 | R93: =IF(AND(O93=1,N93=0,M93=0),1,0) -> 0 | S93: =IF(AND(O93=1,N93=0,M93=1),1,0) -> 0 | T93: =IF(AND(O93=1,N93=1,M93=0),1,0) -> 0 | U93: =IF(AND(M93=1,N93=1,O93=0),1,0) -> 0 | V93: =IF(AND(M93=1,N93=1,O93=1),1,0) -> 0 | W93: =IF(OR(AND(O93=1,M93=1,N93=0),AND(M93=0,O93=1,N93=1)),1,0) -> 0 | X93: =IF(AND(O93=0,N93=1,M93=1),1,0) -> 0 | Y93: =IF(OR(V93=1,T93=1,S93=1,R93=1),1,0) -> 0 | Z93: =IF(OR(Q93=1,P93=1,U93=1),1,0) -> 1 | AA93: =Y93+Z93 -> 1 | AC93: 1 | AD93: 0 | AE93: 0 | AF93: 0 | AG93: 0 | AH93: 1 | AI93: 1 | AJ93: 0 | AK93: 0 | AL93: 0 | AM93: 0 | AN93: 1 | AO93: 1 | AP93: 1 | AQ93: 1 | AR93: 0 | AS93: 0 | AT93: 0 | AU93: NA | AV93: An agricultural sand was sampled from a ley near Elverum in Norway in May, and air dried until sieving through a 1 mm mesh was feasible. | AW93: NA | AX93: NOT SURE! It was not a fully clear if the evaluation was only a calibration or if it included a split-sample calibration/ evaluation approach. See key passage "of variance. We used a split-plot model with time of sampling as the main factor and treatment as the split- plot factor because the treatments were established independently for each sampling day. Correlations between the microbial biomass and the enzyme activities were tested statistically by linear regression. Differences in the C mineralization rates, microbial biomass and enzyme activities were tested by analysis
B94: 1 | C94: TCS | D94: 1999 | E94: Luo and Reynolds | F94: 2 | G94: 1 | H94: 3 | I94: 4 | J94: 2 | K94: 0 | L94: Modified CENTURY decomposition submodel | M94: 1 | N94: 0 | O94: 0 | P94: =IF(AND(M94=1,N94=0,O94=0),1,0) -> 1 | Q94: =IF(AND(N94=1,M94=0,O94=0),1,0) -> 0 | R94: =IF(AND(O94=1,N94=0,M94=0),1,0) -> 0 | S94: =IF(AND(O94=1,N94=0,M94=1),1,0) -> 0 | T94: =IF(AND(O94=1,N94=1,M94=0),1,0) -> 0 | U94: =IF(AND(M94=1,N94=1,O94=0),1,0) -> 0 | V94: =IF(AND(M94=1,N94=1,O94=1),1,0) -> 0 | W94: =IF(OR(AND(O94=1,M94=1,N94=0),AND(M94=0,O94=1,N94=1)),1,0) -> 0 | X94: =IF(AND(O94=0,N94=1,M94=1),1,0) -> 0 | Y94: =IF(OR(V94=1,T94=1,S94=1,R94=1),1,0) -> 0 | Z94: =IF(OR(Q94=1,P94=1,U94=1),1,0) -> 1 | AA94: =Y94+Z94 -> 1 | AB94: The paper tests the sentistivity of the Terrestrial C sequestration (TCS) model to the effect of gradual versus step increase in CO2 (currently used in FACE experiments and show that the velocity of CO2 release into the atmosphere has an impact on the ecosystem response to CO2 sequetration | AC94: 0 | AD94: 1 | AE94: 0 | AF94: 0 | AG94: 0 | AH94: 0 | AI94: 0 | AJ94: 0 | AK94: 0 | AL94: 0 | AM94: 0 | AN94: 0 | AO94: 0 | AP94: 0 | AQ94: 0 | AR94: 0 | AS94: 0 | AT94: 0 | AU94: NA | AV94: NA | AW94: NA | AX94: There is kind of an evaluation not against observation data but an evaluation of model sensitivity to the velocity of increasing CO2
B95: 1 | D95: 1999 | E95: Zheng | F95: 2 | G95: 1 | H95: 3 | I95: 4 | J95: 1 | K95: 1 | L95: Donor controlled system. Steady state, two-trophic level, soil food web model | M95: 1 | N95: 0 | O95: 0 | P95: =IF(AND(M95=1,N95=0,O95=0),1,0) -> 1 | Q95: =IF(AND(N95=1,M95=0,O95=0),1,0) -> 0 | R95: =IF(AND(O95=1,N95=0,M95=0),1,0) -> 0 | S95: =IF(AND(O95=1,N95=0,M95=1),1,0) -> 0 | T95: =IF(AND(O95=1,N95=1,M95=0),1,0) -> 0 | U95: =IF(AND(M95=1,N95=1,O95=0),1,0) -> 0 | V95: =IF(AND(M95=1,N95=1,O95=1),1,0) -> 0 | W95: =IF(OR(AND(O95=1,M95=1,N95=0),AND(M95=0,O95=1,N95=1)),1,0) -> 0 | X95: =IF(AND(O95=0,N95=1,M95=1),1,0) -> 0 | Y95: =IF(OR(V95=1,T95=1,S95=1,R95=1),1,0) -> 0 | Z95: =IF(OR(Q95=1,P95=1,U95=1),1,0) -> 1 | AA95: =Y95+Z95 -> 1 | AB95: Theoretical model | AC95: 0 | AD95: 1 | AE95: 0 | AF95: 0 | AG95: 0 | AH95: 0 | AI95: 0 | AJ95: 0 | AK95: 0 | AL95: 0 | AM95: 0 | AN95: 0 | AO95: 0 | AP95: 0 | AQ95: 0 | AR95: 0 | AS95: 0 | AT95: 0 | AU95: NA | AV95: NA | AW95: NA
B96: 0 | D96: 1999 | E96: Zheng | F96: 2 | G96: 1 | H96: 3 | I96: 4 | J96: 3 | K96: 1 | L96: Lotka-Volterra system. Steady state, two-trophic level, soil food web model | M96: 1 | N96: 0 | O96: 0 | P96: =IF(AND(M96=1,N96=0,O96=0),1,0) -> 1 | Q96: =IF(AND(N96=1,M96=0,O96=0),1,0) -> 0 | R96: =IF(AND(O96=1,N96=0,M96=0),1,0) -> 0 | S96: =IF(AND(O96=1,N96=0,M96=1),1,0) -> 0 | T96: =IF(AND(O96=1,N96=1,M96=0),1,0) -> 0 | U96: =IF(AND(M96=1,N96=1,O96=0),1,0) -> 0 | V96: =IF(AND(M96=1,N96=1,O96=1),1,0) -> 0 | W96: =IF(OR(AND(O96=1,M96=1,N96=0),AND(M96=0,O96=1,N96=1)),1,0) -> 0 | X96: =IF(AND(O96=0,N96=1,M96=1),1,0) -> 0 | Y96: =IF(OR(V96=1,T96=1,S96=1,R96=1),1,0) -> 0 | Z96: =IF(OR(Q96=1,P96=1,U96=1),1,0) -> 1 | AA96: =Y96+Z96 -> 1 | AB96: Theoretical model | AC96: 0 | AD96: 1 | AE96: 0 | AF96: 0 | AG96: 0 | AH96: 0 | AI96: 0 | AJ96: 0 | AK96: 0 | AL96: 0 | AM96: 0 | AN96: 0 | AO96: 0 | AP96: 0 | AQ96: 0 | AR96: 0 | AS96: 0 | AT96: 0 | AU96: NA | AV96: NA | AW96: NA
A97: 1990's | B97: =SUM(B57:B96) -> 37 | P97: =SUM(P57:P96) -> 16 | Q97: =SUM(Q57:Q96) -> 1 | R97: =SUM(R57:R96) -> 5 | V97: =IF(AND(M97=1,N97=1,O97=1),1,0) -> 0 | AA97: =Y97+Z97 -> 0 | AI97: 0
B98: 1 | C98: IBIS | D98: 2000 | E98: Kucharik | F98: 7 | G98: 2 | H98: 5 | I98: 2 | J98: 2 | K98: 1 | L98: Details on N cycling discussed in Verberne 1990 | M98: 0 | N98: 1 | O98: 1 | P98: =IF(AND(M98=1,N98=0,O98=0),1,0) -> 0 | Q98: =IF(AND(N98=1,M98=0,O98=0),1,0) -> 0 | R98: =IF(AND(O98=1,N98=0,M98=0),1,0) -> 0 | S98: =IF(AND(O98=1,N98=0,M98=1),1,0) -> 0 | T98: =IF(AND(O98=1,N98=1,M98=0),1,0) -> 1 | U98: =IF(AND(M98=1,N98=1,O98=0),1,0) -> 0 | V98: =IF(AND(M98=1,N98=1,O98=1),1,0) -> 0 | W98: =IF(OR(AND(O98=1,M98=1,N98=0),AND(M98=0,O98=1,N98=1)),1,0) -> 1 | X98: =IF(AND(O98=0,N98=1,M98=1),1,0) -> 0 | Y98: =IF(OR(V98=1,T98=1,S98=1,R98=1),1,0) -> 1 | Z98: =IF(OR(Q98=1,P98=1,U98=1),1,0) -> 0 | AA98: =Y98+Z98 -> 1 | AC98: 1 | AD98: 0 | AE98: 0 | AF98: 0 | AG98: 0 | AH98: 0 | AI98: 0 | AJ98: 1 | AK98: 1 | AL98: 0 | AM98: 1 | AN98: 0 | AO98: 0 | AP98: 0 | AQ98: 0 | AR98: 0 | AS98: 1 | AT98: 0 | AU98: Global | AV98: All | AW98: NA | AX98: The is a contiental surface model. The model is aimed at prediction. Yet in the present publication, the model is applied over an historical period (1860-1995) and the validation is performed by using average measurement/data from global database reporting data for the 1965-1994 period. The SOC module is evaluated against observation data of SOC stocks and CO2 flux. For the SOC stocks, the obesrvation data comes from a global compilation of more than a thousand soil profiles with organic carbon content measurements which was used to construcat map of soil carbon density to a 1 m depth [Scholese t al., 1995,'I GBP-DIS, 1999]. The soil carbon densities simulated were compared to these data. Biome averages and standar deviations for the IGBP-DIS data werec onstructeb dy assigning each grid cell in the dataset to the corresponding IBIS vegetation classification for that grid cell. For the CO2 fluxes, authors used the data set of soil carbon flux measurements compiled by Raich and Schlesinger (1992). Measurement locations were correlated with the specific IBIS simulated vegetatiocnl asss ot hatb iomea verageasn ds tandarde viations of the measurement data could be compared with IBIS results.
B99: 1 | D99: 2001 | E99: Daufresne and Loreau | F99: 2 | G99: 1 | H99: 3 | I99: 5 | J99: 2 | K99: 0 | L99: C-N model rewritten as N-only model with constant CN ratios | M99: 1 | N99: 0 | O99: 0 | P99: =IF(AND(M99=1,N99=0,O99=0),1,0) -> 1 | Q99: =IF(AND(N99=1,M99=0,O99=0),1,0) -> 0 | R99: =IF(AND(O99=1,N99=0,M99=0),1,0) -> 0 | S99: =IF(AND(O99=1,N99=0,M99=1),1,0) -> 0 | T99: =IF(AND(O99=1,N99=1,M99=0),1,0) -> 0 | U99: =IF(AND(M99=1,N99=1,O99=0),1,0) -> 0 | V99: =IF(AND(M99=1,N99=1,O99=1),1,0) -> 0 | W99: =IF(OR(AND(O99=1,M99=1,N99=0),AND(M99=0,O99=1,N99=1)),1,0) -> 0 | X99: =IF(AND(O99=0,N99=1,M99=1),1,0) -> 0 | Y99: =IF(OR(V99=1,T99=1,S99=1,R99=1),1,0) -> 0 | Z99: =IF(OR(Q99=1,P99=1,U99=1),1,0) -> 1 | AA99: =Y99+Z99 -> 1 | AC99: 0 | AD99: 1 | AE99: 0 | AF99: 0 | AG99: 0 | AH99: 0 | AI99: 0 | AJ99: 0 | AK99: 0 | AL99: 0 | AM99: 0 | AN99: 0 | AO99: 0 | AP99: 0 | AQ99: 0 | AR99: 0 | AS99: 0 | AT99: 0 | AU99: 0 | AV99: 0 | AW99: 0
B100: 1 | C100: DAYCENT | D100: 2001 | E100: Del Grosso | F100: 2 | G100: 1 | H100: 3 | I100: 2 | J100: 2 | K100: 1 | L100: Evolution from Parton 1987 | M100: 0 | N100: 0 | O100: 1 | P100: =IF(AND(M100=1,N100=0,O100=0),1,0) -> 0 | Q100: =IF(AND(N100=1,M100=0,O100=0),1,0) -> 0 | R100: =IF(AND(O100=1,N100=0,M100=0),1,0) -> 1 | S100: =IF(AND(O100=1,N100=0,M100=1),1,0) -> 0 | T100: =IF(AND(O100=1,N100=1,M100=0),1,0) -> 0 | U100: =IF(AND(M100=1,N100=1,O100=0),1,0) -> 0 | V100: =IF(AND(M100=1,N100=1,O100=1),1,0) -> 0 | W100: =IF(OR(AND(O100=1,M100=1,N100=0),AND(M100=0,O100=1,N100=1)),1,0) -> 0 | X100: =IF(AND(O100=0,N100=1,M100=1),1,0) -> 0 | Y100: =IF(OR(V100=1,T100=1,S100=1,R100=1),1,0) -> 1 | Z100: =IF(OR(Q100=1,P100=1,U100=1),1,0) -> 0 | AA100: =Y100+Z100 -> 1 | AC100: 1 | AD100: 0 | AF100: 0 | AG100: 0 | AH100: 0 | AI100: 0 | AJ100: 0 | AK100: 0 | AL100: 0 | AM100: 1 | AN100: 0 | AO100: 0 | AP100: 0 | AQ100: 0 | AR100: 1 | AS100: 0 | AT100: 0 | AU100: North Eastern Colorado | AV100: fertilized, irigated corn and barley | AX100: Validation is performed upon temperature soil water, mineral N and N2O gas
B101: 1 | C101: PDM | D101: 2001 | E101: Frolking | F101: 1 | G101: 2 | H101: 3 | I101: 5 | J101: 3 | K101: 1 | L101: Peat mass accumulation model; cohort formalism. Note that the model outputs are actually the peat mass (and not C stocks) and the decomposability for each age peat layer. | M101: 1 | N101: 0 | O101: 0 | P101: =IF(AND(M101=1,N101=0,O101=0),1,0) -> 1 | Q101: =IF(AND(N101=1,M101=0,O101=0),1,0) -> 0 | R101: =IF(AND(O101=1,N101=0,M101=0),1,0) -> 0 | S101: =IF(AND(O101=1,N101=0,M101=1),1,0) -> 0 | T101: =IF(AND(O101=1,N101=1,M101=0),1,0) -> 0 | U101: =IF(AND(M101=1,N101=1,O101=0),1,0) -> 0 | V101: =IF(AND(M101=1,N101=1,O101=1),1,0) -> 0 | W101: =IF(OR(AND(O101=1,M101=1,N101=0),AND(M101=0,O101=1,N101=1)),1,0) -> 0 | X101: =IF(AND(O101=0,N101=1,M101=1),1,0) -> 0 | Y101: =IF(OR(V101=1,T101=1,S101=1,R101=1),1,0) -> 0 | Z101: =IF(OR(Q101=1,P101=1,U101=1),1,0) -> 1 | AA101: =Y101+Z101 -> 1 | AB101: The model is not calibrated (no parameter fitted in order to reproduce observation, all parameters are taken from the litterature. The model aim at testing the sensitivity of peat accumulation in bogs and fens to various factors. Yet the model is not purey theoretical as model output are compared against observation field data | AC101: 1 | AD101: 0 | AE101: 0 | AF101: 0 | AG101: 0 | AH101: 0 | AI101: 0 | AJ101: 0 | AK101: 0 | AL101: 0 | AM101: 1 | AN101: 0 | AO101: 0 | AP101: 0 | AQ101: 0 | AR101: 1 | AS101: 0 | AT101: 0 | AU101: Bogs and Fen in various high latitudes of Canada | AV101: Bogs and Fen | AW101: One point in time observation peat profile to reconstruct the age-profile of peat and compare with the age-profile estimation by the model | AX101: "Simulations were compared to age–depth profiles from cores collected in four peatlands in eastern Canada, selected because of their various past and present environmental conditions and because we have firsthand information about their developmental history." "For comparison with the PDM results, we selected peat cores for which an adequate chronology of peat accumulation was available. All dates reported are calibrated radiocarbon dates (Stuiver and others 1998) or dates obtained through pollen correlation with well-dated events in pollen diagrams from neighboring sites."
B102: 1 | C102: SOMKO | D102: 2001 | E102: Gignoux | F102: 1 | G102: 1 | H102: 3 | I102: 2 | J102: 3 | K102: 1 | L102: Cohort model. Number of variable should be multiplied by the number of cohorts, which varies among applications. | M102: 1 | N102: 0 | O102: 1 | P102: =IF(AND(M102=1,N102=0,O102=0),1,0) -> 0 | Q102: =IF(AND(N102=1,M102=0,O102=0),1,0) -> 0 | R102: =IF(AND(O102=1,N102=0,M102=0),1,0) -> 0 | S102: =IF(AND(O102=1,N102=0,M102=1),1,0) -> 1 | T102: =IF(AND(O102=1,N102=1,M102=0),1,0) -> 0 | U102: =IF(AND(M102=1,N102=1,O102=0),1,0) -> 0 | V102: =IF(AND(M102=1,N102=1,O102=1),1,0) -> 0 | W102: =IF(OR(AND(O102=1,M102=1,N102=0),AND(M102=0,O102=1,N102=1)),1,0) -> 1 | X102: =IF(AND(O102=0,N102=1,M102=1),1,0) -> 0 | Y102: =IF(OR(V102=1,T102=1,S102=1,R102=1),1,0) -> 1 | Z102: =IF(OR(Q102=1,P102=1,U102=1),1,0) -> 0 | AA102: =Y102+Z102 -> 1 | AC102: 1 | AD102: 0 | AE102: 0 | AF102: 0 | AG102: 1 | AH102: 0 | AI102: 0 | AJ102: 0 | AK102: 0 | AL102: 0 | AM102: 1 | AN102: 0 | AO102: 0 | AP102: 0 | AQ102: 0 | AR102: 1 | AS102: 0 | AT102: 0 | AU102: Dry tropical soil in senegal | AV102: NA | AX102: 2 evalutions: one short-term (3 years) and the other long-term (35 years). For the long-term evaluation the size of C pools were adjusted so that simulation best reproduce observations. Short-term evaluaiton: "Data from a litter bag experiment in a dry tropical soil from Sénégal (D. Masse, unpublished data) were used to test the ability of SOMKO to reproduce observed trends (Fig. 6)." Long-term evaluation: "The simulations with SOMKO were tested against data from the Ultuna long-term experiment (Kirchmann et al., 1994). The ‘no N — no crop’ treatment was selected for direct comparison with simulations (Fig. 7). An initializing soil building simulation was run over 300 years, from which an average old SOM composition of carbon and nitrogen pools was estimated. The Ultuna experiment was then simulated by removing litter inputs and letting the SOM evolve freely, with a climatic factor simulating cold temperate conditions. Because of the numerous unknown parameters, these simulations should be considered as an illustration of the ability of the model to produce reasonable long-term soil carbon dynamics, as in the SOMNET model comparison exercise (Smith et al., 1997), rather than as a true model validation. Good agreement with data (Fig. 7) was obtained only when SOM comprised at least 90% of the least decomposable (i.e. pool 7) carbon. A lower size of this pool resulted in faster decomposition at the beginning of the simulation, the C decrease becoming exponential instead of linear (e.g. Figure 8)."
...

Sheet Appendix A
B1: ='Systematic review'!C13 -> Model | C1: ='Systematic review'!D13 -> Year | D1: ='Systematic review'!E13 -> Reference | E1: ='Systematic review'!F12 -> LEVEL | F1: ='Systematic review'!J12 -> Microbial Dynamics - Organic | G1: SCOPE | H1: Type of Evaluation | I1: Conditions of evaluation
A2: ='Systematic review'!A14 -> 0 | B2: ='Systematic review'!C14 -> 0 | C2: ='Systematic review'!D14 -> 1933 | D2: ='Systematic review'!E14 -> Salter and Green | E2: =IF('Systematic review'!F14=6,1,IF('Systematic review'!F14=1,2,IF('Systematic review'!F14=2,3,IF('Systematic review'!F14=7,4, IF(OR('Systematic review'!F14="1 to 7",'Systematic review'!F14="2 to 7", 'Systematic review'!F14="1& 7", 'Systematic review'!F14="1&7"),5))))) -> 2 | F2: =IF('Systematic review'!J14=3, "NL", "L") -> L | G2: =IF('Systematic review'!P14=1,1,(IF('Systematic review'!Q14=1,2,IF('Systematic review'!R14=1,3,IF('Systematic review'!V14=1,4,IF('Systematic review'!W14=1,5,IF('Systematic review'!X14=1,6,"No Data"))))))) -> 5 | H2: =IF('Systematic review'!AD14=1,1,IF(AND(OR('Systematic review'!AG14=1,'Systematic review'!AH14=1,'Systematic review'!AI14=1),'Systematic review'!AM14=1),2,IF(AND(OR('Systematic review'!AE14=1,'Systematic review'!AF14=1,'Systematic review'!AJ14=1,'Systematic review'!AK14=1,'Systematic review'!AL14=1),'Systematic review'!AM14=1),3, IF(AND(OR('Systematic review'!AG14=1,'Systematic review'!AH14=1,'Systematic review'!AI14=1),OR('Systematic review'!AN14=1, 'Systematic review'!AO14=1,'Systematic review'!AP14=1)),4, IF(AND(OR('Systematic review'!AE14=1,'Systematic review'!AF14=1,'Systematic review'!AJ14=1,'Systematic review'!AK14=1,'Systematic review'!AL14=1), OR('Systematic review'!AN14=1, 'Systematic review'!AO14=1,'Systematic review'!AP14=1)),5,IF(AND('Systematic review'!AC14=1,'Systematic review'!AE14=0,'Systematic review'!AF14=0,'Systematic review'!AG14=0,'Systematic review'!AH14=0,'Systematic review'!AI14=0,'Systematic review'!AJ14=0,'Systematic review'!AK14=0,'Systematic review'!AL14=0),6,"PB")))))) -> 4 | I2: =IF(AND('Systematic review'!AQ14=1,'Systematic review'!AR14=0,'Systematic review'!AS14=0,'Systematic review'!AT14=0),1,IF(AND('Systematic review'!AQ14=0,'Systematic review'!AR14=1,'Systematic review'!AS14=0,'Systematic review'!AT14=0),2,IF(AND('Systematic review'!AQ14=0,'Systematic review'!AR14=0,'Systematic review'!AS14=1,'Systematic review'!AT14=0),3,IF(AND('Systematic review'!AQ14=0,'Systematic review'!AR14=0,'Systematic review'!AS14=0,'Systematic review'!AT14=1),4,IF(AND('Systematic review'!AQ14=1,'Systematic review'!AR14=1,'Systematic review'!AS14=0,'Systematic review'!AT14=0),5,IF(AND('Systematic review'!AQ14=1,'Systematic review'!AR14=0,'Systematic review'!AS14=1,'Systematic review'!AT14=0),6,IF(AND('Systematic review'!AQ14=1,'Systematic review'!AR14=0,'Systematic review'!AS14=0,'Systematic review'!AT14=1),7,IF(AND('Systematic review'!AQ14=0,'Systematic review'!AR14=1,'Systematic review'!AS14=1,'Systematic review'!AT14=0),8,IF(AND('Systematic review'!AQ14=0,'Systematic review'!AR14=1,'Systematic review'!AS14=0,'Systematic review'!AT14=1),9,IF(AND('Systematic review'!AQ14=0,'Systematic review'!AR14=0,'Systematic review'!AS14=1,'Systematic review'!AT14=1),10,IF(AND('Systematic review'!AQ14=1,'Systematic review'!AR14=1,'Systematic review'!AS14=1,'Systematic review'!AT14=0),11, IF(AND('Systematic review'!AQ14=1,'Systematic review'!AR14=0,'Systematic review'!AS14=1,'Systematic review'!AT14=1),12, IF(AND('Systematic review'!AQ14=1,'Systematic review'!AR14=1,'Systematic review'!AS14=0,'Systematic review'!AT14=1),13,IF(AND('Systematic review'!AQ14=0,'Systematic review'!AR14=1,'Systematic review'!AS14=1,'Systematic review'!AT14=1),14,IF(AND('Systematic review'!AQ14=1,'Systematic review'!AR14=1,'Systematic review'!AS14=1,'Systematic review'!AT14=1),15,0))))))))))))))) -> 2 | L2: 2
A3: ='Systematic review'!A15 -> 0 | B3: ='Systematic review'!C15 -> 0 | C3: ='Systematic review'!D15 -> 1936 | D3: ='Systematic review'!E15 -> Nikiforoff | E3: =IF('Systematic review'!F15=6,1,IF('Systematic review'!F15=1,2,IF('Systematic review'!F15=2,3,IF('Systematic review'!F15=7,4, IF(OR('Systematic review'!F15="1 to 7",'Systematic review'!F15="2 to 7", 'Systematic review'!F15="1& 7", 'Systematic review'!F15="1&7"),5))))) -> 2 | F3: =IF('Systematic review'!J15=3, "NL", "L") -> L | G3: =IF('Systematic review'!P15=1,1,(IF('Systematic review'!Q15=1,2,IF('Systematic review'!R15=1,3,IF('Systematic review'!V15=1,4,IF('Systematic review'!W15=1,5,IF('Systematic review'!X15=1,6,"No Data"))))))) -> 2 | H3: =IF('Systematic review'!AD15=1,1,IF(AND(OR('Systematic review'!AG15=1,'Systematic review'!AH15=1,'Systematic review'!AI15=1),'Systematic review'!AM15=1),2,IF(AND(OR('Systematic review'!AE15=1,'Systematic review'!AF15=1,'Systematic review'!AJ15=1,'Systematic review'!AK15=1,'Systematic review'!AL15=1),'Systematic review'!AM15=1),3, IF(AND(OR('Systematic review'!AG15=1,'Systematic review'!AH15=1,'Systematic review'!AI15=1),OR('Systematic review'!AN15=1, 'Systematic review'!AO15=1,'Systematic review'!AP15=1)),4, IF(AND(OR('Systematic review'!AE15=1,'Systematic review'!AF15=1,'Systematic review'!AJ15=1,'Systematic review'!AK15=1,'Systematic review'!AL15=1), OR('Systematic review'!AN15=1, 'Systematic review'!AO15=1,'Systematic review'!AP15=1)),5,IF(AND('Systematic review'!AC15=1,'Systematic review'!AE15=0,'Systematic review'!AF15=0,'Systematic review'!AG15=0,'Systematic review'!AH15=0,'Systematic review'!AI15=0,'Systematic review'!AJ15=0,'Systematic review'!AK15=0,'Systematic review'!AL15=0),6,"PB")))))) -> 1 | I3: =IF(AND('Systematic review'!AQ15=1,'Systematic review'!AR15=0,'Systematic review'!AS15=0,'Systematic review'!AT15=0),1,IF(AND('Systematic review'!AQ15=0,'Systematic review'!AR15=1,'Systematic review'!AS15=0,'Systematic review'!AT15=0),2,IF(AND('Systematic review'!AQ15=0,'Systematic review'!AR15=0,'Systematic review'!AS15=1,'Systematic review'!AT15=0),3,IF(AND('Systematic review'!AQ15=0,'Systematic review'!AR15=0,'Systematic review'!AS15=0,'Systematic review'!AT15=1),4,IF(AND('Systematic review'!AQ15=1,'Systematic review'!AR15=1,'Systematic review'!AS15=0,'Systematic review'!AT15=0),5,IF(AND('Systematic review'!AQ15=1,'Systematic review'!AR15=0,'Systematic review'!AS15=1,'Systematic review'!AT15=0),6,IF(AND('Systematic review'!AQ15=1,'Systematic review'!AR15=0,'Systematic review'!AS15=0,'Systematic review'!AT15=1),7,IF(AND('Systematic review'!AQ15=0,'Systematic review'!AR15=1,'Systematic review'!AS15=1,'Systematic review'!AT15=0),8,IF(AND('Systematic review'!AQ15=0,'Systematic review'!AR15=1,'Systematic review'!AS15=0,'Systematic review'!AT15=1),9,IF(AND('Systematic review'!AQ15=0,'Systematic review'!AR15=0,'Systematic review'!AS15=1,'Systematic review'!AT15=1),10,IF(AND('Systematic review'!AQ15=1,'Systematic review'!AR15=1,'Systematic review'!AS15=1,'Systematic review'!AT15=0),11, IF(AND('Systematic review'!AQ15=1,'Systematic review'!AR15=0,'Systematic review'!AS15=1,'Systematic review'!AT15=1),12, IF(AND('Systematic review'!AQ15=1,'Systematic review'!AR15=1,'Systematic review'!AS15=0,'Systematic review'!AT15=1),13,IF(AND('Systematic review'!AQ15=0,'Systematic review'!AR15=1,'Systematic review'!AS15=1,'Systematic review'!AT15=1),14,IF(AND('Systematic review'!AQ15=1,'Systematic review'!AR15=1,'Systematic review'!AS15=1,'Systematic review'!AT15=1),15,0))))))))))))))) -> 0 | L3: 0
A4: ='Systematic review'!A17 -> 0 | B4: ='Systematic review'!C17 -> 0 | C4: ='Systematic review'!D17 -> 1945 | D4: ='Systematic review'!E17 -> Henin and Dupuis | E4: =IF('Systematic review'!F17=6,1,IF('Systematic review'!F17=1,2,IF('Systematic review'!F17=2,3,IF('Systematic review'!F17=7,4, IF(OR('Systematic review'!F17="1 to 7",'Systematic review'!F17="2 to 7", 'Systematic review'!F17="1& 7", 'Systematic review'!F17="1&7"),5))))) -> 2 | F4: =IF('Systematic review'!J17=3, "NL", "L") -> L | G4: =IF('Systematic review'!P17=1,1,(IF('Systematic review'!Q17=1,2,IF('Systematic review'!R17=1,3,IF('Systematic review'!V17=1,4,IF('Systematic review'!W17=1,5,IF('Systematic review'!X17=1,6,"No Data"))))))) -> 5 | H4: =IF('Systematic review'!AD17=1,1,IF(AND(OR('Systematic review'!AG17=1,'Systematic review'!AH17=1,'Systematic review'!AI17=1),'Systematic review'!AM17=1),2,IF(AND(OR('Systematic review'!AE17=1,'Systematic review'!AF17=1,'Systematic review'!AJ17=1,'Systematic review'!AK17=1,'Systematic review'!AL17=1),'Systematic review'!AM17=1),3, IF(AND(OR('Systematic review'!AG17=1,'Systematic review'!AH17=1,'Systematic review'!AI17=1),OR('Systematic review'!AN17=1, 'Systematic review'!AO17=1,'Systematic review'!AP17=1)),4, IF(AND(OR('Systematic review'!AE17=1,'Systematic review'!AF17=1,'Systematic review'!AJ17=1,'Systematic review'!AK17=1,'Systematic review'!AL17=1), OR('Systematic review'!AN17=1, 'Systematic review'!AO17=1,'Systematic review'!AP17=1)),5,IF(AND('Systematic review'!AC17=1,'Systematic review'!AE17=0,'Systematic review'!AF17=0,'Systematic review'!AG17=0,'Systematic review'!AH17=0,'Systematic review'!AI17=0,'Systematic review'!AJ17=0,'Systematic review'!AK17=0,'Systematic review'!AL17=0),6,"PB")))))) -> 3 | I4: =IF(AND('Systematic review'!AQ17=1,'Systematic review'!AR17=0,'Systematic review'!AS17=0,'Systematic review'!AT17=0),1,IF(AND('Systematic review'!AQ17=0,'Systematic review'!AR17=1,'Systematic review'!AS17=0,'Systematic review'!AT17=0),2,IF(AND('Systematic review'!AQ17=0,'Systematic review'!AR17=0,'Systematic review'!AS17=1,'Systematic review'!AT17=0),3,IF(AND('Systematic review'!AQ17=0,'Systematic review'!AR17=0,'Systematic review'!AS17=0,'Systematic review'!AT17=1),4,IF(AND('Systematic review'!AQ17=1,'Systematic review'!AR17=1,'Systematic review'!AS17=0,'Systematic review'!AT17=0),5,IF(AND('Systematic review'!AQ17=1,'Systematic review'!AR17=0,'Systematic review'!AS17=1,'Systematic review'!AT17=0),6,IF(AND('Systematic review'!AQ17=1,'Systematic review'!AR17=0,'Systematic review'!AS17=0,'Systematic review'!AT17=1),7,IF(AND('Systematic review'!AQ17=0,'Systematic review'!AR17=1,'Systematic review'!AS17=1,'Systematic review'!AT17=0),8,IF(AND('Systematic review'!AQ17=0,'Systematic review'!AR17=1,'Systematic review'!AS17=0,'Systematic review'!AT17=1),9,IF(AND('Systematic review'!AQ17=0,'Systematic review'!AR17=0,'Systematic review'!AS17=1,'Systematic review'!AT17=1),10,IF(AND('Systematic review'!AQ17=1,'Systematic review'!AR17=1,'Systematic review'!AS17=1,'Systematic review'!AT17=0),11, IF(AND('Systematic review'!AQ17=1,'Systematic review'!AR17=0,'Systematic review'!AS17=1,'Systematic review'!AT17=1),12, IF(AND('Systematic review'!AQ17=1,'Systematic review'!AR17=1,'Systematic review'!AS17=0,'Systematic review'!AT17=1),13,IF(AND('Systematic review'!AQ17=0,'Systematic review'!AR17=1,'Systematic review'!AS17=1,'Systematic review'!AT17=1),14,IF(AND('Systematic review'!AQ17=1,'Systematic review'!AR17=1,'Systematic review'!AS17=1,'Systematic review'!AT17=1),15,0))))))))))))))) -> 2 | L4: 2
A5: ='Systematic review'!A19 -> 0 | B5: ='Systematic review'!C19 -> 0 | C5: ='Systematic review'!D19 -> 1956 | D5: ='Systematic review'!E19 -> Eriksson and Welander | E5: =IF('Systematic review'!F19=6,1,IF('Systematic review'!F19=1,2,IF('Systematic review'!F19=2,3,IF('Systematic review'!F19=7,4, IF(OR('Systematic review'!F19="1 to 7",'Systematic review'!F19="2 to 7", 'Systematic review'!F19="1& 7", 'Systematic review'!F19="1&7"),5))))) -> 4 | F5: =IF('Systematic review'!J19=3, "NL", "L") -> NL | G5: =IF('Systematic review'!P19=1,1,(IF('Systematic review'!Q19=1,2,IF('Systematic review'!R19=1,3,IF('Systematic review'!V19=1,4,IF('Systematic review'!W19=1,5,IF('Systematic review'!X19=1,6,"No Data"))))))) -> 1 | H5: =IF('Systematic review'!AD19=1,1,IF(AND(OR('Systematic review'!AG19=1,'Systematic review'!AH19=1,'Systematic review'!AI19=1),'Systematic review'!AM19=1),2,IF(AND(OR('Systematic review'!AE19=1,'Systematic review'!AF19=1,'Systematic review'!AJ19=1,'Systematic review'!AK19=1,'Systematic review'!AL19=1),'Systematic review'!AM19=1),3, IF(AND(OR('Systematic review'!AG19=1,'Systematic review'!AH19=1,'Systematic review'!AI19=1),OR('Systematic review'!AN19=1, 'Systematic review'!AO19=1,'Systematic review'!AP19=1)),4, IF(AND(OR('Systematic review'!AE19=1,'Systematic review'!AF19=1,'Systematic review'!AJ19=1,'Systematic review'!AK19=1,'Systematic review'!AL19=1), OR('Systematic review'!AN19=1, 'Systematic review'!AO19=1,'Systematic review'!AP19=1)),5,IF(AND('Systematic review'!AC19=1,'Systematic review'!AE19=0,'Systematic review'!AF19=0,'Systematic review'!AG19=0,'Systematic review'!AH19=0,'Systematic review'!AI19=0,'Systematic review'!AJ19=0,'Systematic review'!AK19=0,'Systematic review'!AL19=0),6,"PB")))))) -> 1 | I5: =IF(AND('Systematic review'!AQ19=1,'Systematic review'!AR19=0,'Systematic review'!AS19=0,'Systematic review'!AT19=0),1,IF(AND('Systematic review'!AQ19=0,'Systematic review'!AR19=1,'Systematic review'!AS19=0,'Systematic review'!AT19=0),2,IF(AND('Systematic review'!AQ19=0,'Systematic review'!AR19=0,'Systematic review'!AS19=1,'Systematic review'!AT19=0),3,IF(AND('Systematic review'!AQ19=0,'Systematic review'!AR19=0,'Systematic review'!AS19=0,'Systematic review'!AT19=1),4,IF(AND('Systematic review'!AQ19=1,'Systematic review'!AR19=1,'Systematic review'!AS19=0,'Systematic review'!AT19=0),5,IF(AND('Systematic review'!AQ19=1,'Systematic review'!AR19=0,'Systematic review'!AS19=1,'Systematic review'!AT19=0),6,IF(AND('Systematic review'!AQ19=1,'Systematic review'!AR19=0,'Systematic review'!AS19=0,'Systematic review'!AT19=1),7,IF(AND('Systematic review'!AQ19=0,'Systematic review'!AR19=1,'Systematic review'!AS19=1,'Systematic review'!AT19=0),8,IF(AND('Systematic review'!AQ19=0,'Systematic review'!AR19=1,'Systematic review'!AS19=0,'Systematic review'!AT19=1),9,IF(AND('Systematic review'!AQ19=0,'Systematic review'!AR19=0,'Systematic review'!AS19=1,'Systematic review'!AT19=1),10,IF(AND('Systematic review'!AQ19=1,'Systematic review'!AR19=1,'Systematic review'!AS19=1,'Systematic review'!AT19=0),11, IF(AND('Systematic review'!AQ19=1,'Systematic review'!AR19=0,'Systematic review'!AS19=1,'Systematic review'!AT19=1),12, IF(AND('Systematic review'!AQ19=1,'Systematic review'!AR19=1,'Systematic review'!AS19=0,'Systematic review'!AT19=1),13,IF(AND('Systematic review'!AQ19=0,'Systematic review'!AR19=1,'Systematic review'!AS19=1,'Systematic review'!AT19=1),14,IF(AND('Systematic review'!AQ19=1,'Systematic review'!AR19=1,'Systematic review'!AS19=1,'Systematic review'!AT19=1),15,0))))))))))))))) -> 0 | L5: 0
A6: ='Systematic review'!A20 -> 0 | B6: ='Systematic review'!C20 -> 0 | C6: ='Systematic review'!D20 -> 1957 | D6: ='Systematic review'!E20 -> Craig | E6: =IF('Systematic review'!F20=6,1,IF('Systematic review'!F20=1,2,IF('Systematic review'!F20=2,3,IF('Systematic review'!F20=7,4, IF(OR('Systematic review'!F20="1 to 7",'Systematic review'!F20="2 to 7", 'Systematic review'!F20="1& 7", 'Systematic review'!F20="1&7"),5))))) -> 4 | F6: =IF('Systematic review'!J20=3, "NL", "L") -> L | G6: =IF('Systematic review'!P20=1,1,(IF('Systematic review'!Q20=1,2,IF('Systematic review'!R20=1,3,IF('Systematic review'!V20=1,4,IF('Systematic review'!W20=1,5,IF('Systematic review'!X20=1,6,"No Data"))))))) -> 2 | H6: =IF('Systematic review'!AD20=1,1,IF(AND(OR('Systematic review'!AG20=1,'Systematic review'!AH20=1,'Systematic review'!AI20=1),'Systematic review'!AM20=1),2,IF(AND(OR('Systematic review'!AE20=1,'Systematic review'!AF20=1,'Systematic review'!AJ20=1,'Systematic review'!AK20=1,'Systematic review'!AL20=1),'Systematic review'!AM20=1),3, IF(AND(OR('Systematic review'!AG20=1,'Systematic review'!AH20=1,'Systematic review'!AI20=1),OR('Systematic review'!AN20=1, 'Systematic review'!AO20=1,'Systematic review'!AP20=1)),4, IF(AND(OR('Systematic review'!AE20=1,'Systematic review'!AF20=1,'Systematic review'!AJ20=1,'Systematic review'!AK20=1,'Systematic review'!AL20=1), OR('Systematic review'!AN20=1, 'Systematic review'!AO20=1,'Systematic review'!AP20=1)),5,IF(AND('Systematic review'!AC20=1,'Systematic review'!AE20=0,'Systematic review'!AF20=0,'Systematic review'!AG20=0,'Systematic review'!AH20=0,'Systematic review'!AI20=0,'Systematic review'!AJ20=0,'Systematic review'!AK20=0,'Systematic review'!AL20=0),6,"PB")))))) -> 1 | I6: =IF(AND('Systematic review'!AQ20=1,'Systematic review'!AR20=0,'Systematic review'!AS20=0,'Systematic review'!AT20=0),1,IF(AND('Systematic review'!AQ20=0,'Systematic review'!AR20=1,'Systematic review'!AS20=0,'Systematic review'!AT20=0),2,IF(AND('Systematic review'!AQ20=0,'Systematic review'!AR20=0,'Systematic review'!AS20=1,'Systematic review'!AT20=0),3,IF(AND('Systematic review'!AQ20=0,'Systematic review'!AR20=0,'Systematic review'!AS20=0,'Systematic review'!AT20=1),4,IF(AND('Systematic review'!AQ20=1,'Systematic review'!AR20=1,'Systematic review'!AS20=0,'Systematic review'!AT20=0),5,IF(AND('Systematic review'!AQ20=1,'Systematic review'!AR20=0,'Systematic review'!AS20=1,'Systematic review'!AT20=0),6,IF(AND('Systematic review'!AQ20=1,'Systematic review'!AR20=0,'Systematic review'!AS20=0,'Systematic review'!AT20=1),7,IF(AND('Systematic review'!AQ20=0,'Systematic review'!AR20=1,'Systematic review'!AS20=1,'Systematic review'!AT20=0),8,IF(AND('Systematic review'!AQ20=0,'Systematic review'!AR20=1,'Systematic review'!AS20=0,'Systematic review'!AT20=1),9,IF(AND('Systematic review'!AQ20=0,'Systematic review'!AR20=0,'Systematic review'!AS20=1,'Systematic review'!AT20=1),10,IF(AND('Systematic review'!AQ20=1,'Systematic review'!AR20=1,'Systematic review'!AS20=1,'Systematic review'!AT20=0),11, IF(AND('Systematic review'!AQ20=1,'Systematic review'!AR20=0,'Systematic review'!AS20=1,'Systematic review'!AT20=1),12, IF(AND('Systematic review'!AQ20=1,'Systematic review'!AR20=1,'Systematic review'!AS20=0,'Systematic review'!AT20=1),13,IF(AND('Systematic review'!AQ20=0,'Systematic review'!AR20=1,'Systematic review'!AS20=1,'Systematic review'!AT20=1),14,IF(AND('Systematic review'!AQ20=1,'Systematic review'!AR20=1,'Systematic review'!AS20=1,'Systematic review'!AT20=1),15,0))))))))))))))) -> 0 | L6: 0
A7: ='Systematic review'!A22 -> 0 | B7: ='Systematic review'!C22 -> 0 | C7: ='Systematic review'!D22 -> 1964 | D7: ='Systematic review'!E22 -> Russell | E7: =IF('Systematic review'!F22=6,1,IF('Systematic review'!F22=1,2,IF('Systematic review'!F22=2,3,IF('Systematic review'!F22=7,4, IF(OR('Systematic review'!F22="1 to 7",'Systematic review'!F22="2 to 7", 'Systematic review'!F22="1& 7", 'Systematic review'!F22="1&7"),5))))) -> 2 | F7: =IF('Systematic review'!J22=3, "NL", "L") -> L | G7: =IF('Systematic review'!P22=1,1,(IF('Systematic review'!Q22=1,2,IF('Systematic review'!R22=1,3,IF('Systematic review'!V22=1,4,IF('Systematic review'!W22=1,5,IF('Systematic review'!X22=1,6,"No Data"))))))) -> 1 | H7: =IF('Systematic review'!AD22=1,1,IF(AND(OR('Systematic review'!AG22=1,'Systematic review'!AH22=1,'Systematic review'!AI22=1),'Systematic review'!AM22=1),2,IF(AND(OR('Systematic review'!AE22=1,'Systematic review'!AF22=1,'Systematic review'!AJ22=1,'Systematic review'!AK22=1,'Systematic review'!AL22=1),'Systematic review'!AM22=1),3, IF(AND(OR('Systematic review'!AG22=1,'Systematic review'!AH22=1,'Systematic review'!AI22=1),OR('Systematic review'!AN22=1, 'Systematic review'!AO22=1,'Systematic review'!AP22=1)),4, IF(AND(OR('Systematic review'!AE22=1,'Systematic review'!AF22=1,'Systematic review'!AJ22=1,'Systematic review'!AK22=1,'Systematic review'!AL22=1), OR('Systematic review'!AN22=1, 'Systematic review'!AO22=1,'Systematic review'!AP22=1)),5,IF(AND('Systematic review'!AC22=1,'Systematic review'!AE22=0,'Systematic review'!AF22=0,'Systematic review'!AG22=0,'Systematic review'!AH22=0,'Systematic review'!AI22=0,'Systematic review'!AJ22=0,'Systematic review'!AK22=0,'Systematic review'!AL22=0),6,"PB")))))) -> 1 | I7: =IF(AND('Systematic review'!AQ22=1,'Systematic review'!AR22=0,'Systematic review'!AS22=0,'Systematic review'!AT22=0),1,IF(AND('Systematic review'!AQ22=0,'Systematic review'!AR22=1,'Systematic review'!AS22=0,'Systematic review'!AT22=0),2,IF(AND('Systematic review'!AQ22=0,'Systematic review'!AR22=0,'Systematic review'!AS22=1,'Systematic review'!AT22=0),3,IF(AND('Systematic review'!AQ22=0,'Systematic review'!AR22=0,'Systematic review'!AS22=0,'Systematic review'!AT22=1),4,IF(AND('Systematic review'!AQ22=1,'Systematic review'!AR22=1,'Systematic review'!AS22=0,'Systematic review'!AT22=0),5,IF(AND('Systematic review'!AQ22=1,'Systematic review'!AR22=0,'Systematic review'!AS22=1,'Systematic review'!AT22=0),6,IF(AND('Systematic review'!AQ22=1,'Systematic review'!AR22=0,'Systematic review'!AS22=0,'Systematic review'!AT22=1),7,IF(AND('Systematic review'!AQ22=0,'Systematic review'!AR22=1,'Systematic review'!AS22=1,'Systematic review'!AT22=0),8,IF(AND('Systematic review'!AQ22=0,'Systematic review'!AR22=1,'Systematic review'!AS22=0,'Systematic review'!AT22=1),9,IF(AND('Systematic review'!AQ22=0,'Systematic review'!AR22=0,'Systematic review'!AS22=1,'Systematic review'!AT22=1),10,IF(AND('Systematic review'!AQ22=1,'Systematic review'!AR22=1,'Systematic review'!AS22=1,'Systematic review'!AT22=0),11, IF(AND('Systematic review'!AQ22=1,'Systematic review'!AR22=0,'Systematic review'!AS22=1,'Systematic review'!AT22=1),12, IF(AND('Systematic review'!AQ22=1,'Systematic review'!AR22=1,'Systematic review'!AS22=0,'Systematic review'!AT22=1),13,IF(AND('Systematic review'!AQ22=0,'Systematic review'!AR22=1,'Systematic review'!AS22=1,'Systematic review'!AT22=1),14,IF(AND('Systematic review'!AQ22=1,'Systematic review'!AR22=1,'Systematic review'!AS22=1,'Systematic review'!AT22=1),15,0))))))))))))))) -> 0 | L7: 0
A8: ='Systematic review'!A24 -> 0 | B8: ='Systematic review'!C24 -> PWNEE | C8: ='Systematic review'!D24 -> 1972 | D8: ='Systematic review'!E24 -> Patten | E8: =IF('Systematic review'!F24=6,1,IF('Systematic review'!F24=1,2,IF('Systematic review'!F24=2,3,IF('Systematic review'!F24=7,4, IF(OR('Systematic review'!F24="1 to 7",'Systematic review'!F24="2 to 7", 'Systematic review'!F24="1& 7", 'Systematic review'!F24="1&7"),5))))) -> 3 | F8: =IF('Systematic review'!J24=3, "NL", "L") -> L | G8: =IF('Systematic review'!P24=1,1,(IF('Systematic review'!Q24=1,2,IF('Systematic review'!R24=1,3,IF('Systematic review'!V24=1,4,IF('Systematic review'!W24=1,5,IF('Systematic review'!X24=1,6,"No Data"))))))) -> 1 | H8: =IF('Systematic review'!AD24=1,1,IF(AND(OR('Systematic review'!AG24=1,'Systematic review'!AH24=1,'Systematic review'!AI24=1),'Systematic review'!AM24=1),2,IF(AND(OR('Systematic review'!AE24=1,'Systematic review'!AF24=1,'Systematic review'!AJ24=1,'Systematic review'!AK24=1,'Systematic review'!AL24=1),'Systematic review'!AM24=1),3, IF(AND(OR('Systematic review'!AG24=1,'Systematic review'!AH24=1,'Systematic review'!AI24=1),OR('Systematic review'!AN24=1, 'Systematic review'!AO24=1,'Systematic review'!AP24=1)),4, IF(AND(OR('Systematic review'!AE24=1,'Systematic review'!AF24=1,'Systematic review'!AJ24=1,'Systematic review'!AK24=1,'Systematic review'!AL24=1), OR('Systematic review'!AN24=1, 'Systematic review'!AO24=1,'Systematic review'!AP24=1)),5,IF(AND('Systematic review'!AC24=1,'Systematic review'!AE24=0,'Systematic review'!AF24=0,'Systematic review'!AG24=0,'Systematic review'!AH24=0,'Systematic review'!AI24=0,'Systematic review'!AJ24=0,'Systematic review'!AK24=0,'Systematic review'!AL24=0),6,"PB")))))) -> 1 | I8: =IF(AND('Systematic review'!AQ24=1,'Systematic review'!AR24=0,'Systematic review'!AS24=0,'Systematic review'!AT24=0),1,IF(AND('Systematic review'!AQ24=0,'Systematic review'!AR24=1,'Systematic review'!AS24=0,'Systematic review'!AT24=0),2,IF(AND('Systematic review'!AQ24=0,'Systematic review'!AR24=0,'Systematic review'!AS24=1,'Systematic review'!AT24=0),3,IF(AND('Systematic review'!AQ24=0,'Systematic review'!AR24=0,'Systematic review'!AS24=0,'Systematic review'!AT24=1),4,IF(AND('Systematic review'!AQ24=1,'Systematic review'!AR24=1,'Systematic review'!AS24=0,'Systematic review'!AT24=0),5,IF(AND('Systematic review'!AQ24=1,'Systematic review'!AR24=0,'Systematic review'!AS24=1,'Systematic review'!AT24=0),6,IF(AND('Systematic review'!AQ24=1,'Systematic review'!AR24=0,'Systematic review'!AS24=0,'Systematic review'!AT24=1),7,IF(AND('Systematic review'!AQ24=0,'Systematic review'!AR24=1,'Systematic review'!AS24=1,'Systematic review'!AT24=0),8,IF(AND('Systematic review'!AQ24=0,'Systematic review'!AR24=1,'Systematic review'!AS24=0,'Systematic review'!AT24=1),9,IF(AND('Systematic review'!AQ24=0,'Systematic review'!AR24=0,'Systematic review'!AS24=1,'Systematic review'!AT24=1),10,IF(AND('Systematic review'!AQ24=1,'Systematic review'!AR24=1,'Systematic review'!AS24=1,'Systematic review'!AT24=0),11, IF(AND('Systematic review'!AQ24=1,'Systematic review'!AR24=0,'Systematic review'!AS24=1,'Systematic review'!AT24=1),12, IF(AND('Systematic review'!AQ24=1,'Systematic review'!AR24=1,'Systematic review'!AS24=0,'Systematic review'!AT24=1),13,IF(AND('Systematic review'!AQ24=0,'Systematic review'!AR24=1,'Systematic review'!AS24=1,'Systematic review'!AT24=1),14,IF(AND('Systematic review'!AQ24=1,'Systematic review'!AR24=1,'Systematic review'!AS24=1,'Systematic review'!AT24=1),15,0))))))))))))))) -> 0 | L8: 0
A9: ='Systematic review'!A25 -> 0 | B9: ='Systematic review'!C25 -> ABISKO | C9: ='Systematic review'!D25 -> 1974 | D9: ='Systematic review'!E25 -> Bunnell and Dowling | E9: =IF('Systematic review'!F25=6,1,IF('Systematic review'!F25=1,2,IF('Systematic review'!F25=2,3,IF('Systematic review'!F25=7,4, IF(OR('Systematic review'!F25="1 to 7",'Systematic review'!F25="2 to 7", 'Systematic review'!F25="1& 7", 'Systematic review'!F25="1&7"),5))))) -> 3 | F9: =IF('Systematic review'!J25=3, "NL", "L") -> L | G9: =IF('Systematic review'!P25=1,1,(IF('Systematic review'!Q25=1,2,IF('Systematic review'!R25=1,3,IF('Systematic review'!V25=1,4,IF('Systematic review'!W25=1,5,IF('Systematic review'!X25=1,6,"No Data"))))))) -> 1 | H9: =IF('Systematic review'!AD25=1,1,IF(AND(OR('Systematic review'!AG25=1,'Systematic review'!AH25=1,'Systematic review'!AI25=1),'Systematic review'!AM25=1),2,IF(AND(OR('Systematic review'!AE25=1,'Systematic review'!AF25=1,'Systematic review'!AJ25=1,'Systematic review'!AK25=1,'Systematic review'!AL25=1),'Systematic review'!AM25=1),3, IF(AND(OR('Systematic review'!AG25=1,'Systematic review'!AH25=1,'Systematic review'!AI25=1),OR('Systematic review'!AN25=1, 'Systematic review'!AO25=1,'Systematic review'!AP25=1)),4, IF(AND(OR('Systematic review'!AE25=1,'Systematic review'!AF25=1,'Systematic review'!AJ25=1,'Systematic review'!AK25=1,'Systematic review'!AL25=1), OR('Systematic review'!AN25=1, 'Systematic review'!AO25=1,'Systematic review'!AP25=1)),5,IF(AND('Systematic review'!AC25=1,'Systematic review'!AE25=0,'Systematic review'!AF25=0,'Systematic review'!AG25=0,'Systematic review'!AH25=0,'Systematic review'!AI25=0,'Systematic review'!AJ25=0,'Systematic review'!AK25=0,'Systematic review'!AL25=0),6,"PB")))))) -> 1 | I9: =IF(AND('Systematic review'!AQ25=1,'Systematic review'!AR25=0,'Systematic review'!AS25=0,'Systematic review'!AT25=0),1,IF(AND('Systematic review'!AQ25=0,'Systematic review'!AR25=1,'Systematic review'!AS25=0,'Systematic review'!AT25=0),2,IF(AND('Systematic review'!AQ25=0,'Systematic review'!AR25=0,'Systematic review'!AS25=1,'Systematic review'!AT25=0),3,IF(AND('Systematic review'!AQ25=0,'Systematic review'!AR25=0,'Systematic review'!AS25=0,'Systematic review'!AT25=1),4,IF(AND('Systematic review'!AQ25=1,'Systematic review'!AR25=1,'Systematic review'!AS25=0,'Systematic review'!AT25=0),5,IF(AND('Systematic review'!AQ25=1,'Systematic review'!AR25=0,'Systematic review'!AS25=1,'Systematic review'!AT25=0),6,IF(AND('Systematic review'!AQ25=1,'Systematic review'!AR25=0,'Systematic review'!AS25=0,'Systematic review'!AT25=1),7,IF(AND('Systematic review'!AQ25=0,'Systematic review'!AR25=1,'Systematic review'!AS25=1,'Systematic review'!AT25=0),8,IF(AND('Systematic review'!AQ25=0,'Systematic review'!AR25=1,'Systematic review'!AS25=0,'Systematic review'!AT25=1),9,IF(AND('Systematic review'!AQ25=0,'Systematic review'!AR25=0,'Systematic review'!AS25=1,'Systematic review'!AT25=1),10,IF(AND('Systematic review'!AQ25=1,'Systematic review'!AR25=1,'Systematic review'!AS25=1,'Systematic review'!AT25=0),11, IF(AND('Systematic review'!AQ25=1,'Systematic review'!AR25=0,'Systematic review'!AS25=1,'Systematic review'!AT25=1),12, IF(AND('Systematic review'!AQ25=1,'Systematic review'!AR25=1,'Systematic review'!AS25=0,'Systematic review'!AT25=1),13,IF(AND('Systematic review'!AQ25=0,'Systematic review'!AR25=1,'Systematic review'!AS25=1,'Systematic review'!AT25=1),14,IF(AND('Systematic review'!AQ25=1,'Systematic review'!AR25=1,'Systematic review'!AS25=1,'Systematic review'!AT25=1),15,0))))))))))))))) -> 0 | L9: 0
A10: ='Systematic review'!A26 -> 0 | B10: ='Systematic review'!C26 -> ABISKO II | C10: ='Systematic review'!D26 -> 1975 | D10: ='Systematic review'!E26 -> Bunnell and Scoullar | E10: =IF('Systematic review'!F26=6,1,IF('Systematic review'!F26=1,2,IF('Systematic review'!F26=2,3,IF('Systematic review'!F26=7,4, IF(OR('Systematic review'!F26="1 to 7",'Systematic review'!F26="2 to 7", 'Systematic review'!F26="1& 7", 'Systematic review'!F26="1&7"),5))))) -> 3 | F10: =IF('Systematic review'!J26=3, "NL", "L") -> L | G10: =IF('Systematic review'!P26=1,1,(IF('Systematic review'!Q26=1,2,IF('Systematic review'!R26=1,3,IF('Systematic review'!V26=1,4,IF('Systematic review'!W26=1,5,IF('Systematic review'!X26=1,6,"No Data"))))))) -> 5 | H10: =IF('Systematic review'!AD26=1,1,IF(AND(OR('Systematic review'!AG26=1,'Systematic review'!AH26=1,'Systematic review'!AI26=1),'Systematic review'!AM26=1),2,IF(AND(OR('Systematic review'!AE26=1,'Systematic review'!AF26=1,'Systematic review'!AJ26=1,'Systematic review'!AK26=1,'Systematic review'!AL26=1),'Systematic review'!AM26=1),3, IF(AND(OR('Systematic review'!AG26=1,'Systematic review'!AH26=1,'Systematic review'!AI26=1),OR('Systematic review'!AN26=1, 'Systematic review'!AO26=1,'Systematic review'!AP26=1)),4, IF(AND(OR('Systematic review'!AE26=1,'Systematic review'!AF26=1,'Systematic review'!AJ26=1,'Systematic review'!AK26=1,'Systematic review'!AL26=1), OR('Systematic review'!AN26=1, 'Systematic review'!AO26=1,'Systematic review'!AP26=1)),5,IF(AND('Systematic review'!AC26=1,'Systematic review'!AE26=0,'Systematic review'!AF26=0,'Systematic review'!AG26=0,'Systematic review'!AH26=0,'Systematic review'!AI26=0,'Systematic review'!AJ26=0,'Systematic review'!AK26=0,'Systematic review'!AL26=0),6,"PB")))))) -> 4 | I10: =IF(AND('Systematic review'!AQ26=1,'Systematic review'!AR26=0,'Systematic review'!AS26=0,'Systematic review'!AT26=0),1,IF(AND('Systematic review'!AQ26=0,'Systematic review'!AR26=1,'Systematic review'!AS26=0,'Systematic review'!AT26=0),2,IF(AND('Systematic review'!AQ26=0,'Systematic review'!AR26=0,'Systematic review'!AS26=1,'Systematic review'!AT26=0),3,IF(AND('Systematic review'!AQ26=0,'Systematic review'!AR26=0,'Systematic review'!AS26=0,'Systematic review'!AT26=1),4,IF(AND('Systematic review'!AQ26=1,'Systematic review'!AR26=1,'Systematic review'!AS26=0,'Systematic review'!AT26=0),5,IF(AND('Systematic review'!AQ26=1,'Systematic review'!AR26=0,'Systematic review'!AS26=1,'Systematic review'!AT26=0),6,IF(AND('Systematic review'!AQ26=1,'Systematic review'!AR26=0,'Systematic review'!AS26=0,'Systematic review'!AT26=1),7,IF(AND('Systematic review'!AQ26=0,'Systematic review'!AR26=1,'Systematic review'!AS26=1,'Systematic review'!AT26=0),8,IF(AND('Systematic review'!AQ26=0,'Systematic review'!AR26=1,'Systematic review'!AS26=0,'Systematic review'!AT26=1),9,IF(AND('Systematic review'!AQ26=0,'Systematic review'!AR26=0,'Systematic review'!AS26=1,'Systematic review'!AT26=1),10,IF(AND('Systematic review'!AQ26=1,'Systematic review'!AR26=1,'Systematic review'!AS26=1,'Systematic review'!AT26=0),11, IF(AND('Systematic review'!AQ26=1,'Systematic review'!AR26=0,'Systematic review'!AS26=1,'Systematic review'!AT26=1),12, IF(AND('Systematic review'!AQ26=1,'Systematic review'!AR26=1,'Systematic review'!AS26=0,'Systematic review'!AT26=1),13,IF(AND('Systematic review'!AQ26=0,'Systematic review'!AR26=1,'Systematic review'!AS26=1,'Systematic review'!AT26=1),14,IF(AND('Systematic review'!AQ26=1,'Systematic review'!AR26=1,'Systematic review'!AS26=1,'Systematic review'!AT26=1),15,0))))))))))))))) -> 2 | L10: 2
A11: ='Systematic review'!A27 -> 0 | B11: ='Systematic review'!C27 -> 0 | C11: ='Systematic review'!D27 -> 1975 | D11: ='Systematic review'!E27 -> Harte and Levy | E11: =IF('Systematic review'!F27=6,1,IF('Systematic review'!F27=1,2,IF('Systematic review'!F27=2,3,IF('Systematic review'!F27=7,4, IF(OR('Systematic review'!F27="1 to 7",'Systematic review'!F27="2 to 7", 'Systematic review'!F27="1& 7", 'Systematic review'!F27="1&7"),5))))) -> 4 | F11: =IF('Systematic review'!J27=3, "NL", "L") -> NL | G11: =IF('Systematic review'!P27=1,1,(IF('Systematic review'!Q27=1,2,IF('Systematic review'!R27=1,3,IF('Systematic review'!V27=1,4,IF('Systematic review'!W27=1,5,IF('Systematic review'!X27=1,6,"No Data"))))))) -> 1 | H11: =IF('Systematic review'!AD27=1,1,IF(AND(OR('Systematic review'!AG27=1,'Systematic review'!AH27=1,'Systematic review'!AI27=1),'Systematic review'!AM27=1),2,IF(AND(OR('Systematic review'!AE27=1,'Systematic review'!AF27=1,'Systematic review'!AJ27=1,'Systematic review'!AK27=1,'Systematic review'!AL27=1),'Systematic review'!AM27=1),3, IF(AND(OR('Systematic review'!AG27=1,'Systematic review'!AH27=1,'Systematic review'!AI27=1),OR('Systematic review'!AN27=1, 'Systematic review'!AO27=1,'Systematic review'!AP27=1)),4, IF(AND(OR('Systematic review'!AE27=1,'Systematic review'!AF27=1,'Systematic review'!AJ27=1,'Systematic review'!AK27=1,'Systematic review'!AL27=1), OR('Systematic review'!AN27=1, 'Systematic review'!AO27=1,'Systematic review'!AP27=1)),5,IF(AND('Systematic review'!AC27=1,'Systematic review'!AE27=0,'Systematic review'!AF27=0,'Systematic review'!AG27=0,'Systematic review'!AH27=0,'Systematic review'!AI27=0,'Systematic review'!AJ27=0,'Systematic review'!AK27=0,'Systematic review'!AL27=0),6,"PB")))))) -> 1 | I11: =IF(AND('Systematic review'!AQ27=1,'Systematic review'!AR27=0,'Systematic review'!AS27=0,'Systematic review'!AT27=0),1,IF(AND('Systematic review'!AQ27=0,'Systematic review'!AR27=1,'Systematic review'!AS27=0,'Systematic review'!AT27=0),2,IF(AND('Systematic review'!AQ27=0,'Systematic review'!AR27=0,'Systematic review'!AS27=1,'Systematic review'!AT27=0),3,IF(AND('Systematic review'!AQ27=0,'Systematic review'!AR27=0,'Systematic review'!AS27=0,'Systematic review'!AT27=1),4,IF(AND('Systematic review'!AQ27=1,'Systematic review'!AR27=1,'Systematic review'!AS27=0,'Systematic review'!AT27=0),5,IF(AND('Systematic review'!AQ27=1,'Systematic review'!AR27=0,'Systematic review'!AS27=1,'Systematic review'!AT27=0),6,IF(AND('Systematic review'!AQ27=1,'Systematic review'!AR27=0,'Systematic review'!AS27=0,'Systematic review'!AT27=1),7,IF(AND('Systematic review'!AQ27=0,'Systematic review'!AR27=1,'Systematic review'!AS27=1,'Systematic review'!AT27=0),8,IF(AND('Systematic review'!AQ27=0,'Systematic review'!AR27=1,'Systematic review'!AS27=0,'Systematic review'!AT27=1),9,IF(AND('Systematic review'!AQ27=0,'Systematic review'!AR27=0,'Systematic review'!AS27=1,'Systematic review'!AT27=1),10,IF(AND('Systematic review'!AQ27=1,'Systematic review'!AR27=1,'Systematic review'!AS27=1,'Systematic review'!AT27=0),11, IF(AND('Systematic review'!AQ27=1,'Systematic review'!AR27=0,'Systematic review'!AS27=1,'Systematic review'!AT27=1),12, IF(AND('Systematic review'!AQ27=1,'Systematic review'!AR27=1,'Systematic review'!AS27=0,'Systematic review'!AT27=1),13,IF(AND('Systematic review'!AQ27=0,'Systematic review'!AR27=1,'Systematic review'!AS27=1,'Systematic review'!AT27=1),14,IF(AND('Systematic review'!AQ27=1,'Systematic review'!AR27=1,'Systematic review'!AS27=1,'Systematic review'!AT27=1),15,0))))))))))))))) -> 0 | L11: 0
A12: ='Systematic review'!A28 -> 0 | B12: ='Systematic review'!C28 -> 0 | C12: ='Systematic review'!D28 -> 1975 | D12: ='Systematic review'!E28 -> Parnas | E12: =IF('Systematic review'!F28=6,1,IF('Systematic review'!F28=1,2,IF('Systematic review'!F28=2,3,IF('Systematic review'!F28=7,4, IF(OR('Systematic review'!F28="1 to 7",'Systematic review'!F28="2 to 7", 'Systematic review'!F28="1& 7", 'Systematic review'!F28="1&7"),5))))) -> 2 | F12: =IF('Systematic review'!J28=3, "NL", "L") -> NL | G12: =IF('Systematic review'!P28=1,1,(IF('Systematic review'!Q28=1,2,IF('Systematic review'!R28=1,3,IF('Systematic review'!V28=1,4,IF('Systematic review'!W28=1,5,IF('Systematic review'!X28=1,6,"No Data"))))))) -> 1 | H12: =IF('Systematic review'!AD28=1,1,IF(AND(OR('Systematic review'!AG28=1,'Systematic review'!AH28=1,'Systematic review'!AI28=1),'Systematic review'!AM28=1),2,IF(AND(OR('Systematic review'!AE28=1,'Systematic review'!AF28=1,'Systematic review'!AJ28=1,'Systematic review'!AK28=1,'Systematic review'!AL28=1),'Systematic review'!AM28=1),3, IF(AND(OR('Systematic review'!AG28=1,'Systematic review'!AH28=1,'Systematic review'!AI28=1),OR('Systematic review'!AN28=1, 'Systematic review'!AO28=1,'Systematic review'!AP28=1)),4, IF(AND(OR('Systematic review'!AE28=1,'Systematic review'!AF28=1,'Systematic review'!AJ28=1,'Systematic review'!AK28=1,'Systematic review'!AL28=1), OR('Systematic review'!AN28=1, 'Systematic review'!AO28=1,'Systematic review'!AP28=1)),5,IF(AND('Systematic review'!AC28=1,'Systematic review'!AE28=0,'Systematic review'!AF28=0,'Systematic review'!AG28=0,'Systematic review'!AH28=0,'Systematic review'!AI28=0,'Systematic review'!AJ28=0,'Systematic review'!AK28=0,'Systematic review'!AL28=0),6,"PB")))))) -> 1 | I12: =IF(AND('Systematic review'!AQ28=1,'Systematic review'!AR28=0,'Systematic review'!AS28=0,'Systematic review'!AT28=0),1,IF(AND('Systematic review'!AQ28=0,'Systematic review'!AR28=1,'Systematic review'!AS28=0,'Systematic review'!AT28=0),2,IF(AND('Systematic review'!AQ28=0,'Systematic review'!AR28=0,'Systematic review'!AS28=1,'Systematic review'!AT28=0),3,IF(AND('Systematic review'!AQ28=0,'Systematic review'!AR28=0,'Systematic review'!AS28=0,'Systematic review'!AT28=1),4,IF(AND('Systematic review'!AQ28=1,'Systematic review'!AR28=1,'Systematic review'!AS28=0,'Systematic review'!AT28=0),5,IF(AND('Systematic review'!AQ28=1,'Systematic review'!AR28=0,'Systematic review'!AS28=1,'Systematic review'!AT28=0),6,IF(AND('Systematic review'!AQ28=1,'Systematic review'!AR28=0,'Systematic review'!AS28=0,'Systematic review'!AT28=1),7,IF(AND('Systematic review'!AQ28=0,'Systematic review'!AR28=1,'Systematic review'!AS28=1,'Systematic review'!AT28=0),8,IF(AND('Systematic review'!AQ28=0,'Systematic review'!AR28=1,'Systematic review'!AS28=0,'Systematic review'!AT28=1),9,IF(AND('Systematic review'!AQ28=0,'Systematic review'!AR28=0,'Systematic review'!AS28=1,'Systematic review'!AT28=1),10,IF(AND('Systematic review'!AQ28=1,'Systematic review'!AR28=1,'Systematic review'!AS28=1,'Systematic review'!AT28=0),11, IF(AND('Systematic review'!AQ28=1,'Systematic review'!AR28=0,'Systematic review'!AS28=1,'Systematic review'!AT28=1),12, IF(AND('Systematic review'!AQ28=1,'Systematic review'!AR28=1,'Systematic review'!AS28=0,'Systematic review'!AT28=1),13,IF(AND('Systematic review'!AQ28=0,'Systematic review'!AR28=1,'Systematic review'!AS28=1,'Systematic review'!AT28=1),14,IF(AND('Systematic review'!AQ28=1,'Systematic review'!AR28=1,'Systematic review'!AS28=1,'Systematic review'!AT28=1),15,0))))))))))))))) -> 0 | L12: 0
A13: ='Systematic review'!A29 -> 0 | B13: ='Systematic review'!C29 -> 0 | C13: ='Systematic review'!D29 -> 1975 | D13: ='Systematic review'!E29 -> Russell | E13: =IF('Systematic review'!F29=6,1,IF('Systematic review'!F29=1,2,IF('Systematic review'!F29=2,3,IF('Systematic review'!F29=7,4, IF(OR('Systematic review'!F29="1 to 7",'Systematic review'!F29="2 to 7", 'Systematic review'!F29="1& 7", 'Systematic review'!F29="1&7"),5))))) -> 3 | F13: =IF('Systematic review'!J29=3, "NL", "L") -> L | G13: =IF('Systematic review'!P29=1,1,(IF('Systematic review'!Q29=1,2,IF('Systematic review'!R29=1,3,IF('Systematic review'!V29=1,4,IF('Systematic review'!W29=1,5,IF('Systematic review'!X29=1,6,"No Data"))))))) -> 3 | H13: =IF('Systematic review'!AD29=1,1,IF(AND(OR('Systematic review'!AG29=1,'Systematic review'!AH29=1,'Systematic review'!AI29=1),'Systematic review'!AM29=1),2,IF(AND(OR('Systematic review'!AE29=1,'Systematic review'!AF29=1,'Systematic review'!AJ29=1,'Systematic review'!AK29=1,'Systematic review'!AL29=1),'Systematic review'!AM29=1),3, IF(AND(OR('Systematic review'!AG29=1,'Systematic review'!AH29=1,'Systematic review'!AI29=1),OR('Systematic review'!AN29=1, 'Systematic review'!AO29=1,'Systematic review'!AP29=1)),4, IF(AND(OR('Systematic review'!AE29=1,'Systematic review'!AF29=1,'Systematic review'!AJ29=1,'Systematic review'!AK29=1,'Systematic review'!AL29=1), OR('Systematic review'!AN29=1, 'Systematic review'!AO29=1,'Systematic review'!AP29=1)),5,IF(AND('Systematic review'!AC29=1,'Systematic review'!AE29=0,'Systematic review'!AF29=0,'Systematic review'!AG29=0,'Systematic review'!AH29=0,'Systematic review'!AI29=0,'Systematic review'!AJ29=0,'Systematic review'!AK29=0,'Systematic review'!AL29=0),6,"PB")))))) -> 4 | I13: =IF(AND('Systematic review'!AQ29=1,'Systematic review'!AR29=0,'Systematic review'!AS29=0,'Systematic review'!AT29=0),1,IF(AND('Systematic review'!AQ29=0,'Systematic review'!AR29=1,'Systematic review'!AS29=0,'Systematic review'!AT29=0),2,IF(AND('Systematic review'!AQ29=0,'Systematic review'!AR29=0,'Systematic review'!AS29=1,'Systematic review'!AT29=0),3,IF(AND('Systematic review'!AQ29=0,'Systematic review'!AR29=0,'Systematic review'!AS29=0,'Systematic review'!AT29=1),4,IF(AND('Systematic review'!AQ29=1,'Systematic review'!AR29=1,'Systematic review'!AS29=0,'Systematic review'!AT29=0),5,IF(AND('Systematic review'!AQ29=1,'Systematic review'!AR29=0,'Systematic review'!AS29=1,'Systematic review'!AT29=0),6,IF(AND('Systematic review'!AQ29=1,'Systematic review'!AR29=0,'Systematic review'!AS29=0,'Systematic review'!AT29=1),7,IF(AND('Systematic review'!AQ29=0,'Systematic review'!AR29=1,'Systematic review'!AS29=1,'Systematic review'!AT29=0),8,IF(AND('Systematic review'!AQ29=0,'Systematic review'!AR29=1,'Systematic review'!AS29=0,'Systematic review'!AT29=1),9,IF(AND('Systematic review'!AQ29=0,'Systematic review'!AR29=0,'Systematic review'!AS29=1,'Systematic review'!AT29=1),10,IF(AND('Systematic review'!AQ29=1,'Systematic review'!AR29=1,'Systematic review'!AS29=1,'Systematic review'!AT29=0),11, IF(AND('Systematic review'!AQ29=1,'Systematic review'!AR29=0,'Systematic review'!AS29=1,'Systematic review'!AT29=1),12, IF(AND('Systematic review'!AQ29=1,'Systematic review'!AR29=1,'Systematic review'!AS29=0,'Systematic review'!AT29=1),13,IF(AND('Systematic review'!AQ29=0,'Systematic review'!AR29=1,'Systematic review'!AS29=1,'Systematic review'!AT29=1),14,IF(AND('Systematic review'!AQ29=1,'Systematic review'!AR29=1,'Systematic review'!AS29=1,'Systematic review'!AT29=1),15,0))))))))))))))) -> 2 | L13: 2
A14: ='Systematic review'!A30 -> 0 | B14: ='Systematic review'!C30 -> 0 | C14: ='Systematic review'!D30 -> 1976 | D14: ='Systematic review'!E30 -> Parnas | E14: =IF('Systematic review'!F30=6,1,IF('Systematic review'!F30=1,2,IF('Systematic review'!F30=2,3,IF('Systematic review'!F30=7,4, IF(OR('Systematic review'!F30="1 to 7",'Systematic review'!F30="2 to 7", 'Systematic review'!F30="1& 7", 'Systematic review'!F30="1&7"),5))))) -> 1 | F14: =IF('Systematic review'!J30=3, "NL", "L") -> NL | G14: =IF('Systematic review'!P30=1,1,(IF('Systematic review'!Q30=1,2,IF('Systematic review'!R30=1,3,IF('Systematic review'!V30=1,4,IF('Systematic review'!W30=1,5,IF('Systematic review'!X30=1,6,"No Data"))))))) -> 6 | H14: =IF('Systematic review'!AD30=1,1,IF(AND(OR('Systematic review'!AG30=1,'Systematic review'!AH30=1,'Systematic review'!AI30=1),'Systematic review'!AM30=1),2,IF(AND(OR('Systematic review'!AE30=1,'Systematic review'!AF30=1,'Systematic review'!AJ30=1,'Systematic review'!AK30=1,'Systematic review'!AL30=1),'Systematic review'!AM30=1),3, IF(AND(OR('Systematic review'!AG30=1,'Systematic review'!AH30=1,'Systematic review'!AI30=1),OR('Systematic review'!AN30=1, 'Systematic review'!AO30=1,'Systematic review'!AP30=1)),4, IF(AND(OR('Systematic review'!AE30=1,'Systematic review'!AF30=1,'Systematic review'!AJ30=1,'Systematic review'!AK30=1,'Systematic review'!AL30=1), OR('Systematic review'!AN30=1, 'Systematic review'!AO30=1,'Systematic review'!AP30=1)),5,IF(AND('Systematic review'!AC30=1,'Systematic review'!AE30=0,'Systematic review'!AF30=0,'Systematic review'!AG30=0,'Systematic review'!AH30=0,'Systematic review'!AI30=0,'Systematic review'!AJ30=0,'Systematic review'!AK30=0,'Systematic review'!AL30=0),6,"PB")))))) -> 1 | I14: =IF(AND('Systematic review'!AQ30=1,'Systematic review'!AR30=0,'Systematic review'!AS30=0,'Systematic review'!AT30=0),1,IF(AND('Systematic review'!AQ30=0,'Systematic review'!AR30=1,'Systematic review'!AS30=0,'Systematic review'!AT30=0),2,IF(AND('Systematic review'!AQ30=0,'Systematic review'!AR30=0,'Systematic review'!AS30=1,'Systematic review'!AT30=0),3,IF(AND('Systematic review'!AQ30=0,'Systematic review'!AR30=0,'Systematic review'!AS30=0,'Systematic review'!AT30=1),4,IF(AND('Systematic review'!AQ30=1,'Systematic review'!AR30=1,'Systematic review'!AS30=0,'Systematic review'!AT30=0),5,IF(AND('Systematic review'!AQ30=1,'Systematic review'!AR30=0,'Systematic review'!AS30=1,'Systematic review'!AT30=0),6,IF(AND('Systematic review'!AQ30=1,'Systematic review'!AR30=0,'Systematic review'!AS30=0,'Systematic review'!AT30=1),7,IF(AND('Systematic review'!AQ30=0,'Systematic review'!AR30=1,'Systematic review'!AS30=1,'Systematic review'!AT30=0),8,IF(AND('Systematic review'!AQ30=0,'Systematic review'!AR30=1,'Systematic review'!AS30=0,'Systematic review'!AT30=1),9,IF(AND('Systematic review'!AQ30=0,'Systematic review'!AR30=0,'Systematic review'!AS30=1,'Systematic review'!AT30=1),10,IF(AND('Systematic review'!AQ30=1,'Systematic review'!AR30=1,'Systematic review'!AS30=1,'Systematic review'!AT30=0),11, IF(AND('Systematic review'!AQ30=1,'Systematic review'!AR30=0,'Systematic review'!AS30=1,'Systematic review'!AT30=1),12, IF(AND('Systematic review'!AQ30=1,'Systematic review'!AR30=1,'Systematic review'!AS30=0,'Systematic review'!AT30=1),13,IF(AND('Systematic review'!AQ30=0,'Systematic review'!AR30=1,'Systematic review'!AS30=1,'Systematic review'!AT30=1),14,IF(AND('Systematic review'!AQ30=1,'Systematic review'!AR30=1,'Systematic review'!AS30=1,'Systematic review'!AT30=1),15,0))))))))))))))) -> 0 | L14: 0
A15: ='Systematic review'!A31 -> 0 | B15: ='Systematic review'!C31 -> ELM | C15: ='Systematic review'!D31 -> 1977 | D15: ='Systematic review'!E31 -> Hunt; Reuss and Innis | E15: =IF('Systematic review'!F31=6,1,IF('Systematic review'!F31=1,2,IF('Systematic review'!F31=2,3,IF('Systematic review'!F31=7,4, IF(OR('Systematic review'!F31="1 to 7",'Systematic review'!F31="2 to 7", 'Systematic review'!F31="1& 7", 'Systematic review'!F31="1&7"),5))))) -> 3 | F15: =IF('Systematic review'!J31=3, "NL", "L") -> L | G15: =IF('Systematic review'!P31=1,1,(IF('Systematic review'!Q31=1,2,IF('Systematic review'!R31=1,3,IF('Systematic review'!V31=1,4,IF('Systematic review'!W31=1,5,IF('Systematic review'!X31=1,6,"No Data"))))))) -> 5 | H15: =IF('Systematic review'!AD31=1,1,IF(AND(OR('Systematic review'!AG31=1,'Systematic review'!AH31=1,'Systematic review'!AI31=1),'Systematic review'!AM31=1),2,IF(AND(OR('Systematic review'!AE31=1,'Systematic review'!AF31=1,'Systematic review'!AJ31=1,'Systematic review'!AK31=1,'Systematic review'!AL31=1),'Systematic review'!AM31=1),3, IF(AND(OR('Systematic review'!AG31=1,'Systematic review'!AH31=1,'Systematic review'!AI31=1),OR('Systematic review'!AN31=1, 'Systematic review'!AO31=1,'Systematic review'!AP31=1)),4, IF(AND(OR('Systematic review'!AE31=1,'Systematic review'!AF31=1,'Systematic review'!AJ31=1,'Systematic review'!AK31=1,'Systematic review'!AL31=1), OR('Systematic review'!AN31=1, 'Systematic review'!AO31=1,'Systematic review'!AP31=1)),5,IF(AND('Systematic review'!AC31=1,'Systematic review'!AE31=0,'Systematic review'!AF31=0,'Systematic review'!AG31=0,'Systematic review'!AH31=0,'Systematic review'!AI31=0,'Systematic review'!AJ31=0,'Systematic review'!AK31=0,'Systematic review'!AL31=0),6,"PB")))))) -> 2 | I15: =IF(AND('Systematic review'!AQ31=1,'Systematic review'!AR31=0,'Systematic review'!AS31=0,'Systematic review'!AT31=0),1,IF(AND('Systematic review'!AQ31=0,'Systematic review'!AR31=1,'Systematic review'!AS31=0,'Systematic review'!AT31=0),2,IF(AND('Systematic review'!AQ31=0,'Systematic review'!AR31=0,'Systematic review'!AS31=1,'Systematic review'!AT31=0),3,IF(AND('Systematic review'!AQ31=0,'Systematic review'!AR31=0,'Systematic review'!AS31=0,'Systematic review'!AT31=1),4,IF(AND('Systematic review'!AQ31=1,'Systematic review'!AR31=1,'Systematic review'!AS31=0,'Systematic review'!AT31=0),5,IF(AND('Systematic review'!AQ31=1,'Systematic review'!AR31=0,'Systematic review'!AS31=1,'Systematic review'!AT31=0),6,IF(AND('Systematic review'!AQ31=1,'Systematic review'!AR31=0,'Systematic review'!AS31=0,'Systematic review'!AT31=1),7,IF(AND('Systematic review'!AQ31=0,'Systematic review'!AR31=1,'Systematic review'!AS31=1,'Systematic review'!AT31=0),8,IF(AND('Systematic review'!AQ31=0,'Systematic review'!AR31=1,'Systematic review'!AS31=0,'Systematic review'!AT31=1),9,IF(AND('Systematic review'!AQ31=0,'Systematic review'!AR31=0,'Systematic review'!AS31=1,'Systematic review'!AT31=1),10,IF(AND('Systematic review'!AQ31=1,'Systematic review'!AR31=1,'Systematic review'!AS31=1,'Systematic review'!AT31=0),11, IF(AND('Systematic review'!AQ31=1,'Systematic review'!AR31=0,'Systematic review'!AS31=1,'Systematic review'!AT31=1),12, IF(AND('Systematic review'!AQ31=1,'Systematic review'!AR31=1,'Systematic review'!AS31=0,'Systematic review'!AT31=1),13,IF(AND('Systematic review'!AQ31=0,'Systematic review'!AR31=1,'Systematic review'!AS31=1,'Systematic review'!AT31=1),14,IF(AND('Systematic review'!AQ31=1,'Systematic review'!AR31=1,'Systematic review'!AS31=1,'Systematic review'!AT31=1),15,0))))))))))))))) -> 2 | L15: 2
A16: ='Systematic review'!A32 -> 0 | B16: ='Systematic review'!C32 -> Rothamsted | C16: ='Systematic review'!D32 -> 1977 | D16: ='Systematic review'!E32 -> Jenkinson | E16: =IF('Systematic review'!F32=6,1,IF('Systematic review'!F32=1,2,IF('Systematic review'!F32=2,3,IF('Systematic review'!F32=7,4, IF(OR('Systematic review'!F32="1 to 7",'Systematic review'!F32="2 to 7", 'Systematic review'!F32="1& 7", 'Systematic review'!F32="1&7"),5))))) -> 2 | F16: =IF('Systematic review'!J32=3, "NL", "L") -> L | G16: =IF('Systematic review'!P32=1,1,(IF('Systematic review'!Q32=1,2,IF('Systematic review'!R32=1,3,IF('Systematic review'!V32=1,4,IF('Systematic review'!W32=1,5,IF('Systematic review'!X32=1,6,"No Data"))))))) -> 5 | H16: =IF('Systematic review'!AD32=1,1,IF(AND(OR('Systematic review'!AG32=1,'Systematic review'!AH32=1,'Systematic review'!AI32=1),'Systematic review'!AM32=1),2,IF(AND(OR('Systematic review'!AE32=1,'Systematic review'!AF32=1,'Systematic review'!AJ32=1,'Systematic review'!AK32=1,'Systematic review'!AL32=1),'Systematic review'!AM32=1),3, IF(AND(OR('Systematic review'!AG32=1,'Systematic review'!AH32=1,'Systematic review'!AI32=1),OR('Systematic review'!AN32=1, 'Systematic review'!AO32=1,'Systematic review'!AP32=1)),4, IF(AND(OR('Systematic review'!AE32=1,'Systematic review'!AF32=1,'Systematic review'!AJ32=1,'Systematic review'!AK32=1,'Systematic review'!AL32=1), OR('Systematic review'!AN32=1, 'Systematic review'!AO32=1,'Systematic review'!AP32=1)),5,IF(AND('Systematic review'!AC32=1,'Systematic review'!AE32=0,'Systematic review'!AF32=0,'Systematic review'!AG32=0,'Systematic review'!AH32=0,'Systematic review'!AI32=0,'Systematic review'!AJ32=0,'Systematic review'!AK32=0,'Systematic review'!AL32=0),6,"PB")))))) -> 2 | I16: =IF(AND('Systematic review'!AQ32=1,'Systematic review'!AR32=0,'Systematic review'!AS32=0,'Systematic review'!AT32=0),1,IF(AND('Systematic review'!AQ32=0,'Systematic review'!AR32=1,'Systematic review'!AS32=0,'Systematic review'!AT32=0),2,IF(AND('Systematic review'!AQ32=0,'Systematic review'!AR32=0,'Systematic review'!AS32=1,'Systematic review'!AT32=0),3,IF(AND('Systematic review'!AQ32=0,'Systematic review'!AR32=0,'Systematic review'!AS32=0,'Systematic review'!AT32=1),4,IF(AND('Systematic review'!AQ32=1,'Systematic review'!AR32=1,'Systematic review'!AS32=0,'Systematic review'!AT32=0),5,IF(AND('Systematic review'!AQ32=1,'Systematic review'!AR32=0,'Systematic review'!AS32=1,'Systematic review'!AT32=0),6,IF(AND('Systematic review'!AQ32=1,'Systematic review'!AR32=0,'Systematic review'!AS32=0,'Systematic review'!AT32=1),7,IF(AND('Systematic review'!AQ32=0,'Systematic review'!AR32=1,'Systematic review'!AS32=1,'Systematic review'!AT32=0),8,IF(AND('Systematic review'!AQ32=0,'Systematic review'!AR32=1,'Systematic review'!AS32=0,'Systematic review'!AT32=1),9,IF(AND('Systematic review'!AQ32=0,'Systematic review'!AR32=0,'Systematic review'!AS32=1,'Systematic review'!AT32=1),10,IF(AND('Systematic review'!AQ32=1,'Systematic review'!AR32=1,'Systematic review'!AS32=1,'Systematic review'!AT32=0),11, IF(AND('Systematic review'!AQ32=1,'Systematic review'!AR32=0,'Systematic review'!AS32=1,'Systematic review'!AT32=1),12, IF(AND('Systematic review'!AQ32=1,'Systematic review'!AR32=1,'Systematic review'!AS32=0,'Systematic review'!AT32=1),13,IF(AND('Systematic review'!AQ32=0,'Systematic review'!AR32=1,'Systematic review'!AS32=1,'Systematic review'!AT32=1),14,IF(AND('Systematic review'!AQ32=1,'Systematic review'!AR32=1,'Systematic review'!AS32=1,'Systematic review'!AT32=1),15,0))))))))))))))) -> 2 | L16: 2
A17: ='Systematic review'!A33 -> 0 | B17: ='Systematic review'!C33 -> 0 | C17: ='Systematic review'!D33 -> 1978 | D17: ='Systematic review'!E33 -> Holland | E17: =IF('Systematic review'!F33=6,1,IF('Systematic review'!F33=1,2,IF('Systematic review'!F33=2,3,IF('Systematic review'!F33=7,4, IF(OR('Systematic review'!F33="1 to 7",'Systematic review'!F33="2 to 7", 'Systematic review'!F33="1& 7", 'Systematic review'!F33="1&7"),5))))) -> 4 | F17: =IF('Systematic review'!J33=3, "NL", "L") -> L | G17: =IF('Systematic review'!P33=1,1,(IF('Systematic review'!Q33=1,2,IF('Systematic review'!R33=1,3,IF('Systematic review'!V33=1,4,IF('Systematic review'!W33=1,5,IF('Systematic review'!X33=1,6,"No Data"))))))) -> 1 | H17: =IF('Systematic review'!AD33=1,1,IF(AND(OR('Systematic review'!AG33=1,'Systematic review'!AH33=1,'Systematic review'!AI33=1),'Systematic review'!AM33=1),2,IF(AND(OR('Systematic review'!AE33=1,'Systematic review'!AF33=1,'Systematic review'!AJ33=1,'Systematic review'!AK33=1,'Systematic review'!AL33=1),'Systematic review'!AM33=1),3, IF(AND(OR('Systematic review'!AG33=1,'Systematic review'!AH33=1,'Systematic review'!AI33=1),OR('Systematic review'!AN33=1, 'Systematic review'!AO33=1,'Systematic review'!AP33=1)),4, IF(AND(OR('Systematic review'!AE33=1,'Systematic review'!AF33=1,'Systematic review'!AJ33=1,'Systematic review'!AK33=1,'Systematic review'!AL33=1), OR('Systematic review'!AN33=1, 'Systematic review'!AO33=1,'Systematic review'!AP33=1)),5,IF(AND('Systematic review'!AC33=1,'Systematic review'!AE33=0,'Systematic review'!AF33=0,'Systematic review'!AG33=0,'Systematic review'!AH33=0,'Systematic review'!AI33=0,'Systematic review'!AJ33=0,'Systematic review'!AK33=0,'Systematic review'!AL33=0),6,"PB")))))) -> 1 | I17: =IF(AND('Systematic review'!AQ33=1,'Systematic review'!AR33=0,'Systematic review'!AS33=0,'Systematic review'!AT33=0),1,IF(AND('Systematic review'!AQ33=0,'Systematic review'!AR33=1,'Systematic review'!AS33=0,'Systematic review'!AT33=0),2,IF(AND('Systematic review'!AQ33=0,'Systematic review'!AR33=0,'Systematic review'!AS33=1,'Systematic review'!AT33=0),3,IF(AND('Systematic review'!AQ33=0,'Systematic review'!AR33=0,'Systematic review'!AS33=0,'Systematic review'!AT33=1),4,IF(AND('Systematic review'!AQ33=1,'Systematic review'!AR33=1,'Systematic review'!AS33=0,'Systematic review'!AT33=0),5,IF(AND('Systematic review'!AQ33=1,'Systematic review'!AR33=0,'Systematic review'!AS33=1,'Systematic review'!AT33=0),6,IF(AND('Systematic review'!AQ33=1,'Systematic review'!AR33=0,'Systematic review'!AS33=0,'Systematic review'!AT33=1),7,IF(AND('Systematic review'!AQ33=0,'Systematic review'!AR33=1,'Systematic review'!AS33=1,'Systematic review'!AT33=0),8,IF(AND('Systematic review'!AQ33=0,'Systematic review'!AR33=1,'Systematic review'!AS33=0,'Systematic review'!AT33=1),9,IF(AND('Systematic review'!AQ33=0,'Systematic review'!AR33=0,'Systematic review'!AS33=1,'Systematic review'!AT33=1),10,IF(AND('Systematic review'!AQ33=1,'Systematic review'!AR33=1,'Systematic review'!AS33=1,'Systematic review'!AT33=0),11, IF(AND('Systematic review'!AQ33=1,'Systematic review'!AR33=0,'Systematic review'!AS33=1,'Systematic review'!AT33=1),12, IF(AND('Systematic review'!AQ33=1,'Systematic review'!AR33=1,'Systematic review'!AS33=0,'Systematic review'!AT33=1),13,IF(AND('Systematic review'!AQ33=0,'Systematic review'!AR33=1,'Systematic review'!AS33=1,'Systematic review'!AT33=1),14,IF(AND('Systematic review'!AQ33=1,'Systematic review'!AR33=1,'Systematic review'!AS33=1,'Systematic review'!AT33=1),15,0))))))))))))))) -> 0 | L17: 0
A18: ='Systematic review'!A34 -> 0 | B18: ='Systematic review'!C34 -> 0 | C18: ='Systematic review'!D34 -> 1978 | D18: ='Systematic review'!E34 -> O'Brien and Stout | E18: =IF('Systematic review'!F34=6,1,IF('Systematic review'!F34=1,2,IF('Systematic review'!F34=2,3,IF('Systematic review'!F34=7,4, IF(OR('Systematic review'!F34="1 to 7",'Systematic review'!F34="2 to 7", 'Systematic review'!F34="1& 7", 'Systematic review'!F34="1&7"),5))))) -> 2 | F18: =IF('Systematic review'!J34=3, "NL", "L") -> L | G18: =IF('Systematic review'!P34=1,1,(IF('Systematic review'!Q34=1,2,IF('Systematic review'!R34=1,3,IF('Systematic review'!V34=1,4,IF('Systematic review'!W34=1,5,IF('Systematic review'!X34=1,6,"No Data"))))))) -> 2 | H18: =IF('Systematic review'!AD34=1,1,IF(AND(OR('Systematic review'!AG34=1,'Systematic review'!AH34=1,'Systematic review'!AI34=1),'Systematic review'!AM34=1),2,IF(AND(OR('Systematic review'!AE34=1,'Systematic review'!AF34=1,'Systematic review'!AJ34=1,'Systematic review'!AK34=1,'Systematic review'!AL34=1),'Systematic review'!AM34=1),3, IF(AND(OR('Systematic review'!AG34=1,'Systematic review'!AH34=1,'Systematic review'!AI34=1),OR('Systematic review'!AN34=1, 'Systematic review'!AO34=1,'Systematic review'!AP34=1)),4, IF(AND(OR('Systematic review'!AE34=1,'Systematic review'!AF34=1,'Systematic review'!AJ34=1,'Systematic review'!AK34=1,'Systematic review'!AL34=1), OR('Systematic review'!AN34=1, 'Systematic review'!AO34=1,'Systematic review'!AP34=1)),5,IF(AND('Systematic review'!AC34=1,'Systematic review'!AE34=0,'Systematic review'!AF34=0,'Systematic review'!AG34=0,'Systematic review'!AH34=0,'Systematic review'!AI34=0,'Systematic review'!AJ34=0,'Systematic review'!AK34=0,'Systematic review'!AL34=0),6,"PB")))))) -> 5 | I18: =IF(AND('Systematic review'!AQ34=1,'Systematic review'!AR34=0,'Systematic review'!AS34=0,'Systematic review'!AT34=0),1,IF(AND('Systematic review'!AQ34=0,'Systematic review'!AR34=1,'Systematic review'!AS34=0,'Systematic review'!AT34=0),2,IF(AND('Systematic review'!AQ34=0,'Systematic review'!AR34=0,'Systematic review'!AS34=1,'Systematic review'!AT34=0),3,IF(AND('Systematic review'!AQ34=0,'Systematic review'!AR34=0,'Systematic review'!AS34=0,'Systematic review'!AT34=1),4,IF(AND('Systematic review'!AQ34=1,'Systematic review'!AR34=1,'Systematic review'!AS34=0,'Systematic review'!AT34=0),5,IF(AND('Systematic review'!AQ34=1,'Systematic review'!AR34=0,'Systematic review'!AS34=1,'Systematic review'!AT34=0),6,IF(AND('Systematic review'!AQ34=1,'Systematic review'!AR34=0,'Systematic review'!AS34=0,'Systematic review'!AT34=1),7,IF(AND('Systematic review'!AQ34=0,'Systematic review'!AR34=1,'Systematic review'!AS34=1,'Systematic review'!AT34=0),8,IF(AND('Systematic review'!AQ34=0,'Systematic review'!AR34=1,'Systematic review'!AS34=0,'Systematic review'!AT34=1),9,IF(AND('Systematic review'!AQ34=0,'Systematic review'!AR34=0,'Systematic review'!AS34=1,'Systematic review'!AT34=1),10,IF(AND('Systematic review'!AQ34=1,'Systematic review'!AR34=1,'Systematic review'!AS34=1,'Systematic review'!AT34=0),11, IF(AND('Systematic review'!AQ34=1,'Systematic review'!AR34=0,'Systematic review'!AS34=1,'Systematic review'!AT34=1),12, IF(AND('Systematic review'!AQ34=1,'Systematic review'!AR34=1,'Systematic review'!AS34=0,'Systematic review'!AT34=1),13,IF(AND('Systematic review'!AQ34=0,'Systematic review'!AR34=1,'Systematic review'!AS34=1,'Systematic review'!AT34=1),14,IF(AND('Systematic review'!AQ34=1,'Systematic review'!AR34=1,'Systematic review'!AS34=1,'Systematic review'!AT34=1),15,0))))))))))))))) -> 0 | L18: 0
A19: ='Systematic review'!A35 -> 0 | B19: ='Systematic review'!C35 -> 0 | C19: ='Systematic review'!D35 -> 1979 | D19: ='Systematic review'!E35 -> Smith | E19: =IF('Systematic review'!F35=6,1,IF('Systematic review'!F35=1,2,IF('Systematic review'!F35=2,3,IF('Systematic review'!F35=7,4, IF(OR('Systematic review'!F35="1 to 7",'Systematic review'!F35="2 to 7", 'Systematic review'!F35="1& 7", 'Systematic review'!F35="1&7"),5))))) -> 3 | F19: =IF('Systematic review'!J35=3, "NL", "L") -> NL | G19: =IF('Systematic review'!P35=1,1,(IF('Systematic review'!Q35=1,2,IF('Systematic review'!R35=1,3,IF('Systematic review'!V35=1,4,IF('Systematic review'!W35=1,5,IF('Systematic review'!X35=1,6,"No Data"))))))) -> 1 | H19: =IF('Systematic review'!AD35=1,1,IF(AND(OR('Systematic review'!AG35=1,'Systematic review'!AH35=1,'Systematic review'!AI35=1),'Systematic review'!AM35=1),2,IF(AND(OR('Systematic review'!AE35=1,'Systematic review'!AF35=1,'Systematic review'!AJ35=1,'Systematic review'!AK35=1,'Systematic review'!AL35=1),'Systematic review'!AM35=1),3, IF(AND(OR('Systematic review'!AG35=1,'Systematic review'!AH35=1,'Systematic review'!AI35=1),OR('Systematic review'!AN35=1, 'Systematic review'!AO35=1,'Systematic review'!AP35=1)),4, IF(AND(OR('Systematic review'!AE35=1,'Systematic review'!AF35=1,'Systematic review'!AJ35=1,'Systematic review'!AK35=1,'Systematic review'!AL35=1), OR('Systematic review'!AN35=1, 'Systematic review'!AO35=1,'Systematic review'!AP35=1)),5,IF(AND('Systematic review'!AC35=1,'Systematic review'!AE35=0,'Systematic review'!AF35=0,'Systematic review'!AG35=0,'Systematic review'!AH35=0,'Systematic review'!AI35=0,'Systematic review'!AJ35=0,'Systematic review'!AK35=0,'Systematic review'!AL35=0),6,"PB")))))) -> 1 | I19: =IF(AND('Systematic review'!AQ35=1,'Systematic review'!AR35=0,'Systematic review'!AS35=0,'Systematic review'!AT35=0),1,IF(AND('Systematic review'!AQ35=0,'Systematic review'!AR35=1,'Systematic review'!AS35=0,'Systematic review'!AT35=0),2,IF(AND('Systematic review'!AQ35=0,'Systematic review'!AR35=0,'Systematic review'!AS35=1,'Systematic review'!AT35=0),3,IF(AND('Systematic review'!AQ35=0,'Systematic review'!AR35=0,'Systematic review'!AS35=0,'Systematic review'!AT35=1),4,IF(AND('Systematic review'!AQ35=1,'Systematic review'!AR35=1,'Systematic review'!AS35=0,'Systematic review'!AT35=0),5,IF(AND('Systematic review'!AQ35=1,'Systematic review'!AR35=0,'Systematic review'!AS35=1,'Systematic review'!AT35=0),6,IF(AND('Systematic review'!AQ35=1,'Systematic review'!AR35=0,'Systematic review'!AS35=0,'Systematic review'!AT35=1),7,IF(AND('Systematic review'!AQ35=0,'Systematic review'!AR35=1,'Systematic review'!AS35=1,'Systematic review'!AT35=0),8,IF(AND('Systematic review'!AQ35=0,'Systematic review'!AR35=1,'Systematic review'!AS35=0,'Systematic review'!AT35=1),9,IF(AND('Systematic review'!AQ35=0,'Systematic review'!AR35=0,'Systematic review'!AS35=1,'Systematic review'!AT35=1),10,IF(AND('Systematic review'!AQ35=1,'Systematic review'!AR35=1,'Systematic review'!AS35=1,'Systematic review'!AT35=0),11, IF(AND('Systematic review'!AQ35=1,'Systematic review'!AR35=0,'Systematic review'!AS35=1,'Systematic review'!AT35=1),12, IF(AND('Systematic review'!AQ35=1,'Systematic review'!AR35=1,'Systematic review'!AS35=0,'Systematic review'!AT35=1),13,IF(AND('Systematic review'!AQ35=0,'Systematic review'!AR35=1,'Systematic review'!AS35=1,'Systematic review'!AT35=1),14,IF(AND('Systematic review'!AQ35=1,'Systematic review'!AR35=1,'Systematic review'!AS35=1,'Systematic review'!AT35=1),15,0))))))))))))))) -> 0 | L19: 0
A20: ='Systematic review'!A37 -> 0 | B20: ='Systematic review'!C37 -> 0 | C20: ='Systematic review'!D37 -> 1981 | D20: ='Systematic review'!E37 -> Bolin | E20: =IF('Systematic review'!F37=6,1,IF('Systematic review'!F37=1,2,IF('Systematic review'!F37=2,3,IF('Systematic review'!F37=7,4, IF(OR('Systematic review'!F37="1 to 7",'Systematic review'!F37="2 to 7", 'Systematic review'!F37="1& 7", 'Systematic review'!F37="1&7"),5))))) -> 4 | F20: =IF('Systematic review'!J37=3, "NL", "L") -> L | G20: =IF('Systematic review'!P37=1,1,(IF('Systematic review'!Q37=1,2,IF('Systematic review'!R37=1,3,IF('Systematic review'!V37=1,4,IF('Systematic review'!W37=1,5,IF('Systematic review'!X37=1,6,"No Data"))))))) -> 1 | H20: =IF('Systematic review'!AD37=1,1,IF(AND(OR('Systematic review'!AG37=1,'Systematic review'!AH37=1,'Systematic review'!AI37=1),'Systematic review'!AM37=1),2,IF(AND(OR('Systematic review'!AE37=1,'Systematic review'!AF37=1,'Systematic review'!AJ37=1,'Systematic review'!AK37=1,'Systematic review'!AL37=1),'Systematic review'!AM37=1),3, IF(AND(OR('Systematic review'!AG37=1,'Systematic review'!AH37=1,'Systematic review'!AI37=1),OR('Systematic review'!AN37=1, 'Systematic review'!AO37=1,'Systematic review'!AP37=1)),4, IF(AND(OR('Systematic review'!AE37=1,'Systematic review'!AF37=1,'Systematic review'!AJ37=1,'Systematic review'!AK37=1,'Systematic review'!AL37=1), OR('Systematic review'!AN37=1, 'Systematic review'!AO37=1,'Systematic review'!AP37=1)),5,IF(AND('Systematic review'!AC37=1,'Systematic review'!AE37=0,'Systematic review'!AF37=0,'Systematic review'!AG37=0,'Systematic review'!AH37=0,'Systematic review'!AI37=0,'Systematic review'!AJ37=0,'Systematic review'!AK37=0,'Systematic review'!AL37=0),6,"PB")))))) -> 1 | I20: =IF(AND('Systematic review'!AQ37=1,'Systematic review'!AR37=0,'Systematic review'!AS37=0,'Systematic review'!AT37=0),1,IF(AND('Systematic review'!AQ37=0,'Systematic review'!AR37=1,'Systematic review'!AS37=0,'Systematic review'!AT37=0),2,IF(AND('Systematic review'!AQ37=0,'Systematic review'!AR37=0,'Systematic review'!AS37=1,'Systematic review'!AT37=0),3,IF(AND('Systematic review'!AQ37=0,'Systematic review'!AR37=0,'Systematic review'!AS37=0,'Systematic review'!AT37=1),4,IF(AND('Systematic review'!AQ37=1,'Systematic review'!AR37=1,'Systematic review'!AS37=0,'Systematic review'!AT37=0),5,IF(AND('Systematic review'!AQ37=1,'Systematic review'!AR37=0,'Systematic review'!AS37=1,'Systematic review'!AT37=0),6,IF(AND('Systematic review'!AQ37=1,'Systematic review'!AR37=0,'Systematic review'!AS37=0,'Systematic review'!AT37=1),7,IF(AND('Systematic review'!AQ37=0,'Systematic review'!AR37=1,'Systematic review'!AS37=1,'Systematic review'!AT37=0),8,IF(AND('Systematic review'!AQ37=0,'Systematic review'!AR37=1,'Systematic review'!AS37=0,'Systematic review'!AT37=1),9,IF(AND('Systematic review'!AQ37=0,'Systematic review'!AR37=0,'Systematic review'!AS37=1,'Systematic review'!AT37=1),10,IF(AND('Systematic review'!AQ37=1,'Systematic review'!AR37=1,'Systematic review'!AS37=1,'Systematic review'!AT37=0),11, IF(AND('Systematic review'!AQ37=1,'Systematic review'!AR37=0,'Systematic review'!AS37=1,'Systematic review'!AT37=1),12, IF(AND('Systematic review'!AQ37=1,'Systematic review'!AR37=1,'Systematic review'!AS37=0,'Systematic review'!AT37=1),13,IF(AND('Systematic review'!AQ37=0,'Systematic review'!AR37=1,'Systematic review'!AS37=1,'Systematic review'!AT37=1),14,IF(AND('Systematic review'!AQ37=1,'Systematic review'!AR37=1,'Systematic review'!AS37=1,'Systematic review'!AT37=1),15,0))))))))))))))) -> 0 | L20: 0
A21: ='Systematic review'!A38 -> 0 | B21: ='Systematic review'!C38 -> 0 | C21: ='Systematic review'!D38 -> 1981 | D21: ='Systematic review'!E38 -> Carpenter | E21: =IF('Systematic review'!F38=6,1,IF('Systematic review'!F38=1,2,IF('Systematic review'!F38=2,3,IF('Systematic review'!F38=7,4, IF(OR('Systematic review'!F38="1 to 7",'Systematic review'!F38="2 to 7", 'Systematic review'!F38="1& 7", 'Systematic review'!F38="1&7"),5))))) -> 2 | F21: =IF('Systematic review'!J38=3, "NL", "L") -> L | G21: =IF('Systematic review'!P38=1,1,(IF('Systematic review'!Q38=1,2,IF('Systematic review'!R38=1,3,IF('Systematic review'!V38=1,4,IF('Systematic review'!W38=1,5,IF('Systematic review'!X38=1,6,"No Data"))))))) -> 6 | H21: =IF('Systematic review'!AD38=1,1,IF(AND(OR('Systematic review'!AG38=1,'Systematic review'!AH38=1,'Systematic review'!AI38=1),'Systematic review'!AM38=1),2,IF(AND(OR('Systematic review'!AE38=1,'Systematic review'!AF38=1,'Systematic review'!AJ38=1,'Systematic review'!AK38=1,'Systematic review'!AL38=1),'Systematic review'!AM38=1),3, IF(AND(OR('Systematic review'!AG38=1,'Systematic review'!AH38=1,'Systematic review'!AI38=1),OR('Systematic review'!AN38=1, 'Systematic review'!AO38=1,'Systematic review'!AP38=1)),4, IF(AND(OR('Systematic review'!AE38=1,'Systematic review'!AF38=1,'Systematic review'!AJ38=1,'Systematic review'!AK38=1,'Systematic review'!AL38=1), OR('Systematic review'!AN38=1, 'Systematic review'!AO38=1,'Systematic review'!AP38=1)),5,IF(AND('Systematic review'!AC38=1,'Systematic review'!AE38=0,'Systematic review'!AF38=0,'Systematic review'!AG38=0,'Systematic review'!AH38=0,'Systematic review'!AI38=0,'Systematic review'!AJ38=0,'Systematic review'!AK38=0,'Systematic review'!AL38=0),6,"PB")))))) -> 4 | I21: =IF(AND('Systematic review'!AQ38=1,'Systematic review'!AR38=0,'Systematic review'!AS38=0,'Systematic review'!AT38=0),1,IF(AND('Systematic review'!AQ38=0,'Systematic review'!AR38=1,'Systematic review'!AS38=0,'Systematic review'!AT38=0),2,IF(AND('Systematic review'!AQ38=0,'Systematic review'!AR38=0,'Systematic review'!AS38=1,'Systematic review'!AT38=0),3,IF(AND('Systematic review'!AQ38=0,'Systematic review'!AR38=0,'Systematic review'!AS38=0,'Systematic review'!AT38=1),4,IF(AND('Systematic review'!AQ38=1,'Systematic review'!AR38=1,'Systematic review'!AS38=0,'Systematic review'!AT38=0),5,IF(AND('Systematic review'!AQ38=1,'Systematic review'!AR38=0,'Systematic review'!AS38=1,'Systematic review'!AT38=0),6,IF(AND('Systematic review'!AQ38=1,'Systematic review'!AR38=0,'Systematic review'!AS38=0,'Systematic review'!AT38=1),7,IF(AND('Systematic review'!AQ38=0,'Systematic review'!AR38=1,'Systematic review'!AS38=1,'Systematic review'!AT38=0),8,IF(AND('Systematic review'!AQ38=0,'Systematic review'!AR38=1,'Systematic review'!AS38=0,'Systematic review'!AT38=1),9,IF(AND('Systematic review'!AQ38=0,'Systematic review'!AR38=0,'Systematic review'!AS38=1,'Systematic review'!AT38=1),10,IF(AND('Systematic review'!AQ38=1,'Systematic review'!AR38=1,'Systematic review'!AS38=1,'Systematic review'!AT38=0),11, IF(AND('Systematic review'!AQ38=1,'Systematic review'!AR38=0,'Systematic review'!AS38=1,'Systematic review'!AT38=1),12, IF(AND('Systematic review'!AQ38=1,'Systematic review'!AR38=1,'Systematic review'!AS38=0,'Systematic review'!AT38=1),13,IF(AND('Systematic review'!AQ38=0,'Systematic review'!AR38=1,'Systematic review'!AS38=1,'Systematic review'!AT38=1),14,IF(AND('Systematic review'!AQ38=1,'Systematic review'!AR38=1,'Systematic review'!AS38=1,'Systematic review'!AT38=1),15,0))))))))))))))) -> 1 | L21: 1
A22: ='Systematic review'!A39 -> 0 | B22: ='Systematic review'!C39 -> 0 | C22: ='Systematic review'!D39 -> 1981 | D22: ='Systematic review'!E39 -> Emanuel | E22: =IF('Systematic review'!F39=6,1,IF('Systematic review'!F39=1,2,IF('Systematic review'!F39=2,3,IF('Systematic review'!F39=7,4, IF(OR('Systematic review'!F39="1 to 7",'Systematic review'!F39="2 to 7", 'Systematic review'!F39="1& 7", 'Systematic review'!F39="1&7"),5))))) -> 4 | F22: =IF('Systematic review'!J39=3, "NL", "L") -> L | G22: =IF('Systematic review'!P39=1,1,(IF('Systematic review'!Q39=1,2,IF('Systematic review'!R39=1,3,IF('Systematic review'!V39=1,4,IF('Systematic review'!W39=1,5,IF('Systematic review'!X39=1,6,"No Data"))))))) -> 1 | H22: =IF('Systematic review'!AD39=1,1,IF(AND(OR('Systematic review'!AG39=1,'Systematic review'!AH39=1,'Systematic review'!AI39=1),'Systematic review'!AM39=1),2,IF(AND(OR('Systematic review'!AE39=1,'Systematic review'!AF39=1,'Systematic review'!AJ39=1,'Systematic review'!AK39=1,'Systematic review'!AL39=1),'Systematic review'!AM39=1),3, IF(AND(OR('Systematic review'!AG39=1,'Systematic review'!AH39=1,'Systematic review'!AI39=1),OR('Systematic review'!AN39=1, 'Systematic review'!AO39=1,'Systematic review'!AP39=1)),4, IF(AND(OR('Systematic review'!AE39=1,'Systematic review'!AF39=1,'Systematic review'!AJ39=1,'Systematic review'!AK39=1,'Systematic review'!AL39=1), OR('Systematic review'!AN39=1, 'Systematic review'!AO39=1,'Systematic review'!AP39=1)),5,IF(AND('Systematic review'!AC39=1,'Systematic review'!AE39=0,'Systematic review'!AF39=0,'Systematic review'!AG39=0,'Systematic review'!AH39=0,'Systematic review'!AI39=0,'Systematic review'!AJ39=0,'Systematic review'!AK39=0,'Systematic review'!AL39=0),6,"PB")))))) -> 1 | I22: =IF(AND('Systematic review'!AQ39=1,'Systematic review'!AR39=0,'Systematic review'!AS39=0,'Systematic review'!AT39=0),1,IF(AND('Systematic review'!AQ39=0,'Systematic review'!AR39=1,'Systematic review'!AS39=0,'Systematic review'!AT39=0),2,IF(AND('Systematic review'!AQ39=0,'Systematic review'!AR39=0,'Systematic review'!AS39=1,'Systematic review'!AT39=0),3,IF(AND('Systematic review'!AQ39=0,'Systematic review'!AR39=0,'Systematic review'!AS39=0,'Systematic review'!AT39=1),4,IF(AND('Systematic review'!AQ39=1,'Systematic review'!AR39=1,'Systematic review'!AS39=0,'Systematic review'!AT39=0),5,IF(AND('Systematic review'!AQ39=1,'Systematic review'!AR39=0,'Systematic review'!AS39=1,'Systematic review'!AT39=0),6,IF(AND('Systematic review'!AQ39=1,'Systematic review'!AR39=0,'Systematic review'!AS39=0,'Systematic review'!AT39=1),7,IF(AND('Systematic review'!AQ39=0,'Systematic review'!AR39=1,'Systematic review'!AS39=1,'Systematic review'!AT39=0),8,IF(AND('Systematic review'!AQ39=0,'Systematic review'!AR39=1,'Systematic review'!AS39=0,'Systematic review'!AT39=1),9,IF(AND('Systematic review'!AQ39=0,'Systematic review'!AR39=0,'Systematic review'!AS39=1,'Systematic review'!AT39=1),10,IF(AND('Systematic review'!AQ39=1,'Systematic review'!AR39=1,'Systematic review'!AS39=1,'Systematic review'!AT39=0),11, IF(AND('Systematic review'!AQ39=1,'Systematic review'!AR39=0,'Systematic review'!AS39=1,'Systematic review'!AT39=1),12, IF(AND('Systematic review'!AQ39=1,'Systematic review'!AR39=1,'Systematic review'!AS39=0,'Systematic review'!AT39=1),13,IF(AND('Systematic review'!AQ39=0,'Systematic review'!AR39=1,'Systematic review'!AS39=1,'Systematic review'!AT39=1),14,IF(AND('Systematic review'!AQ39=1,'Systematic review'!AR39=1,'Systematic review'!AS39=1,'Systematic review'!AT39=1),15,0))))))))))))))) -> 0 | L22: 0
A23: ='Systematic review'!A40 -> 0 | B23: ='Systematic review'!C40 -> PHOENIX | C23: ='Systematic review'!D40 -> 1981 | D23: ='Systematic review'!E40 -> McGill | E23: =IF('Systematic review'!F40=6,1,IF('Systematic review'!F40=1,2,IF('Systematic review'!F40=2,3,IF('Systematic review'!F40=7,4, IF(OR('Systematic review'!F40="1 to 7",'Systematic review'!F40="2 to 7", 'Systematic review'!F40="1& 7", 'Systematic review'!F40="1&7"),5))))) -> 3 | F23: =IF('Systematic review'!J40=3, "NL", "L") -> NL | G23: =IF('Systematic review'!P40=1,1,(IF('Systematic review'!Q40=1,2,IF('Systematic review'!R40=1,3,IF('Systematic review'!V40=1,4,IF('Systematic review'!W40=1,5,IF('Systematic review'!X40=1,6,"No Data"))))))) -> 5 | H23: =IF('Systematic review'!AD40=1,1,IF(AND(OR('Systematic review'!AG40=1,'Systematic review'!AH40=1,'Systematic review'!AI40=1),'Systematic review'!AM40=1),2,IF(AND(OR('Systematic review'!AE40=1,'Systematic review'!AF40=1,'Systematic review'!AJ40=1,'Systematic review'!AK40=1,'Systematic review'!AL40=1),'Systematic review'!AM40=1),3, IF(AND(OR('Systematic review'!AG40=1,'Systematic review'!AH40=1,'Systematic review'!AI40=1),OR('Systematic review'!AN40=1, 'Systematic review'!AO40=1,'Systematic review'!AP40=1)),4, IF(AND(OR('Systematic review'!AE40=1,'Systematic review'!AF40=1,'Systematic review'!AJ40=1,'Systematic review'!AK40=1,'Systematic review'!AL40=1), OR('Systematic review'!AN40=1, 'Systematic review'!AO40=1,'Systematic review'!AP40=1)),5,IF(AND('Systematic review'!AC40=1,'Systematic review'!AE40=0,'Systematic review'!AF40=0,'Systematic review'!AG40=0,'Systematic review'!AH40=0,'Systematic review'!AI40=0,'Systematic review'!AJ40=0,'Systematic review'!AK40=0,'Systematic review'!AL40=0),6,"PB")))))) -> 3 | I23: =IF(AND('Systematic review'!AQ40=1,'Systematic review'!AR40=0,'Systematic review'!AS40=0,'Systematic review'!AT40=0),1,IF(AND('Systematic review'!AQ40=0,'Systematic review'!AR40=1,'Systematic review'!AS40=0,'Systematic review'!AT40=0),2,IF(AND('Systematic review'!AQ40=0,'Systematic review'!AR40=0,'Systematic review'!AS40=1,'Systematic review'!AT40=0),3,IF(AND('Systematic review'!AQ40=0,'Systematic review'!AR40=0,'Systematic review'!AS40=0,'Systematic review'!AT40=1),4,IF(AND('Systematic review'!AQ40=1,'Systematic review'!AR40=1,'Systematic review'!AS40=0,'Systematic review'!AT40=0),5,IF(AND('Systematic review'!AQ40=1,'Systematic review'!AR40=0,'Systematic review'!AS40=1,'Systematic review'!AT40=0),6,IF(AND('Systematic review'!AQ40=1,'Systematic review'!AR40=0,'Systematic review'!AS40=0,'Systematic review'!AT40=1),7,IF(AND('Systematic review'!AQ40=0,'Systematic review'!AR40=1,'Systematic review'!AS40=1,'Systematic review'!AT40=0),8,IF(AND('Systematic review'!AQ40=0,'Systematic review'!AR40=1,'Systematic review'!AS40=0,'Systematic review'!AT40=1),9,IF(AND('Systematic review'!AQ40=0,'Systematic review'!AR40=0,'Systematic review'!AS40=1,'Systematic review'!AT40=1),10,IF(AND('Systematic review'!AQ40=1,'Systematic review'!AR40=1,'Systematic review'!AS40=1,'Systematic review'!AT40=0),11, IF(AND('Systematic review'!AQ40=1,'Systematic review'!AR40=0,'Systematic review'!AS40=1,'Systematic review'!AT40=1),12, IF(AND('Systematic review'!AQ40=1,'Systematic review'!AR40=1,'Systematic review'!AS40=0,'Systematic review'!AT40=1),13,IF(AND('Systematic review'!AQ40=0,'Systematic review'!AR40=1,'Systematic review'!AS40=1,'Systematic review'!AT40=1),14,IF(AND('Systematic review'!AQ40=1,'Systematic review'!AR40=1,'Systematic review'!AS40=1,'Systematic review'!AT40=1),15,0))))))))))))))) -> 2 | L23: 2
A24: ='Systematic review'!A41 -> 0 | B24: ='Systematic review'!C41 -> PAPRAN | C24: ='Systematic review'!D41 -> 1981 | D24: ='Systematic review'!E41 -> Seligman and van Keulen | E24: =IF('Systematic review'!F41=6,1,IF('Systematic review'!F41=1,2,IF('Systematic review'!F41=2,3,IF('Systematic review'!F41=7,4, IF(OR('Systematic review'!F41="1 to 7",'Systematic review'!F41="2 to 7", 'Systematic review'!F41="1& 7", 'Systematic review'!F41="1&7"),5))))) -> 3 | F24: =IF('Systematic review'!J41=3, "NL", "L") -> NL | G24: =IF('Systematic review'!P41=1,1,(IF('Systematic review'!Q41=1,2,IF('Systematic review'!R41=1,3,IF('Systematic review'!V41=1,4,IF('Systematic review'!W41=1,5,IF('Systematic review'!X41=1,6,"No Data"))))))) -> 5 | H24: =IF('Systematic review'!AD41=1,1,IF(AND(OR('Systematic review'!AG41=1,'Systematic review'!AH41=1,'Systematic review'!AI41=1),'Systematic review'!AM41=1),2,IF(AND(OR('Systematic review'!AE41=1,'Systematic review'!AF41=1,'Systematic review'!AJ41=1,'Systematic review'!AK41=1,'Systematic review'!AL41=1),'Systematic review'!AM41=1),3, IF(AND(OR('Systematic review'!AG41=1,'Systematic review'!AH41=1,'Systematic review'!AI41=1),OR('Systematic review'!AN41=1, 'Systematic review'!AO41=1,'Systematic review'!AP41=1)),4, IF(AND(OR('Systematic review'!AE41=1,'Systematic review'!AF41=1,'Systematic review'!AJ41=1,'Systematic review'!AK41=1,'Systematic review'!AL41=1), OR('Systematic review'!AN41=1, 'Systematic review'!AO41=1,'Systematic review'!AP41=1)),5,IF(AND('Systematic review'!AC41=1,'Systematic review'!AE41=0,'Systematic review'!AF41=0,'Systematic review'!AG41=0,'Systematic review'!AH41=0,'Systematic review'!AI41=0,'Systematic review'!AJ41=0,'Systematic review'!AK41=0,'Systematic review'!AL41=0),6,"PB")))))) -> 6 | I24: =IF(AND('Systematic review'!AQ41=1,'Systematic review'!AR41=0,'Systematic review'!AS41=0,'Systematic review'!AT41=0),1,IF(AND('Systematic review'!AQ41=0,'Systematic review'!AR41=1,'Systematic review'!AS41=0,'Systematic review'!AT41=0),2,IF(AND('Systematic review'!AQ41=0,'Systematic review'!AR41=0,'Systematic review'!AS41=1,'Systematic review'!AT41=0),3,IF(AND('Systematic review'!AQ41=0,'Systematic review'!AR41=0,'Systematic review'!AS41=0,'Systematic review'!AT41=1),4,IF(AND('Systematic review'!AQ41=1,'Systematic review'!AR41=1,'Systematic review'!AS41=0,'Systematic review'!AT41=0),5,IF(AND('Systematic review'!AQ41=1,'Systematic review'!AR41=0,'Systematic review'!AS41=1,'Systematic review'!AT41=0),6,IF(AND('Systematic review'!AQ41=1,'Systematic review'!AR41=0,'Systematic review'!AS41=0,'Systematic review'!AT41=1),7,IF(AND('Systematic review'!AQ41=0,'Systematic review'!AR41=1,'Systematic review'!AS41=1,'Systematic review'!AT41=0),8,IF(AND('Systematic review'!AQ41=0,'Systematic review'!AR41=1,'Systematic review'!AS41=0,'Systematic review'!AT41=1),9,IF(AND('Systematic review'!AQ41=0,'Systematic review'!AR41=0,'Systematic review'!AS41=1,'Systematic review'!AT41=1),10,IF(AND('Systematic review'!AQ41=1,'Systematic review'!AR41=1,'Systematic review'!AS41=1,'Systematic review'!AT41=0),11, IF(AND('Systematic review'!AQ41=1,'Systematic review'!AR41=0,'Systematic review'!AS41=1,'Systematic review'!AT41=1),12, IF(AND('Systematic review'!AQ41=1,'Systematic review'!AR41=1,'Systematic review'!AS41=0,'Systematic review'!AT41=1),13,IF(AND('Systematic review'!AQ41=0,'Systematic review'!AR41=1,'Systematic review'!AS41=1,'Systematic review'!AT41=1),14,IF(AND('Systematic review'!AQ41=1,'Systematic review'!AR41=1,'Systematic review'!AS41=1,'Systematic review'!AT41=1),15,0))))))))))))))) -> 2 | L24: 2
A25: ='Systematic review'!A42 -> 0 | B25: ='Systematic review'!C42 -> 0 | C25: ='Systematic review'!D42 -> 1981 | D25: ='Systematic review'!E42 -> Svirezhev | E25: =IF('Systematic review'!F42=6,1,IF('Systematic review'!F42=1,2,IF('Systematic review'!F42=2,3,IF('Systematic review'!F42=7,4, IF(OR('Systematic review'!F42="1 to 7",'Systematic review'!F42="2 to 7", 'Systematic review'!F42="1& 7", 'Systematic review'!F42="1&7"),5))))) -> 4 | F25: =IF('Systematic review'!J42=3, "NL", "L") -> L | G25: =IF('Systematic review'!P42=1,1,(IF('Systematic review'!Q42=1,2,IF('Systematic review'!R42=1,3,IF('Systematic review'!V42=1,4,IF('Systematic review'!W42=1,5,IF('Systematic review'!X42=1,6,"No Data"))))))) -> 1 | H25: =IF('Systematic review'!AD42=1,1,IF(AND(OR('Systematic review'!AG42=1,'Systematic review'!AH42=1,'Systematic review'!AI42=1),'Systematic review'!AM42=1),2,IF(AND(OR('Systematic review'!AE42=1,'Systematic review'!AF42=1,'Systematic review'!AJ42=1,'Systematic review'!AK42=1,'Systematic review'!AL42=1),'Systematic review'!AM42=1),3, IF(AND(OR('Systematic review'!AG42=1,'Systematic review'!AH42=1,'Systematic review'!AI42=1),OR('Systematic review'!AN42=1, 'Systematic review'!AO42=1,'Systematic review'!AP42=1)),4, IF(AND(OR('Systematic review'!AE42=1,'Systematic review'!AF42=1,'Systematic review'!AJ42=1,'Systematic review'!AK42=1,'Systematic review'!AL42=1), OR('Systematic review'!AN42=1, 'Systematic review'!AO42=1,'Systematic review'!AP42=1)),5,IF(AND('Systematic review'!AC42=1,'Systematic review'!AE42=0,'Systematic review'!AF42=0,'Systematic review'!AG42=0,'Systematic review'!AH42=0,'Systematic review'!AI42=0,'Systematic review'!AJ42=0,'Systematic review'!AK42=0,'Systematic review'!AL42=0),6,"PB")))))) -> 1 | I25: =IF(AND('Systematic review'!AQ42=1,'Systematic review'!AR42=0,'Systematic review'!AS42=0,'Systematic review'!AT42=0),1,IF(AND('Systematic review'!AQ42=0,'Systematic review'!AR42=1,'Systematic review'!AS42=0,'Systematic review'!AT42=0),2,IF(AND('Systematic review'!AQ42=0,'Systematic review'!AR42=0,'Systematic review'!AS42=1,'Systematic review'!AT42=0),3,IF(AND('Systematic review'!AQ42=0,'Systematic review'!AR42=0,'Systematic review'!AS42=0,'Systematic review'!AT42=1),4,IF(AND('Systematic review'!AQ42=1,'Systematic review'!AR42=1,'Systematic review'!AS42=0,'Systematic review'!AT42=0),5,IF(AND('Systematic review'!AQ42=1,'Systematic review'!AR42=0,'Systematic review'!AS42=1,'Systematic review'!AT42=0),6,IF(AND('Systematic review'!AQ42=1,'Systematic review'!AR42=0,'Systematic review'!AS42=0,'Systematic review'!AT42=1),7,IF(AND('Systematic review'!AQ42=0,'Systematic review'!AR42=1,'Systematic review'!AS42=1,'Systematic review'!AT42=0),8,IF(AND('Systematic review'!AQ42=0,'Systematic review'!AR42=1,'Systematic review'!AS42=0,'Systematic review'!AT42=1),9,IF(AND('Systematic review'!AQ42=0,'Systematic review'!AR42=0,'Systematic review'!AS42=1,'Systematic review'!AT42=1),10,IF(AND('Systematic review'!AQ42=1,'Systematic review'!AR42=1,'Systematic review'!AS42=1,'Systematic review'!AT42=0),11, IF(AND('Systematic review'!AQ42=1,'Systematic review'!AR42=0,'Systematic review'!AS42=1,'Systematic review'!AT42=1),12, IF(AND('Systematic review'!AQ42=1,'Systematic review'!AR42=1,'Systematic review'!AS42=0,'Systematic review'!AT42=1),13,IF(AND('Systematic review'!AQ42=0,'Systematic review'!AR42=1,'Systematic review'!AS42=1,'Systematic review'!AT42=1),14,IF(AND('Systematic review'!AQ42=1,'Systematic review'!AR42=1,'Systematic review'!AS42=1,'Systematic review'!AT42=1),15,0))))))))))))))) -> 0 | L25: 0
A26: ='Systematic review'!A43 -> 0 | B26: ='Systematic review'!C43 -> 0 | C26: ='Systematic review'!D43 -> 1981 | D26: ='Systematic review'!E43 -> Van Veen and Paul | E26: =IF('Systematic review'!F43=6,1,IF('Systematic review'!F43=1,2,IF('Systematic review'!F43=2,3,IF('Systematic review'!F43=7,4, IF(OR('Systematic review'!F43="1 to 7",'Systematic review'!F43="2 to 7", 'Systematic review'!F43="1& 7", 'Systematic review'!F43="1&7"),5))))) -> 2 | F26: =IF('Systematic review'!J43=3, "NL", "L") -> L | G26: =IF('Systematic review'!P43=1,1,(IF('Systematic review'!Q43=1,2,IF('Systematic review'!R43=1,3,IF('Systematic review'!V43=1,4,IF('Systematic review'!W43=1,5,IF('Systematic review'!X43=1,6,"No Data"))))))) -> 1 | H26: =IF('Systematic review'!AD43=1,1,IF(AND(OR('Systematic review'!AG43=1,'Systematic review'!AH43=1,'Systematic review'!AI43=1),'Systematic review'!AM43=1),2,IF(AND(OR('Systematic review'!AE43=1,'Systematic review'!AF43=1,'Systematic review'!AJ43=1,'Systematic review'!AK43=1,'Systematic review'!AL43=1),'Systematic review'!AM43=1),3, IF(AND(OR('Systematic review'!AG43=1,'Systematic review'!AH43=1,'Systematic review'!AI43=1),OR('Systematic review'!AN43=1, 'Systematic review'!AO43=1,'Systematic review'!AP43=1)),4, IF(AND(OR('Systematic review'!AE43=1,'Systematic review'!AF43=1,'Systematic review'!AJ43=1,'Systematic review'!AK43=1,'Systematic review'!AL43=1), OR('Systematic review'!AN43=1, 'Systematic review'!AO43=1,'Systematic review'!AP43=1)),5,IF(AND('Systematic review'!AC43=1,'Systematic review'!AE43=0,'Systematic review'!AF43=0,'Systematic review'!AG43=0,'Systematic review'!AH43=0,'Systematic review'!AI43=0,'Systematic review'!AJ43=0,'Systematic review'!AK43=0,'Systematic review'!AL43=0),6,"PB")))))) -> 4 | I26: =IF(AND('Systematic review'!AQ43=1,'Systematic review'!AR43=0,'Systematic review'!AS43=0,'Systematic review'!AT43=0),1,IF(AND('Systematic review'!AQ43=0,'Systematic review'!AR43=1,'Systematic review'!AS43=0,'Systematic review'!AT43=0),2,IF(AND('Systematic review'!AQ43=0,'Systematic review'!AR43=0,'Systematic review'!AS43=1,'Systematic review'!AT43=0),3,IF(AND('Systematic review'!AQ43=0,'Systematic review'!AR43=0,'Systematic review'!AS43=0,'Systematic review'!AT43=1),4,IF(AND('Systematic review'!AQ43=1,'Systematic review'!AR43=1,'Systematic review'!AS43=0,'Systematic review'!AT43=0),5,IF(AND('Systematic review'!AQ43=1,'Systematic review'!AR43=0,'Systematic review'!AS43=1,'Systematic review'!AT43=0),6,IF(AND('Systematic review'!AQ43=1,'Systematic review'!AR43=0,'Systematic review'!AS43=0,'Systematic review'!AT43=1),7,IF(AND('Systematic review'!AQ43=0,'Systematic review'!AR43=1,'Systematic review'!AS43=1,'Systematic review'!AT43=0),8,IF(AND('Systematic review'!AQ43=0,'Systematic review'!AR43=1,'Systematic review'!AS43=0,'Systematic review'!AT43=1),9,IF(AND('Systematic review'!AQ43=0,'Systematic review'!AR43=0,'Systematic review'!AS43=1,'Systematic review'!AT43=1),10,IF(AND('Systematic review'!AQ43=1,'Systematic review'!AR43=1,'Systematic review'!AS43=1,'Systematic review'!AT43=0),11, IF(AND('Systematic review'!AQ43=1,'Systematic review'!AR43=0,'Systematic review'!AS43=1,'Systematic review'!AT43=1),12, IF(AND('Systematic review'!AQ43=1,'Systematic review'!AR43=1,'Systematic review'!AS43=0,'Systematic review'!AT43=1),13,IF(AND('Systematic review'!AQ43=0,'Systematic review'!AR43=1,'Systematic review'!AS43=1,'Systematic review'!AT43=1),14,IF(AND('Systematic review'!AQ43=1,'Systematic review'!AR43=1,'Systematic review'!AS43=1,'Systematic review'!AT43=1),15,0))))))))))))))) -> 1 | L26: 1
A27: ='Systematic review'!A44 -> 0 | B27: ='Systematic review'!C44 -> 0 | C27: ='Systematic review'!D44 -> 1981 | D27: ='Systematic review'!E44 -> Van Veen and Paul | E27: =IF('Systematic review'!F44=6,1,IF('Systematic review'!F44=1,2,IF('Systematic review'!F44=2,3,IF('Systematic review'!F44=7,4, IF(OR('Systematic review'!F44="1 to 7",'Systematic review'!F44="2 to 7", 'Systematic review'!F44="1& 7", 'Systematic review'!F44="1&7"),5))))) -> 2 | F27: =IF('Systematic review'!J44=3, "NL", "L") -> L | G27: =IF('Systematic review'!P44=1,1,(IF('Systematic review'!Q44=1,2,IF('Systematic review'!R44=1,3,IF('Systematic review'!V44=1,4,IF('Systematic review'!W44=1,5,IF('Systematic review'!X44=1,6,"No Data"))))))) -> 1 | H27: =IF('Systematic review'!AD44=1,1,IF(AND(OR('Systematic review'!AG44=1,'Systematic review'!AH44=1,'Systematic review'!AI44=1),'Systematic review'!AM44=1),2,IF(AND(OR('Systematic review'!AE44=1,'Systematic review'!AF44=1,'Systematic review'!AJ44=1,'Systematic review'!AK44=1,'Systematic review'!AL44=1),'Systematic review'!AM44=1),3, IF(AND(OR('Systematic review'!AG44=1,'Systematic review'!AH44=1,'Systematic review'!AI44=1),OR('Systematic review'!AN44=1, 'Systematic review'!AO44=1,'Systematic review'!AP44=1)),4, IF(AND(OR('Systematic review'!AE44=1,'Systematic review'!AF44=1,'Systematic review'!AJ44=1,'Systematic review'!AK44=1,'Systematic review'!AL44=1), OR('Systematic review'!AN44=1, 'Systematic review'!AO44=1,'Systematic review'!AP44=1)),5,IF(AND('Systematic review'!AC44=1,'Systematic review'!AE44=0,'Systematic review'!AF44=0,'Systematic review'!AG44=0,'Systematic review'!AH44=0,'Systematic review'!AI44=0,'Systematic review'!AJ44=0,'Systematic review'!AK44=0,'Systematic review'!AL44=0),6,"PB")))))) -> 1 | I27: =IF(AND('Systematic review'!AQ44=1,'Systematic review'!AR44=0,'Systematic review'!AS44=0,'Systematic review'!AT44=0),1,IF(AND('Systematic review'!AQ44=0,'Systematic review'!AR44=1,'Systematic review'!AS44=0,'Systematic review'!AT44=0),2,IF(AND('Systematic review'!AQ44=0,'Systematic review'!AR44=0,'Systematic review'!AS44=1,'Systematic review'!AT44=0),3,IF(AND('Systematic review'!AQ44=0,'Systematic review'!AR44=0,'Systematic review'!AS44=0,'Systematic review'!AT44=1),4,IF(AND('Systematic review'!AQ44=1,'Systematic review'!AR44=1,'Systematic review'!AS44=0,'Systematic review'!AT44=0),5,IF(AND('Systematic review'!AQ44=1,'Systematic review'!AR44=0,'Systematic review'!AS44=1,'Systematic review'!AT44=0),6,IF(AND('Systematic review'!AQ44=1,'Systematic review'!AR44=0,'Systematic review'!AS44=0,'Systematic review'!AT44=1),7,IF(AND('Systematic review'!AQ44=0,'Systematic review'!AR44=1,'Systematic review'!AS44=1,'Systematic review'!AT44=0),8,IF(AND('Systematic review'!AQ44=0,'Systematic review'!AR44=1,'Systematic review'!AS44=0,'Systematic review'!AT44=1),9,IF(AND('Systematic review'!AQ44=0,'Systematic review'!AR44=0,'Systematic review'!AS44=1,'Systematic review'!AT44=1),10,IF(AND('Systematic review'!AQ44=1,'Systematic review'!AR44=1,'Systematic review'!AS44=1,'Systematic review'!AT44=0),11, IF(AND('Systematic review'!AQ44=1,'Systematic review'!AR44=0,'Systematic review'!AS44=1,'Systematic review'!AT44=1),12, IF(AND('Systematic review'!AQ44=1,'Systematic review'!AR44=1,'Systematic review'!AS44=0,'Systematic review'!AT44=1),13,IF(AND('Systematic review'!AQ44=0,'Systematic review'!AR44=1,'Systematic review'!AS44=1,'Systematic review'!AT44=1),14,IF(AND('Systematic review'!AQ44=1,'Systematic review'!AR44=1,'Systematic review'!AS44=1,'Systematic review'!AT44=1),15,0))))))))))))))) -> 0 | L27: 0
A28: ='Systematic review'!A45 -> 0 | B28: ='Systematic review'!C45 -> 0 | C28: ='Systematic review'!D45 -> 1983 | D28: ='Systematic review'!E45 -> Knapp | E28: =IF('Systematic review'!F45=6,1,IF('Systematic review'!F45=1,2,IF('Systematic review'!F45=2,3,IF('Systematic review'!F45=7,4, IF(OR('Systematic review'!F45="1 to 7",'Systematic review'!F45="2 to 7", 'Systematic review'!F45="1& 7", 'Systematic review'!F45="1&7"),5))))) -> 2 | F28: =IF('Systematic review'!J45=3, "NL", "L") -> NL | G28: =IF('Systematic review'!P45=1,1,(IF('Systematic review'!Q45=1,2,IF('Systematic review'!R45=1,3,IF('Systematic review'!V45=1,4,IF('Systematic review'!W45=1,5,IF('Systematic review'!X45=1,6,"No Data"))))))) -> 1 | H28: =IF('Systematic review'!AD45=1,1,IF(AND(OR('Systematic review'!AG45=1,'Systematic review'!AH45=1,'Systematic review'!AI45=1),'Systematic review'!AM45=1),2,IF(AND(OR('Systematic review'!AE45=1,'Systematic review'!AF45=1,'Systematic review'!AJ45=1,'Systematic review'!AK45=1,'Systematic review'!AL45=1),'Systematic review'!AM45=1),3, IF(AND(OR('Systematic review'!AG45=1,'Systematic review'!AH45=1,'Systematic review'!AI45=1),OR('Systematic review'!AN45=1, 'Systematic review'!AO45=1,'Systematic review'!AP45=1)),4, IF(AND(OR('Systematic review'!AE45=1,'Systematic review'!AF45=1,'Systematic review'!AJ45=1,'Systematic review'!AK45=1,'Systematic review'!AL45=1), OR('Systematic review'!AN45=1, 'Systematic review'!AO45=1,'Systematic review'!AP45=1)),5,IF(AND('Systematic review'!AC45=1,'Systematic review'!AE45=0,'Systematic review'!AF45=0,'Systematic review'!AG45=0,'Systematic review'!AH45=0,'Systematic review'!AI45=0,'Systematic review'!AJ45=0,'Systematic review'!AK45=0,'Systematic review'!AL45=0),6,"PB")))))) -> 4 | I28: =IF(AND('Systematic review'!AQ45=1,'Systematic review'!AR45=0,'Systematic review'!AS45=0,'Systematic review'!AT45=0),1,IF(AND('Systematic review'!AQ45=0,'Systematic review'!AR45=1,'Systematic review'!AS45=0,'Systematic review'!AT45=0),2,IF(AND('Systematic review'!AQ45=0,'Systematic review'!AR45=0,'Systematic review'!AS45=1,'Systematic review'!AT45=0),3,IF(AND('Systematic review'!AQ45=0,'Systematic review'!AR45=0,'Systematic review'!AS45=0,'Systematic review'!AT45=1),4,IF(AND('Systematic review'!AQ45=1,'Systematic review'!AR45=1,'Systematic review'!AS45=0,'Systematic review'!AT45=0),5,IF(AND('Systematic review'!AQ45=1,'Systematic review'!AR45=0,'Systematic review'!AS45=1,'Systematic review'!AT45=0),6,IF(AND('Systematic review'!AQ45=1,'Systematic review'!AR45=0,'Systematic review'!AS45=0,'Systematic review'!AT45=1),7,IF(AND('Systematic review'!AQ45=0,'Systematic review'!AR45=1,'Systematic review'!AS45=1,'Systematic review'!AT45=0),8,IF(AND('Systematic review'!AQ45=0,'Systematic review'!AR45=1,'Systematic review'!AS45=0,'Systematic review'!AT45=1),9,IF(AND('Systematic review'!AQ45=0,'Systematic review'!AR45=0,'Systematic review'!AS45=1,'Systematic review'!AT45=1),10,IF(AND('Systematic review'!AQ45=1,'Systematic review'!AR45=1,'Systematic review'!AS45=1,'Systematic review'!AT45=0),11, IF(AND('Systematic review'!AQ45=1,'Systematic review'!AR45=0,'Systematic review'!AS45=1,'Systematic review'!AT45=1),12, IF(AND('Systematic review'!AQ45=1,'Systematic review'!AR45=1,'Systematic review'!AS45=0,'Systematic review'!AT45=1),13,IF(AND('Systematic review'!AQ45=0,'Systematic review'!AR45=1,'Systematic review'!AS45=1,'Systematic review'!AT45=1),14,IF(AND('Systematic review'!AQ45=1,'Systematic review'!AR45=1,'Systematic review'!AS45=1,'Systematic review'!AT45=1),15,0))))))))))))))) -> 1 | L28: 1
A29: ='Systematic review'!A46 -> 0 | B29: ='Systematic review'!C46 -> NCSOIL | C29: ='Systematic review'!D46 -> 1983 | D29: ='Systematic review'!E46 -> Molina | E29: =IF('Systematic review'!F46=6,1,IF('Systematic review'!F46=1,2,IF('Systematic review'!F46=2,3,IF('Systematic review'!F46=7,4, IF(OR('Systematic review'!F46="1 to 7",'Systematic review'!F46="2 to 7", 'Systematic review'!F46="1& 7", 'Systematic review'!F46="1&7"),5))))) -> 2 | F29: =IF('Systematic review'!J46=3, "NL", "L") -> L | G29: =IF('Systematic review'!P46=1,1,(IF('Systematic review'!Q46=1,2,IF('Systematic review'!R46=1,3,IF('Systematic review'!V46=1,4,IF('Systematic review'!W46=1,5,IF('Systematic review'!X46=1,6,"No Data"))))))) -> 5 | H29: =IF('Systematic review'!AD46=1,1,IF(AND(OR('Systematic review'!AG46=1,'Systematic review'!AH46=1,'Systematic review'!AI46=1),'Systematic review'!AM46=1),2,IF(AND(OR('Systematic review'!AE46=1,'Systematic review'!AF46=1,'Systematic review'!AJ46=1,'Systematic review'!AK46=1,'Systematic review'!AL46=1),'Systematic review'!AM46=1),3, IF(AND(OR('Systematic review'!AG46=1,'Systematic review'!AH46=1,'Systematic review'!AI46=1),OR('Systematic review'!AN46=1, 'Systematic review'!AO46=1,'Systematic review'!AP46=1)),4, IF(AND(OR('Systematic review'!AE46=1,'Systematic review'!AF46=1,'Systematic review'!AJ46=1,'Systematic review'!AK46=1,'Systematic review'!AL46=1), OR('Systematic review'!AN46=1, 'Systematic review'!AO46=1,'Systematic review'!AP46=1)),5,IF(AND('Systematic review'!AC46=1,'Systematic review'!AE46=0,'Systematic review'!AF46=0,'Systematic review'!AG46=0,'Systematic review'!AH46=0,'Systematic review'!AI46=0,'Systematic review'!AJ46=0,'Systematic review'!AK46=0,'Systematic review'!AL46=0),6,"PB")))))) -> 4 | I29: =IF(AND('Systematic review'!AQ46=1,'Systematic review'!AR46=0,'Systematic review'!AS46=0,'Systematic review'!AT46=0),1,IF(AND('Systematic review'!AQ46=0,'Systematic review'!AR46=1,'Systematic review'!AS46=0,'Systematic review'!AT46=0),2,IF(AND('Systematic review'!AQ46=0,'Systematic review'!AR46=0,'Systematic review'!AS46=1,'Systematic review'!AT46=0),3,IF(AND('Systematic review'!AQ46=0,'Systematic review'!AR46=0,'Systematic review'!AS46=0,'Systematic review'!AT46=1),4,IF(AND('Systematic review'!AQ46=1,'Systematic review'!AR46=1,'Systematic review'!AS46=0,'Systematic review'!AT46=0),5,IF(AND('Systematic review'!AQ46=1,'Systematic review'!AR46=0,'Systematic review'!AS46=1,'Systematic review'!AT46=0),6,IF(AND('Systematic review'!AQ46=1,'Systematic review'!AR46=0,'Systematic review'!AS46=0,'Systematic review'!AT46=1),7,IF(AND('Systematic review'!AQ46=0,'Systematic review'!AR46=1,'Systematic review'!AS46=1,'Systematic review'!AT46=0),8,IF(AND('Systematic review'!AQ46=0,'Systematic review'!AR46=1,'Systematic review'!AS46=0,'Systematic review'!AT46=1),9,IF(AND('Systematic review'!AQ46=0,'Systematic review'!AR46=0,'Systematic review'!AS46=1,'Systematic review'!AT46=1),10,IF(AND('Systematic review'!AQ46=1,'Systematic review'!AR46=1,'Systematic review'!AS46=1,'Systematic review'!AT46=0),11, IF(AND('Systematic review'!AQ46=1,'Systematic review'!AR46=0,'Systematic review'!AS46=1,'Systematic review'!AT46=1),12, IF(AND('Systematic review'!AQ46=1,'Systematic review'!AR46=1,'Systematic review'!AS46=0,'Systematic review'!AT46=1),13,IF(AND('Systematic review'!AQ46=0,'Systematic review'!AR46=1,'Systematic review'!AS46=1,'Systematic review'!AT46=1),14,IF(AND('Systematic review'!AQ46=1,'Systematic review'!AR46=1,'Systematic review'!AS46=1,'Systematic review'!AT46=1),15,0))))))))))))))) -> 1 | L29: 1
A30: ='Systematic review'!A47 -> 0 | B30: ='Systematic review'!C47 -> 0 | C30: ='Systematic review'!D47 -> 1984 | D30: ='Systematic review'!E47 -> Bosatta and Berendse | E30: =IF('Systematic review'!F47=6,1,IF('Systematic review'!F47=1,2,IF('Systematic review'!F47=2,3,IF('Systematic review'!F47=7,4, IF(OR('Systematic review'!F47="1 to 7",'Systematic review'!F47="2 to 7", 'Systematic review'!F47="1& 7", 'Systematic review'!F47="1&7"),5))))) -> 2 | F30: =IF('Systematic review'!J47=3, "NL", "L") -> NL | G30: =IF('Systematic review'!P47=1,1,(IF('Systematic review'!Q47=1,2,IF('Systematic review'!R47=1,3,IF('Systematic review'!V47=1,4,IF('Systematic review'!W47=1,5,IF('Systematic review'!X47=1,6,"No Data"))))))) -> 1 | H30: =IF('Systematic review'!AD47=1,1,IF(AND(OR('Systematic review'!AG47=1,'Systematic review'!AH47=1,'Systematic review'!AI47=1),'Systematic review'!AM47=1),2,IF(AND(OR('Systematic review'!AE47=1,'Systematic review'!AF47=1,'Systematic review'!AJ47=1,'Systematic review'!AK47=1,'Systematic review'!AL47=1),'Systematic review'!AM47=1),3, IF(AND(OR('Systematic review'!AG47=1,'Systematic review'!AH47=1,'Systematic review'!AI47=1),OR('Systematic review'!AN47=1, 'Systematic review'!AO47=1,'Systematic review'!AP47=1)),4, IF(AND(OR('Systematic review'!AE47=1,'Systematic review'!AF47=1,'Systematic review'!AJ47=1,'Systematic review'!AK47=1,'Systematic review'!AL47=1), OR('Systematic review'!AN47=1, 'Systematic review'!AO47=1,'Systematic review'!AP47=1)),5,IF(AND('Systematic review'!AC47=1,'Systematic review'!AE47=0,'Systematic review'!AF47=0,'Systematic review'!AG47=0,'Systematic review'!AH47=0,'Systematic review'!AI47=0,'Systematic review'!AJ47=0,'Systematic review'!AK47=0,'Systematic review'!AL47=0),6,"PB")))))) -> 1 | I30: =IF(AND('Systematic review'!AQ47=1,'Systematic review'!AR47=0,'Systematic review'!AS47=0,'Systematic review'!AT47=0),1,IF(AND('Systematic review'!AQ47=0,'Systematic review'!AR47=1,'Systematic review'!AS47=0,'Systematic review'!AT47=0),2,IF(AND('Systematic review'!AQ47=0,'Systematic review'!AR47=0,'Systematic review'!AS47=1,'Systematic review'!AT47=0),3,IF(AND('Systematic review'!AQ47=0,'Systematic review'!AR47=0,'Systematic review'!AS47=0,'Systematic review'!AT47=1),4,IF(AND('Systematic review'!AQ47=1,'Systematic review'!AR47=1,'Systematic review'!AS47=0,'Systematic review'!AT47=0),5,IF(AND('Systematic review'!AQ47=1,'Systematic review'!AR47=0,'Systematic review'!AS47=1,'Systematic review'!AT47=0),6,IF(AND('Systematic review'!AQ47=1,'Systematic review'!AR47=0,'Systematic review'!AS47=0,'Systematic review'!AT47=1),7,IF(AND('Systematic review'!AQ47=0,'Systematic review'!AR47=1,'Systematic review'!AS47=1,'Systematic review'!AT47=0),8,IF(AND('Systematic review'!AQ47=0,'Systematic review'!AR47=1,'Systematic review'!AS47=0,'Systematic review'!AT47=1),9,IF(AND('Systematic review'!AQ47=0,'Systematic review'!AR47=0,'Systematic review'!AS47=1,'Systematic review'!AT47=1),10,IF(AND('Systematic review'!AQ47=1,'Systematic review'!AR47=1,'Systematic review'!AS47=1,'Systematic review'!AT47=0),11, IF(AND('Systematic review'!AQ47=1,'Systematic review'!AR47=0,'Systematic review'!AS47=1,'Systematic review'!AT47=1),12, IF(AND('Systematic review'!AQ47=1,'Systematic review'!AR47=1,'Systematic review'!AS47=0,'Systematic review'!AT47=1),13,IF(AND('Systematic review'!AQ47=0,'Systematic review'!AR47=1,'Systematic review'!AS47=1,'Systematic review'!AT47=1),14,IF(AND('Systematic review'!AQ47=1,'Systematic review'!AR47=1,'Systematic review'!AS47=1,'Systematic review'!AT47=1),15,0))))))))))))))) -> 0 | L30: 0
A31: ='Systematic review'!A48 -> 0 | B31: ='Systematic review'!C48 -> 0 | C31: ='Systematic review'!D48 -> 1984 | D31: ='Systematic review'!E48 -> Van Veen | E31: =IF('Systematic review'!F48=6,1,IF('Systematic review'!F48=1,2,IF('Systematic review'!F48=2,3,IF('Systematic review'!F48=7,4, IF(OR('Systematic review'!F48="1 to 7",'Systematic review'!F48="2 to 7", 'Systematic review'!F48="1& 7", 'Systematic review'!F48="1&7"),5))))) -> 2 | F31: =IF('Systematic review'!J48=3, "NL", "L") -> L | G31: =IF('Systematic review'!P48=1,1,(IF('Systematic review'!Q48=1,2,IF('Systematic review'!R48=1,3,IF('Systematic review'!V48=1,4,IF('Systematic review'!W48=1,5,IF('Systematic review'!X48=1,6,"No Data"))))))) -> 1 | H31: =IF('Systematic review'!AD48=1,1,IF(AND(OR('Systematic review'!AG48=1,'Systematic review'!AH48=1,'Systematic review'!AI48=1),'Systematic review'!AM48=1),2,IF(AND(OR('Systematic review'!AE48=1,'Systematic review'!AF48=1,'Systematic review'!AJ48=1,'Systematic review'!AK48=1,'Systematic review'!AL48=1),'Systematic review'!AM48=1),3, IF(AND(OR('Systematic review'!AG48=1,'Systematic review'!AH48=1,'Systematic review'!AI48=1),OR('Systematic review'!AN48=1, 'Systematic review'!AO48=1,'Systematic review'!AP48=1)),4, IF(AND(OR('Systematic review'!AE48=1,'Systematic review'!AF48=1,'Systematic review'!AJ48=1,'Systematic review'!AK48=1,'Systematic review'!AL48=1), OR('Systematic review'!AN48=1, 'Systematic review'!AO48=1,'Systematic review'!AP48=1)),5,IF(AND('Systematic review'!AC48=1,'Systematic review'!AE48=0,'Systematic review'!AF48=0,'Systematic review'!AG48=0,'Systematic review'!AH48=0,'Systematic review'!AI48=0,'Systematic review'!AJ48=0,'Systematic review'!AK48=0,'Systematic review'!AL48=0),6,"PB")))))) -> 4 | I31: =IF(AND('Systematic review'!AQ48=1,'Systematic review'!AR48=0,'Systematic review'!AS48=0,'Systematic review'!AT48=0),1,IF(AND('Systematic review'!AQ48=0,'Systematic review'!AR48=1,'Systematic review'!AS48=0,'Systematic review'!AT48=0),2,IF(AND('Systematic review'!AQ48=0,'Systematic review'!AR48=0,'Systematic review'!AS48=1,'Systematic review'!AT48=0),3,IF(AND('Systematic review'!AQ48=0,'Systematic review'!AR48=0,'Systematic review'!AS48=0,'Systematic review'!AT48=1),4,IF(AND('Systematic review'!AQ48=1,'Systematic review'!AR48=1,'Systematic review'!AS48=0,'Systematic review'!AT48=0),5,IF(AND('Systematic review'!AQ48=1,'Systematic review'!AR48=0,'Systematic review'!AS48=1,'Systematic review'!AT48=0),6,IF(AND('Systematic review'!AQ48=1,'Systematic review'!AR48=0,'Systematic review'!AS48=0,'Systematic review'!AT48=1),7,IF(AND('Systematic review'!AQ48=0,'Systematic review'!AR48=1,'Systematic review'!AS48=1,'Systematic review'!AT48=0),8,IF(AND('Systematic review'!AQ48=0,'Systematic review'!AR48=1,'Systematic review'!AS48=0,'Systematic review'!AT48=1),9,IF(AND('Systematic review'!AQ48=0,'Systematic review'!AR48=0,'Systematic review'!AS48=1,'Systematic review'!AT48=1),10,IF(AND('Systematic review'!AQ48=1,'Systematic review'!AR48=1,'Systematic review'!AS48=1,'Systematic review'!AT48=0),11, IF(AND('Systematic review'!AQ48=1,'Systematic review'!AR48=0,'Systematic review'!AS48=1,'Systematic review'!AT48=1),12, IF(AND('Systematic review'!AQ48=1,'Systematic review'!AR48=1,'Systematic review'!AS48=0,'Systematic review'!AT48=1),13,IF(AND('Systematic review'!AQ48=0,'Systematic review'!AR48=1,'Systematic review'!AS48=1,'Systematic review'!AT48=1),14,IF(AND('Systematic review'!AQ48=1,'Systematic review'!AR48=1,'Systematic review'!AS48=1,'Systematic review'!AT48=1),15,0))))))))))))))) -> 1 | L31: 1
